Workbook

Sheet тит
P2: Приложение
P3: к приказу Министерства энергетики России
P4: от «24» марта 2010 г. № 114
A15: ОТЧЕТ ГП ВО "Областные электротеплосети"
A17: об исполнении инвестиционной программы
A20: за 2015 г.
A24: Наименование, реквизиты решения об установлении цен (тарифов): приказ Региональной энергетической комиссии "Об установлении единых (котловых) тарифов на услуги по передаче электрической энергии по электрическим сетям на территории Вологодской области на 2015 год от 26.12.2014 № 996
A25: Наименование, дата утверждения инвестиционной программы, сведения о внесении изменений и внесенных изменениях в инвестиционную программу: Инвестиционная программа ГП ВО "Областные электротеплосети" на 2015-2019 гг.
A87: _______________________________________________________
A88: 1 Решение об установлении цен (тарифов), при принятии которого в состав необходимой валовой выручки указанного субъекта контроля (надзора) включены расходы, запланированные на финансирование инвестиционных проектов (отдельных мероприятий), предусмотренных инвестиционной программой.
A89: 2 Нарастающим итогом за год.
A90: 3 В соответствии с утвержденной инвестиционной программой.
A91: 4 В ценах отчетного года.
A92: 5 При государственном регулировании цен (тарифов) с применением метода обеспечения доходности инвестированного капитала.

Sheet 7.1 без НДС 3 кв
A2: Отчет об исполнении инвестиционной программы, млн. рублей без НДС (представляется ежеквартально)
D8: ='[1]7.1 с НДС '!D13/1.18 -> 134.9665 | E8: ='[1]7.1 с НДС '!E13/1.18 -> 50.937449 | F8: ='[1]7.1 с НДС '!F13/1.18 -> 24.2795 | G8: ='[1]7.1 с НДС '!G13/1.18 -> 26.030573 | H8: ='[1]7.1 с НДС '!H13/1.18 -> 41.15075 | I8: ='[1]7.1 с НДС '!I13/1.18 -> 22.876877 | J8: ='[1]7.1 с НДС '!J13/1.18 -> 40.72075 | K8: ='[1]7.1 с НДС '!K13/1.18 -> 2.03 | ... S8: ='[1]7.1 с НДС '!S13/1.18 -> -38.69075
A9: № | B9: Наименование объекта | C9: Остаток стоимости на начало года * | D9: Объем финансирования [отчетный год] | N9: Освоено (закрыто актами выполнен- ных работ), млн. рублей | P9: Введено (оформлено актами ввода в эксплуатацию), млн. рублей | R9: Осталось профинанси- ровать по ре- зультатам отчетного периода * | S9: Отклонение *** | W9: Причины отклонений
D10: всего | F10: I кв. | H10: II кв. | J10: III кв. | L10: IV кв. | S10: млн. рублей | T10: % | U10: в том числе за счет
D11: план ** | E11: факт *** | F11: план | G11: факт | H11: план | I11: факт | J11: план | K11: факт | L11: план | M11: факт | N11: всего | O11: за отчетный квартал | P11: всего | Q11: за отчетный квартал | U11: уточнения стоимости по результатам утвержденной ПСД | V11: уточнения стоимости по результатам закупочных процедур
B12: ВСЕГО: | D12: =D13+D98+D103+D104 -> 134.9665 | E12: =E13+E98+E103+E104 -> 50.937449 | F12: =F13+F98+F103+F104 -> 24.2795 | G12: =G13+G98+G103+G104 -> 26.030573 | H12: =H13+H98+H103+H104 -> 41.15075 | I12: =I13+I98+I103+I104 -> 22.876877 | J12: =J13+J98+J103+J104 -> 40.72075 | K12: =K13+K98+K103+K104 -> 2.03 | ... M12: =M13+M98+M103+M104 -> 0 | N12: =E12 -> 50.937449 | O12: =G12 -> 26.030573 | P12: =P13+P98+P103+P104 -> 55.871146 | Q12: =Q13+Q98+Q103+Q104 -> 55.871146 | R12: =D12-G12-I12-K12-M12 -> 84.029051 | S12: =G12-F12 -> 1.7510729 | T12: =IF(F12>0,(G12/F12*100-100),0) -> 7.2121455 | U12: =U13+U98+U103+U104 -> 0 | V12: =V13+V98+V103+V104 -> 0
A13: 1 | B13: Техническое перевооружение и реконструкция | D13: =D14+D15+D37+D70+D86+D92+D93 -> 56.42 | E13: =E14+E15+E37+E70+E86+E92+E93 -> 6.3947706 | F13: =F14+F15+F37+F70+F86+F92+F93 -> 8.3145 | G13: =G14+G15+G37+G70+G86+G92+G93 -> 2.891322 | H13: =H14+H15+H37+H70+H86+H92+H93 -> 17.5525 | I13: =I14+I15+I37+I70+I86+I92+I93 -> 3.5034486 | J13: =J14+J15+J37+J70+J86+J92+J93 -> 17.7025 | K13: =K14+K15+K37+K70+K86+K92+K93 -> 0 | ... M13: =M14+M15+M37+M70+M86+M92+M93 -> 0 | N13: =E13 -> 6.3947706 | O13: =G13 -> 2.891322 | P13: =P14+P15+P37+P70+P86+P92+P93 -> 1.9446586 | Q13: =Q14+Q15+Q37+Q70+Q86+Q92+Q93 -> 1.9446586 | R13: =D13-G13-I13-K13-M13 -> 50.025229 | S13: =G13-F13 -> -5.423178 | T13: =IF(F13>0,(G13/F13*100-100),0) -> -65.225546 | U13: =U14+U15+U37+U70+U86+U92+U93 -> 0 | V13: =V14+V15+V37+V70+V86+V92+V93 -> 0
A14: 1.1. | B14: Проектные работы по перевооружению и реконструкции | D14: 0 | E14: 0 | N14: =E14 -> 0 | O14: =G14 -> 0 | R14: =D14-G14-I14-K14-M14 -> 0 | S14: =G14-F14 -> 0 | T14: =IF(F14>0,(G14/F14*100-100),0) -> 0
A15: 1.2. | B15: Кабельные линии 0,4 кВ. | D15: =SUM(D16:D34) -> 5.51 | E15: =SUM(E16:E34) -> 0.799477 | F15: =SUM(F16:F34) -> 1.162 | G15: =SUM(G16:G34) -> 0.799477 | H15: =SUM(H16:H34) -> 1.87 | I15: =SUM(I16:I34) -> 0 | J15: =SUM(J16:J34) -> 1.87 | K15: =SUM(K16:K34) -> 0 | ... M15: =SUM(M16:M34) -> 0 | N15: =E15 -> 0.799477 | O15: =G15 -> 0.799477 | P15: =SUM(P16:P34) -> 0 | Q15: =SUM(Q16:Q34) -> 0 | R15: =D15-G15-I15-K15-M15 -> 4.710523 | S15: =G15-F15 -> -0.362523 | T15: =IF(F15>0,(G15/F15*100-100),0) -> -31.198193 | U15: =SUM(U16:U34) -> 0 | V15: =SUM(V16:V34) -> 0
B16: =[2]CO3!I26 -> КЛ-0,4 кВ «ТП 185 – ВРУ ж.д. Зосимовская,52» | D16: =[2]CO3!O26/1000 -> 0.268 | E16: =G16+I16+K16+M16 -> 0 | F16: =D16 -> 0.268 | N16: =E16 -> 0 | O16: =G16 -> 0 | R16: =D16-G16-I16-K16-M16 -> 0.268 | S16: =G16-F16 -> -0.268 | T16: =IF(F16>0,(G16/F16*100-100),0) -> -100
B17: =[2]CO3!I27 -> КЛ-0,4 кВ «ТП 185 – ВРУ ж.д. Ветошкина,23» | D17: =[2]CO3!O27/1000 -> 0.268 | E17: =G17+I17+K17+M17 -> 0 | F17: =D17 -> 0.268 | N17: =E17 -> 0 | O17: =G17 -> 0 | R17: =D17-G17-I17-K17-M17 -> 0.268 | S17: =G17-F17 -> -0.268 | T17: =IF(F17>0,(G17/F17*100-100),0) -> -100
B18: =[2]CO3!I28 -> КЛ-0,4 кВ «ТП 445 – ВРУ ж.д. Новгородская,9а» | D18: =[2]CO3!O28/1000 -> 0.179 | E18: =G18+I18+K18+M18 -> 0 | F18: =D18 -> 0.179 | N18: =E18 -> 0 | O18: =G18 -> 0 | R18: =D18-G18-I18-K18-M18 -> 0.179 | S18: =G18-F18 -> -0.179 | T18: =IF(F18>0,(G18/F18*100-100),0) -> -100
B19: =[2]CO3!I29 -> КЛ-0,4 кВ «ТП 445 – ВРУ ж.д. Новгородская,9г» | D19: =[2]CO3!O29/1000 -> 0.447 | E19: =G19+I19+K19+M19 -> 0 | F19: =D19 -> 0.447 | N19: =E19 -> 0 | O19: =G19 -> 0 | R19: =D19-G19-I19-K19-M19 -> 0.447 | S19: =G19-F19 -> -0.447 | T19: =IF(F19>0,(G19/F19*100-100),0) -> -100
B20: =[2]CO3!I30 -> КЛ-0,4 кВ «ТП 445 – ВРУ ж.д. Новгородская,9б» | D20: =[2]CO3!O30/1000 -> 0.492 | E20: =G20+I20+K20+M20 -> 0 | H20: =D20 -> 0.492 | N20: =E20 -> 0 | O20: =G20 -> 0 | R20: =D20-G20-I20-K20-M20 -> 0.492 | S20: =G20-F20 -> 0 | T20: =IF(F20>0,(G20/F20*100-100),0) -> 0
B21: =[2]CO3!I31 -> КЛ-0,4 кВ «ТП 655 – ВРУ шк. Болонина, 32(уч.корпус)» | D21: =[2]CO3!O31/1000 -> 0.447 | E21: =G21+I21+K21+M21 -> 0 | H21: =D21 -> 0.447 | N21: =E21 -> 0 | O21: =G21 -> 0 | R21: =D21-G21-I21-K21-M21 -> 0.447 | S21: =G21-F21 -> 0 | T21: =IF(F21>0,(G21/F21*100-100),0) -> 0
B22: =[2]CO3!I32 -> КЛ-0,4 кВ «ТП 655 – ВРУ шк. Болонина, 32(спорт.корпус)» | D22: =[2]CO3!O32/1000 -> 0.134 | E22: =G22+I22+K22+M22 -> 0 | H22: =D22 -> 0.134 | N22: =E22 -> 0 | O22: =G22 -> 0 | R22: =D22-G22-I22-K22-M22 -> 0.134 | S22: =G22-F22 -> 0 | T22: =IF(F22>0,(G22/F22*100-100),0) -> 0
B23: =[2]CO3!I33 -> КЛ-0,4 кВ «ТП 655 – ВРУ шк. Болонина, 32(спал.корпус)» | D23: =[2]CO3!O33/1000 -> 0.295 | E23: =G23+I23+K23+M23 -> 0 | H23: =D23 -> 0.295 | N23: =E23 -> 0 | O23: =G23 -> 0 | R23: =D23-G23-I23-K23-M23 -> 0.295 | S23: =G23-F23 -> 0 | T23: =IF(F23>0,(G23/F23*100-100),0) -> 0
B24: =[2]CO3!I34 -> КЛ-0,4 кВ «ТП 193 – ВРУ ж.д. Гагарина,53» | D24: =[2]CO3!O34/1000 -> 0.295 | E24: =G24+I24+K24+M24 -> 0 | H24: =D24 -> 0.295 | N24: =E24 -> 0 | O24: =G24 -> 0 | R24: =D24-G24-I24-K24-M24 -> 0.295 | S24: =G24-F24 -> 0 | T24: =IF(F24>0,(G24/F24*100-100),0) -> 0
B25: =[2]CO3!I35 -> КЛ-0,4 кВ «ТП 106 – ВРУ ж.д. Козленская,127» | D25: =[2]CO3!O35/1000 -> 0.671 | E25: =G25+I25+K25+M25 -> 0 | H25: =(D25+(1.87-SUM(D20:D25))) -> 0.207 | J25: =D25-H25 -> 0.464 | N25: =E25 -> 0 | O25: =G25 -> 0 | R25: =D25-G25-I25-K25-M25 -> 0.671 | S25: =G25-F25 -> 0 | T25: =IF(F25>0,(G25/F25*100-100),0) -> 0
B26: =[2]CO3!I36 -> КЛ-0,4 кВ «ТП 367 – ВРУ ж.д. Герцена,94» | D26: =[2]CO3!O36/1000 -> 0.447 | E26: =G26+I26+K26+M26 -> 0 | J26: =D26 -> 0.447 | N26: =E26 -> 0 | O26: =G26 -> 0 | R26: =D26-G26-I26-K26-M26 -> 0.447 | S26: =G26-F26 -> 0 | T26: =IF(F26>0,(G26/F26*100-100),0) -> 0
B27: =[2]CO3!I37 -> КЛ-0,4 кВ «ТП 367 – ВРУ ж.д. Ветошкина,99» | D27: =[2]CO3!O37/1000 -> 0.358 | E27: =G27+I27+K27+M27 -> 0 | J27: =D27 -> 0.358 | N27: =E27 -> 0 | O27: =G27 -> 0 | R27: =D27-G27-I27-K27-M27 -> 0.358 | S27: =G27-F27 -> 0 | T27: =IF(F27>0,(G27/F27*100-100),0) -> 0
B28: =[2]CO3!I38 -> КЛ-0,4 кВ «ТП 533 – DРУ ж.д. 1мкр. ПЗ, 9» | D28: =[2]CO3!O38/1000 -> 0.116 | E28: =G28+I28+K28+M28 -> 0 | J28: =D28 -> 0.116 | N28: =E28 -> 0 | O28: =G28 -> 0 | R28: =D28-G28-I28-K28-M28 -> 0.116 | S28: =G28-F28 -> 0 | T28: =IF(F28>0,(G28/F28*100-100),0) -> 0
B29: =[2]CO3!I39 -> КЛ-0,4 кВ «ТП 533 – ВРУ ж.д. 1мкр. ПЗ, 10» | D29: =[2]CO3!O39/1000 -> 0.179 | E29: =G29+I29+K29+M29 -> 0 | J29: =D29 -> 0.179 | N29: =E29 -> 0 | O29: =G29 -> 0 | R29: =D29-G29-I29-K29-M29 -> 0.179 | S29: =G29-F29 -> 0 | T29: =IF(F29>0,(G29/F29*100-100),0) -> 0
B30: =[2]CO3!I40 -> КЛ-0,4 кВ «ТП 534 – ВРУ ж.д. 1мкр. ПЗ, 21» | D30: =[2]CO3!O40/1000 -> 0.107 | E30: =G30+I30+K30+M30 -> 0 | J30: =D30 -> 0.107 | N30: =E30 -> 0 | O30: =G30 -> 0 | R30: =D30-G30-I30-K30-M30 -> 0.107 | S30: =G30-F30 -> 0 | T30: =IF(F30>0,(G30/F30*100-100),0) -> 0
B31: =[2]CO3!I41 -> КЛ-0,4 кВ «ТП 534 – ВРУ ж.д. 1мкр. ПЗ, 23» | D31: =[2]CO3!O41/1000 -> 0.179 | E31: =G31+I31+K31+M31 -> 0 | J31: =D31 -> 0.179 | N31: =E31 -> 0 | O31: =G31 -> 0 | R31: =D31-G31-I31-K31-M31 -> 0.179 | S31: =G31-F31 -> 0 | T31: =IF(F31>0,(G31/F31*100-100),0) -> 0
B32: =[2]CO3!I42 -> КЛ-0,4 кВ «ТП 427 – ВРУ шк. Поповича, 26а» | D32: =[2]CO3!O42/1000 -> 0.358 | E32: =G32+I32+K32+M32 -> 0 | J32: =D32+(1.87-SUM(J25:J31,D32)) -> 0.02 | L32: =D32-J32 -> 0.338 | N32: =E32 -> 0 | O32: =G32 -> 0 | R32: =D32-G32-I32-K32-M32 -> 0.358 | S32: =G32-F32 -> 0 | T32: =IF(F32>0,(G32/F32*100-100),0) -> 0
B33: =[2]CO3!I43 -> КЛ-0,4 кВ «ТП 422– ВРУ ж/д Советский пр., 131» | D33: =[2]CO3!O43/1000 -> 0.27 | E33: =G33+I33+K33+M33 -> 0 | L33: =D33-J33 -> 0.27 | N33: =E33 -> 0 | O33: =G33 -> 0 | R33: =D33-G33-I33-K33-M33 -> 0.27 | S33: =G33-F33 -> 0 | T33: =IF(F33>0,(G33/F33*100-100),0) -> 0
B34: =[2]CO3!$I$86 -> КЛ 0,4 ТП217-ВРУ здания СТО Козленская | E34: =G34+I34+K34+M34 -> 0.799477 | F34: 0 | G34: =[2]CO3!$P$86/1000 -> 0.799477 | I34: ='[3]08'!$E$399/1000000-G34 -> 0 | L34: =D34-J34 -> 0 | N34: =E34 -> 0.799477 | O34: =G34 -> 0.799477 | P34: =Q34 -> 0 | R34: =D34-G34-I34-K34-M34 -> -0.799477 | S34: =G34-F34 -> 0.799477 | T34: =IF(F34>0,(G34/F34*100-100),0) -> 0
A37: 1.3. | B37: Кабельные линии 6-10 кВ. | D37: =SUM(D38:D65) -> 21.91 | E37: =SUM(E38:E65) -> 1.3919561 | F37: =SUM(F38:F65) -> 2.78 | G37: =SUM(G38:G65) -> 0.43972641 | H37: =SUM(H38:H65) -> 6.51 | I37: =SUM(I38:I65) -> 0.95222964 | J37: =SUM(J38:J65) -> 6.51 | K37: =SUM(K38:K65) -> 0 | ... Q37: =SUM(Q38:Q65) -> 0 | R37: =D37-G37-I37-K37-M37 -> 20.518044 | S37: =G37-F37 -> -2.3402736 | T37: =IF(F37>0,(G37/F37*100-100),0) -> -84.182503 | U37: =SUM(U38:U62) -> 0 | V37: =SUM(V38:V62) -> 0 | W37: =SUM(W38:W62) -> 0
B38: =[2]CO3!I44 -> КЛ-6 кВ «ТП 13 – ТП149» | D38: =[2]CO3!O44/1000 -> 1.051 | E38: =G38+I38+K38+M38 -> 0 | F38: =D38 -> 1.051 | N38: =E38 -> 0 | O38: =G38 -> 0 | R38: =D38-G38-I38-K38-M38 -> 1.051 | S38: =G38-F38 -> -1.051 | T38: =IF(F38>0,(G38/F38*100-100),0) -> -100
B39: =[2]CO3!I45 -> КЛ-6 кВ «ТП 22 – ТП303» | D39: =[2]CO3!O45/1000 -> 0.421 | E39: =G39+I39+K39+M39 -> 0 | F39: =D39 -> 0.421 | N39: =E39 -> 0 | O39: =G39 -> 0 | R39: =D39-G39-I39-K39-M39 -> 0.421 | S39: =G39-F39 -> -0.421 | T39: =IF(F39>0,(G39/F39*100-100),0) -> -100
B40: =[2]CO3!I46 -> КЛ-6 кВ «ТП 27 – ТП63» | D40: =[2]CO3!O46/1000 -> 0.421 | E40: =G40+I40+K40+M40 -> 0 | F40: =D40 -> 0.421 | N40: =E40 -> 0 | O40: =G40 -> 0 | R40: =D40-G40-I40-K40-M40 -> 0.421 | S40: =G40-F40 -> -0.421 | T40: =IF(F40>0,(G40/F40*100-100),0) -> -100
B41: =[2]CO3!I47 -> КЛ-6 кВ «ТП 32 – ТП2» | D41: =[2]CO3!O47/1000 -> 1.051 | E41: =G41+I41+K41+M41 -> 0 | F41: =2.78+(D41-SUM(D38:D41)) -> 0.887 | H41: =D41-F41 -> 0.164 | N41: =E41 -> 0 | O41: =G41 -> 0 | R41: =D41-G41-I41-K41-M41 -> 1.051 | S41: =G41-F41 -> -0.887 | T41: =IF(F41>0,(G41/F41*100-100),0) -> -100
B42: =[2]CO3!I48 -> КЛ-6 кВ «ТП 35 – ТП193» | D42: =[2]CO3!O48/1000 -> 1.135 | E42: =G42+I42+K42+M42 -> 0 | H42: =D42 -> 1.135 | N42: =E42 -> 0 | O42: =G42 -> 0 | R42: =D42-G42-I42-K42-M42 -> 1.135 | S42: =G42-F42 -> 0 | T42: =IF(F42>0,(G42/F42*100-100),0) -> 0
B43: =[2]CO3!I49 -> КЛ-6 кВ «ТП 56 – ТП258» | D43: =[2]CO3!O49/1000 -> 0.505 | E43: =G43+I43+K43+M43 -> 0 | H43: =D43 -> 0.505 | N43: =E43 -> 0 | O43: =G43 -> 0 | R43: =D43-G43-I43-K43-M43 -> 0.505 | S43: =G43-F43 -> 0 | T43: =IF(F43>0,(G43/F43*100-100),0) -> 0
B44: =[2]CO3!I50 -> КЛ-6 кВ «ТП 60 – ТП121» | D44: =[2]CO3!O50/1000 -> 0.673 | E44: =G44+I44+K44+M44 -> 0 | H44: =D44 -> 0.673 | N44: =E44 -> 0 | O44: =G44 -> 0 | R44: =D44-G44-I44-K44-M44 -> 0.673 | S44: =G44-F44 -> 0 | T44: =IF(F44>0,(G44/F44*100-100),0) -> 0
B45: =[2]CO3!I51 -> КЛ-6 кВ «ТП 69 – ТП309» | D45: =[2]CO3!O51/1000 -> 0.484 | E45: =G45+I45+K45+M45 -> 0 | H45: =D45 -> 0.484 | N45: =E45 -> 0 | O45: =G45 -> 0 | R45: =D45-G45-I45-K45-M45 -> 0.484 | S45: =G45-F45 -> 0 | T45: =IF(F45>0,(G45/F45*100-100),0) -> 0
B46: =[2]CO3!I52 -> КЛ-6 кВ «ТП 110 – ТП113» | D46: =[2]CO3!O52/1000 -> 0.589 | E46: =G46+I46+K46+M46 -> 0 | H46: =D46 -> 0.589 | N46: =E46 -> 0 | O46: =G46 -> 0 | R46: =D46-G46-I46-K46-M46 -> 0.589 | S46: =G46-F46 -> 0 | T46: =IF(F46>0,(G46/F46*100-100),0) -> 0
B47: =[2]CO3!I53 -> КЛ-6 кВ «ТП 121 – ТП153» | D47: =[2]CO3!O53/1000 -> 0.631 | E47: =G47+I47+K47+M47 -> 0 | H47: =D47 -> 0.631 | N47: =E47 -> 0 | O47: =G47 -> 0 | R47: =D47-G47-I47-K47-M47 -> 0.631 | S47: =G47-F47 -> 0 | T47: =IF(F47>0,(G47/F47*100-100),0) -> 0
B48: =[2]CO3!I54 -> КЛ-6 кВ «ТП 131 – ТП188» | D48: =[2]CO3!O54/1000 -> 0.736 | E48: =G48+I48+K48+M48 -> 0 | H48: =D48 -> 0.736 | N48: =E48 -> 0 | O48: =G48 -> 0 | R48: =D48-G48-I48-K48-M48 -> 0.736 | S48: =G48-F48 -> 0 | T48: =IF(F48>0,(G48/F48*100-100),0) -> 0
B49: =[2]CO3!I55 -> КЛ-6 кВ «ТП 171 – ТП 247» | D49: =[2]CO3!O55/1000 -> 1.325 | E49: =G49+I49+K49+M49 -> 0 | H49: =D49 -> 1.325 | N49: =E49 -> 0 | O49: =G49 -> 0 | R49: =D49-G49-I49-K49-M49 -> 1.325 | S49: =G49-F49 -> 0 | T49: =IF(F49>0,(G49/F49*100-100),0) -> 0
B50: =[2]CO3!I56 -> КЛ-6 кВ «ТП 171 – ТП363» | D50: =[2]CO3!O56/1000 -> 0.589 | E50: =G50+I50+K50+M50 -> 0 | H50: =6.51+(D50-SUM(H41:H49,D50)) -> 0.268 | J50: =D50-H50 -> 0.321 | N50: =E50 -> 0 | O50: =G50 -> 0 | R50: =D50-G50-I50-K50-M50 -> 0.589 | S50: =G50-F50 -> 0 | T50: =IF(F50>0,(G50/F50*100-100),0) -> 0
B51: =[2]CO3!I57 -> КЛ-6 кВ «ТП 184 – ТП 211» | D51: =[2]CO3!O57/1000 -> 1.051 | E51: =G51+I51+K51+M51 -> 0 | J51: =D51 -> 1.051 | N51: =E51 -> 0 | O51: =G51 -> 0 | R51: =D51-G51-I51-K51-M51 -> 1.051 | S51: =G51-F51 -> 0 | T51: =IF(F51>0,(G51/F51*100-100),0) -> 0
B52: =[2]CO3!I58 -> КЛ-6 кВ «ТП 232 – РП 9» | D52: =[2]CO3!O58/1000 -> 1.577 | E52: =G52+I52+K52+M52 -> 0 | J52: =D52 -> 1.577 | N52: =E52 -> 0 | O52: =G52 -> 0 | R52: =D52-G52-I52-K52-M52 -> 1.577 | S52: =G52-F52 -> 0 | T52: =IF(F52>0,(G52/F52*100-100),0) -> 0
B53: =[2]CO3!I59 -> КЛ-6 кВ «ТП 368 – ТП411» | D53: =[2]CO3!O59/1000 -> 1.262 | E53: =G53+I53+K53+M53 -> 0 | J53: =D53 -> 1.262 | N53: =E53 -> 0 | O53: =G53 -> 0 | R53: =D53-G53-I53-K53-M53 -> 1.262 | S53: =G53-F53 -> 0 | T53: =IF(F53>0,(G53/F53*100-100),0) -> 0
B54: =[2]CO3!I60 -> КЛ-6 кВ «ТП 23 – ТП 363» | D54: =[2]CO3!O60/1000 -> 0.673 | E54: =G54+I54+K54+M54 -> 0 | J54: =D54 -> 0.673 | N54: =E54 -> 0 | O54: =G54 -> 0 | R54: =D54-G54-I54-K54-M54 -> 0.673 | S54: =G54-F54 -> 0 | T54: =IF(F54>0,(G54/F54*100-100),0) -> 0
B55: =[2]CO3!I61 -> КЛ-6 кВ «ТП 507 – ТП 30» | D55: =[2]CO3!O61/1000 -> 0.694 | E55: =G55+I55+K55+M55 -> 0 | J55: =D55 -> 0.694 | N55: =E55 -> 0 | O55: =G55 -> 0 | R55: =D55-G55-I55-K55-M55 -> 0.694 | S55: =G55-F55 -> 0 | T55: =IF(F55>0,(G55/F55*100-100),0) -> 0
B56: =[2]CO3!I62 -> КЛ-6 кВ «РП 8 – ТП295» | D56: =[2]CO3!O62/1000 -> 1.156 | E56: =G56+I56+K56+M56 -> 0 | J56: =D56+(6.51-SUM(J50:J55,D56)) -> 0.932 | L56: =D56-J56 -> 0.224 | N56: =E56 -> 0 | O56: =G56 -> 0 | R56: =D56-G56-I56-K56-M56 -> 1.156 | S56: =G56-F56 -> 0 | T56: =IF(F56>0,(G56/F56*100-100),0) -> 0
B57: =[2]CO3!I63 -> КЛ-6 кВ «РП 8 – ТП262» | D57: =[2]CO3!O63/1000 -> 1.262 | E57: =G57+I57+K57+M57 -> 0 | L57: =D57 -> 1.262 | N57: =E57 -> 0 | O57: =G57 -> 0 | R57: =D57-G57-I57-K57-M57 -> 1.262 | S57: =G57-F57 -> 0 | T57: =IF(F57>0,(G57/F57*100-100),0) -> 0
B58: =[2]CO3!I64 -> КЛ-6 кВ «РП 13 – ТП388» | D58: =[2]CO3!O64/1000 -> 1.682 | E58: =G58+I58+K58+M58 -> 0 | L58: =D58 -> 1.682 | N58: =E58 -> 0 | O58: =G58 -> 0 | R58: =D58-G58-I58-K58-M58 -> 1.682 | S58: =G58-F58 -> 0 | T58: =IF(F58>0,(G58/F58*100-100),0) -> 0
B59: =[2]CO3!I65 -> КЛ-6 кВ «ТП 34 (СЖД) – ТП\660» | D59: =[2]CO3!O65/1000 -> 2.417 | E59: =G59+I59+K59+M59 -> 0 | L59: =D59 -> 2.417 | N59: =E59 -> 0 | O59: =G59 -> 0 | R59: =D59-G59-I59-K59-M59 -> 2.417 | S59: =G59-F59 -> 0 | T59: =IF(F59>0,(G59/F59*100-100),0) -> 0
B60: =[2]CO3!I66 -> КЛ-6 кВ – ВЛ 6 кВ №35 | D60: =[2]CO3!O66/1000 -> 0.525 | E60: =G60+I60+K60+M60 -> 0 | L60: =D60 -> 0.525 | N60: =E60 -> 0 | O60: =G60 -> 0 | R60: =D60-G60-I60-K60-M60 -> 0.525 | S60: =G60-F60 -> 0 | T60: =IF(F60>0,(G60/F60*100-100),0) -> 0
B61: =[2]CO3!$I$85 -> КЛ 10 кВ "ЛЭП 10 кВ №12 - ТП 502" | D61: 0 | E61: =G61+I61+K61+M61 -> 0.051941 | F61: 0 | G61: =[2]CO3!$P$85/1000 -> 0.051941 | I61: ='[3]08'!$E$380/1000000-G61 -> 0 | N61: =E61 -> 0.051941 | O61: =G61 -> 0.051941 | P61: =Q61 -> 0 | Q61: =[4]TDSheet!$F$314/1000000 -> 0 | R61: =D61-G61-I61-K61-M61 -> -0.051941 | S61: =G61-F61 -> 0.051941 | T61: =IF(F61>0,(G61/F61*100-100),0) -> 0
B62: =[2]CO3!$I$84 -> вынос КЛ 6-10 "ТП833-ТП217" из пятна застройки жилого комплекса, ул.Козленская (Железобетон-12) | D62: 0 | E62: =G62+I62+K62+M62 -> 0.38778541 | F62: 0 | G62: =[2]CO3!$P$84/1000 -> 0.38778541 | I62: ='[3]08'!$E$384/1000000-G62 -> 0 | N62: =E62 -> 0.38778541 | O62: =G62 -> 0.38778541 | P62: =Q62 -> 0 | Q62: =[4]TDSheet!$F$313/1000000 -> 0 | R62: =D62-G62-I62-K62-M62 -> -0.38778541 | S62: =G62-F62 -> 0.38778541 | T62: =IF(F62>0,(G62/F62*100-100),0) -> 0
B63: Реконструкция КЛ-6 кВ направлением РП №9 - ТП №266 | D63: 0 | E63: =G63+I63+K63+M63 -> 0.071593 | I63: ='[3]08'!E381/1000000-G63 -> 0.071593
B64: Реконструкция КЛ-6 кВ направлением ТП-34СЖД - ТП №662 | D64: 0 | E64: =G64+I64+K64+M64 -> 0.105673 | I64: ='[3]08'!E382/1000000-G64 -> 0.105673
B65: ТП32-ТП2 (13.209.010.01.231.1) | D65: 0 | E65: =G65+I65+K65+M65 -> 0.77496364 | I65: ='[3]08'!E383/1000000-G65 -> 0.77496364
A70: 1.4. | B70: Воздушные линии 04 кВ. | D70: =SUM(D71:D82) -> 7.65 | E70: =SUM(E71:E83) -> 0.42857361 | F70: =SUM(F71:F83) -> 0.35 | G70: =SUM(G71:G83) -> 0 | H70: =SUM(H71:H83) -> 2.98 | I70: =SUM(I71:I83) -> 0.42857361 | J70: =SUM(J71:J83) -> 3.02 | K70: =SUM(K71:K83) -> 0 | L70: =SUM(L71:L83) -> 1.3 | ... R70: =SUM(R71:R83) -> 7.65 | S70: =G70-F70 -> -0.35 | T70: =IF(F70>0,(G70/F70*100-100),0) -> -100 | U70: =SUM(U71:U82) -> 0 | V70: =SUM(V71:V82) -> 0 | W70: =SUM(W71:W82) -> 0
B71: =[2]CO3!I67 -> ВЛ-0,4 кВ от ТП-548 (Вологда) | D71: =[2]CO3!O67/1000 -> 1.448 | E71: =G71+I71+K71+M71 -> 0 | F71: 0.35 | H71: =D71-F71 -> 1.098 | N71: =E71 -> 0 | O71: =G71 -> 0 | R71: =D71-G71-I71-K71-M71 -> 1.448 | S71: =G71-F71 -> -0.35 | T71: =IF(F71>0,(G71/F71*100-100),0) -> -100
B72: =[2]CO3!I68 -> ВЛ-0,4 кВ от ТП-549 (Вологда) | D72: =[2]CO3!O68/1000 -> 1.081 | E72: =G72+I72+K72+M72 -> 0 | H72: =D72 -> 1.081 | N72: =E72 -> 0 | O72: =G72 -> 0 | R72: =D72-G72-I72-K72-M72 -> 1.081 | S72: =G72-F72 -> 0 | T72: =IF(F72>0,(G72/F72*100-100),0) -> 0
B73: =[2]CO3!I69 -> ВЛ-0,4 кВ от ТП-598 (Вологда) | D73: =[2]CO3!O69/1000 -> 0.53 | E73: =G73+I73+K73+M73 -> 0 | H73: =D73 -> 0.53 | N73: =E73 -> 0 | O73: =G73 -> 0 | R73: =D73-G73-I73-K73-M73 -> 0.53 | S73: =G73-F73 -> 0 | T73: =IF(F73>0,(G73/F73*100-100),0) -> 0
B74: =[2]CO3!I70 -> ВЛ-0,4 кВ от ТП-34 (Вологда) | D74: =[2]CO3!O70/1000 -> 0.326 | E74: =G74+I74+K74+M74 -> 0 | H74: =2.98+(D74-SUM(H71:H73,D74)) -> 0.271 | J74: =D74-H74 -> 0.055 | N74: =E74 -> 0 | O74: =G74 -> 0 | R74: =D74-G74-I74-K74-M74 -> 0.326 | S74: =G74-F74 -> 0 | T74: =IF(F74>0,(G74/F74*100-100),0) -> 0
B75: =[2]CO3!I71 -> ВЛ-0,4 кВ от ТП-132 (Вологда) | D75: =[2]CO3!O71/1000 -> 0.347 | E75: =G75+I75+K75+M75 -> 0 | J75: =D75 -> 0.347 | N75: =E75 -> 0 | O75: =G75 -> 0 | R75: =D75-G75-I75-K75-M75 -> 0.347 | S75: =G75-F75 -> 0 | T75: =IF(F75>0,(G75/F75*100-100),0) -> 0
B76: =[2]CO3!I72 -> ВЛ-0,4 кВ от ТП-454 (Вологда) | D76: =[2]CO3!O72/1000 -> 0.31 | E76: =G76+I76+K76+M76 -> 0 | J76: =D76 -> 0.31 | N76: =E76 -> 0 | O76: =G76 -> 0 | R76: =D76-G76-I76-K76-M76 -> 0.31 | S76: =G76-F76 -> 0 | T76: =IF(F76>0,(G76/F76*100-100),0) -> 0
B77: =[2]CO3!I73 -> ВЛ-0,4 кВ от ТП-620 (Вологда) | D77: =[2]CO3!O73/1000 -> 0.718 | E77: =G77+I77+K77+M77 -> 0 | J77: =D77 -> 0.718 | N77: =E77 -> 0 | O77: =G77 -> 0 | R77: =D77-G77-I77-K77-M77 -> 0.718 | S77: =G77-F77 -> 0 | T77: =IF(F77>0,(G77/F77*100-100),0) -> 0
B78: =[2]CO3!I74 -> ВЛ-0,4 кВ от ТП-320 (Вологда) | D78: =[2]CO3!O74/1000 -> 0.551 | E78: =G78+I78+K78+M78 -> 0 | J78: =D78 -> 0.551 | N78: =E78 -> 0 | O78: =G78 -> 0 | R78: =D78-G78-I78-K78-M78 -> 0.551 | S78: =G78-F78 -> 0 | T78: =IF(F78>0,(G78/F78*100-100),0) -> 0
B79: =[2]CO3!I75 -> ВЛ-0,4 кВ от ТП-723 (Вологда) | D79: =[2]CO3!O75/1000 -> 0.751 | E79: =G79+I79+K79+M79 -> 0 | J79: =D79 -> 0.751 | N79: =E79 -> 0 | O79: =G79 -> 0 | R79: =D79-G79-I79-K79-M79 -> 0.751 | S79: =G79-F79 -> 0 | T79: =IF(F79>0,(G79/F79*100-100),0) -> 0
B80: =[2]CO3!I76 -> ВЛ-0,4 кВ от ТП-260 (Вологда) | D80: =[2]CO3!O76/1000 -> 0.694 | E80: =G80+I80+K80+M80 -> 0 | J80: =3.02+(D80-SUM(J74:J79,D80)) -> 0.288 | L80: =D80-J80 -> 0.406 | N80: =E80 -> 0 | O80: =G80 -> 0 | R80: =D80-G80-I80-K80-M80 -> 0.694 | S80: =G80-F80 -> 0 | T80: =IF(F80>0,(G80/F80*100-100),0) -> 0
B81: =[2]CO3!I77 -> ВЛ-0,4 кВ от ТП-139 (Вологда) | D81: =[2]CO3!O77/1000 -> 0.604 | E81: =G81+I81+K81+M81 -> 0 | L81: =D81-J81 -> 0.604 | N81: =E81 -> 0 | O81: =G81 -> 0 | R81: =D81-G81-I81-K81-M81 -> 0.604 | S81: =G81-F81 -> 0 | T81: =IF(F81>0,(G81/F81*100-100),0) -> 0
B82: =[2]CO3!I78 -> ВЛ-0,4 кВ от ТП-427 (Вологда) | D82: =[2]CO3!O78/1000 -> 0.29 | E82: =G82+I82+K82+M82 -> 0 | L82: =D82-J82 -> 0.29 | N82: =E82 -> 0 | O82: =G82 -> 0 | R82: =D82-G82-I82-K82-M82 -> 0.29 | S82: =G82-F82 -> 0 | T82: =IF(F82>0,(G82/F82*100-100),0) -> 0
B83: Вынос ВЛ 0,4 кВ от ТП-3 на участке строительства жилого дома, ул.Ольховая, 1-а (ООО СаМат) | D83: 0 | E83: =G83+I83+K83+M83 -> 0.42857361 | I83: ='[3]08'!$E$387/1000000-G83 -> 0.42857361
A86: 1.5. | B86: Воздушные линии 6-10 кВ. | D86: =SUM(D87:D91) -> 5.1 | E86: =SUM(E87:E91) -> 1.3509726 | F86: =SUM(F87:F91) -> 0 | G86: =SUM(G87:G91) -> 1.3429138 | H86: =SUM(H87:H91) -> 2.09 | I86: =SUM(I87:I91) -> 0.0080588 | J86: =SUM(J87:J91) -> 2.28 | K86: =SUM(K87:K91) -> 0 | ... M86: =SUM(M87:M91) -> 0 | N86: =E86 -> 1.3509726 | O86: =G86 -> 1.3429138 | P86: =SUM(P87:P91) -> 0 | Q86: =SUM(Q87:Q91) -> 0 | R86: =D86-G86-I86-K86-M86 -> 3.7490274 | S86: =G86-F86 -> 1.3429138 | T86: =IF(F86>0,(G86/F86*100-100),0) -> 0 | U86: =SUM(U87:U91) -> 0 | V86: =SUM(V87:V91) -> 0 | W86: =SUM(W87:W91) -> 0 | X86: =SUM(X87:X91) -> 0
B87: =[2]CO3!I79 -> ВЛ-10 кВ №1 | D87: =[2]CO3!O79/1000 -> 0.71 | E87: =G87+I87+K87+M87 -> 0 | H87: =D87 -> 0.71 | N87: =E87 -> 0 | O87: =G87 -> 0 | R87: =D87-G87-I87-K87-M87 -> 0.71 | S87: =G87-F87 -> 0 | T87: =IF(F87>0,(G87/F87*100-100),0) -> 0
B88: =[2]CO3!I80 -> ВЛ-6 кВ №34 | D88: =[2]CO3!O80/1000 -> 2.55 | E88: =G88+I88+K88+M88 -> 0 | H88: =2.09-H87 -> 1.38 | J88: =D88-H88 -> 1.17 | N88: =E88 -> 0 | O88: =G88 -> 0 | R88: =D88-G88-I88-K88-M88 -> 2.55 | S88: =G88-F88 -> 0 | T88: =IF(F88>0,(G88/F88*100-100),0) -> 0
B89: =[2]CO3!I81 -> ВЛ-6 кВ №10 | D89: =[2]CO3!O81/1000 -> 1.749 | E89: =G89+I89+K89+M89 -> 0 | J89: =2.28+(D89-SUM(J88,D89)) -> 1.11 | L89: =D89-J89 -> 0.639 | N89: =E89 -> 0 | O89: =G89 -> 0 | R89: =D89-G89-I89-K89-M89 -> 1.749 | S89: =G89-F89 -> 0 | T89: =IF(F89>0,(G89/F89*100-100),0) -> 0
B90: =[2]CO3!I82 -> ВЛ-10 кВ №6 | D90: =[2]CO3!O82/1000 -> 0.091 | E90: =G90+I90+K90+M90 -> 0 | L90: =D90 -> 0.091 | N90: =E90 -> 0 | O90: =G90 -> 0 | R90: =D90-G90-I90-K90-M90 -> 0.091 | S90: =G90-F90 -> 0 | T90: =IF(F90>0,(G90/F90*100-100),0) -> 0
B91: =[2]CO3!$I$83 -> ВЛ 10 кВ ЛЭП №1 (строит.КЛ 10кВ "ТП421-КТП191") | E91: =G91+I91+K91+M91 -> 1.3509726 | F91: 0 | G91: =[2]CO3!$P$83/1000 -> 1.3429138 | I91: ='[3]08'!$E$390/1000000-G91 -> 0.0080588 | N91: =E91 -> 1.3509726 | O91: =G91 -> 1.3429138 | P91: =Q91 -> 0 | Q91: =[4]TDSheet!$F$310/1000000 -> 0 | R91: =D91-G91-I91-K91-M91 -> -1.3509726 | S91: =G91-F91 -> 1.3429138 | T91: =IF(F91>0,(G91/F91*100-100),0) -> 0
A92: 1.6. | B92: ТП, РП, ПС. | D92: 0 | E92: 0.46853786 | F92: 0 | G92: 0 | H92: 0 | I92: 0.46853786 | J92: 0 | K92: 0 | L92: 0 | M92: 0 | N92: 0 | O92: 0 | P92: 0 | Q92: 0 | R92: 0 | S92: 0 | T92: 0
A93: 1.7. | B93: Оборудование, не входящее в сметы строек | D93: =D94+D95+D96 -> 16.25 | E93: =E94+E95+E96 -> 1.9552535 | F93: =F94+F95+F96 -> 4.0225 | G93: =G94+G95+G96 -> 0.30920475 | H93: =H94+H95+H96 -> 4.1025 | I93: =I94+I95+I96 -> 1.6460487 | J93: =J94+J95+J96 -> 4.0225 | K93: =K94+K95+K96 -> 0 | ... M93: =M94+M95+M96 -> 0 | N93: =E93 -> 1.9552535 | O93: =G93 -> 0.30920475 | P93: =P94+P95+P96 -> 1.9446586 | Q93: =Q94+Q95+Q96 -> 1.9446586 | R93: =D93-G93-I93-K93-M93 -> 14.294747 | S93: =G93-F93 -> -3.7132952 | T93: =IF(F93>0,(G93/F93*100-100),0) -> -92.31312 | U93: =U94+U95+U96 -> 0 | V93: =V94+V95+V96 -> 0 | W93: =W94+W95+W96 -> 0
A94: 1.7.1. | B94: Оборудование, инструмент, средства механизации | D94: =[5]Лист2!K17 -> 4.85 | E94: =G94+I94+K94+M94 -> 0.21294169 | F94: =[5]Лист2!I17 -> 1.2125 | G94: =[5]Лист2!J17 -> 0.0943678 | H94: =[6]Р2!$N$29/1000 -> 1.2125 | I94: =[7]Лист2!$J$17-G94 -> 0.11857389 | J94: =[6]Р2!$O$29/1000 -> 1.2125 | L94: =[6]Р2!$P$29/1000 -> 1.2125 | N94: =E94 -> 0.21294169 | O94: =G94 -> 0.0943678 | P94: =Q94 -> 0.21294169 | Q94: =('[8]08'!$F$392+'[8]08'!$E$400)/1000000 -> 0.21294169 | R94: =D94-G94-I94-K94-M94 -> 4.6370583 | S94: =G94-F94 -> -1.1181322 | T94: =IF(F94>0,(G94/F94*100-100),0) -> -92.217089
A95: 1.7.2. | B95: Силовые трансформаторы | D95: =[5]Лист2!K18 -> 4.24 | E95: =G95+I95+K95+M95 -> 1.51688 | F95: =[5]Лист2!I18 -> 1.02 | G95: =[5]Лист2!J18*1000 -> 0 | H95: =[6]Р2!$N$31/1000 -> 1.1 | I95: =[7]Лист2!$J$18-G95 -> 1.51688 | J95: =[6]Р2!$O$31/1000 -> 1.02 | L95: =[6]Р2!$P$31/1000 -> 1.1 | N95: =E95 -> 1.51688 | O95: =G95 -> 0 | P95: =Q95 -> 1.51688 | Q95: ='[8]08'!$E$398/1000000 -> 1.51688 | R95: =D95-G95-I95-K95-M95 -> 2.72312 | S95: =G95-F95 -> -1.02 | T95: =IF(F95>0,(G95/F95*100-100),0) -> -100
A96: 1.7.3. | B96: Создание и модернизация систем телемеханики и связи, оргтехника, программное обеспечение | D96: =[5]Лист2!K19 -> 7.16 | E96: =G96+I96+K96+M96 -> 0.22543176 | F96: =[5]Лист2!I19 -> 1.79 | G96: =[5]Лист2!J19 -> 0.21483695 | H96: =[6]Р2!$N$39/1000 -> 1.79 | I96: =[7]Лист2!$J$19-G96 -> 0.01059481 | J96: =[6]Р2!$O$39/1000 -> 1.79 | L96: =[6]Р2!$P$39/1000 -> 1.79 | N96: =E96 -> 0.22543176 | O96: =G96 -> 0.21483695 | P96: =Q96 -> 0.21483695 | Q96: ='[8]08'!$F$393/1000000 -> 0.21483695 | R96: =D96-G96-I96-K96-M96 -> 6.9345682 | S96: =G96-F96 -> -1.5751631 | T96: =IF(F96>0,(G96/F96*100-100),0) -> -87.997936
A98: 2. | B98: Новое строительство | D98: =D99+D101+D102 -> 65.8265 | E98: =E99+E101+E102 -> 0 | F98: =F99+F101+F102 -> 12.785 | G98: =G99+G101+G102 -> 0 | H98: =H99+H101+H102 -> 20.41825 | I98: =I99+I101+I102 -> 0 | J98: =J99+J101+J102 -> 19.83825 | K98: =K99+K101+K102 -> 0 | ... M98: =M99+M101+M102 -> 0 | N98: =E98 -> 0 | O98: =G98 -> 0 | P98: =P99+P101+P102 -> 0 | Q98: =Q99+Q101+Q102 -> 0 | R98: =D98-G98-I98-K98-M98 -> 65.8265 | S98: =G98-F98 -> -12.785 | T98: =IF(F98>0,(G98/F98*100-100),0) -> -100 | U98: =U99+U101+U102 -> 0 | V98: =V99+V101+V102 -> 0 | W98: =W99+W101+W102 -> 0
A99: 2.1. | B99: Энергосбережение и повышение энергетической эффективности | D99: =D100 -> 51.14 | E99: =E100 -> 0 | F99: =F100 -> 12.785 | G99: =G100 -> 0 | H99: =H100 -> 12.785 | I99: =I100 -> 0 | J99: =J100 -> 12.785 | K99: =K100 -> 0 | ... M99: =M100 -> 0 | N99: =E99 -> 0 | O99: =G99 -> 0 | P99: =P100 -> 0 | Q99: =Q100 -> 0 | R99: =D99-G99-I99-K99-M99 -> 51.14 | S99: =G99-F99 -> -12.785 | T99: =IF(F99>0,(G99/F99*100-100),0) -> -100 | U99: =U100 -> 0 | V99: =V100 -> 0 | W99: =W100 -> 0
A100: 2.1.1. | B100: АИИС КУЭ | D100: =[5]Лист2!K22 -> 51.14 | E100: =G100+I100+K100+M100 -> 0 | F100: =[5]Лист2!I22 -> 12.785 | G100: =[5]Лист2!J22*1000 -> 0 | H100: =[6]Р2!$N$10/1000 -> 12.785 | I100: 0 | J100: =[6]Р2!$O$10/1000 -> 12.785 | L100: =[6]Р2!$P$10/1000 -> 12.785 | N100: =E100 -> 0 | O100: =G100 -> 0 | R100: =D100-G100-I100-K100-M100 -> 51.14 | S100: =G100-F100 -> -12.785 | T100: =IF(F100>0,(G100/F100*100-100),0) -> -100
A101: 2.2. | B101: РТП, РП, ТП, ПС | D101: =[5]Лист2!K23 -> 9.2665 | E101: =G101+I101+K101+M101 -> 0 | F101: =[5]Лист2!I23*1000 -> 0 | G101: =[5]Лист2!J23*1000 -> 0 | H101: =[6]Р2!$N$37/1000 -> 4.63325 | I101: 0 | J101: =[6]Р2!$O$37/1000 -> 4.63325 | L101: =[6]Р2!$P$37/1000 -> 0 | N101: =E101 -> 0 | O101: =G101 -> 0 | R101: =D101-G101-I101-K101-M101 -> 9.2665 | S101: =G101-F101 -> 0 | T101: =IF(F101>0,(G101/F101*100-100),0) -> 0
A102: 2.3. | B102: Кабельные линии 6-10 кВ. | D102: =[5]Лист2!K24 -> 5.42 | E102: =G102+I102+K102+M102 -> 0 | F102: =[5]Лист2!I24*1000 -> 0 | G102: =[5]Лист2!J24*1000 -> 0 | H102: =[6]Р2!$N$38/1000 -> 3 | I102: 0 | J102: =[6]Р2!$O$38/1000 -> 2.42 | L102: =[6]Р2!$P$38/1000 -> 0 | N102: =E102 -> 0 | O102: =G102 -> 0 | R102: =D102-G102-I102-K102-M102 -> 5.42 | S102: =G102-F102 -> 0 | T102: =IF(F102>0,(G102/F102*100-100),0) -> 0
A103: 3. | B103: Приобретение автотранспорта и спецтехники | D103: =[5]Лист2!K25 -> 12.72 | E103: =G103+I103+K103+M103 -> 0 | F103: =[5]Лист2!I25 -> 3.18 | G103: =[5]Лист2!J25*1000 -> 0 | H103: =[6]Р2!$N$30/1000 -> 3.18 | I103: 0 | J103: =[6]Р2!$O$30/1000 -> 3.18 | L103: =[6]Р2!$P$30/1000 -> 3.18 | N103: =E103 -> 0 | O103: =G103 -> 0 | R103: =D103-G103-I103-K103-M103 -> 12.72 | S103: =G103-F103 -> -3.18 | T103: =IF(F103>0,(G103/F103*100-100),0) -> -100
A104: 4. | B104: Технологическое присоединение | D104: =F104+J104+L104+H104 -> 0 | E104: =G104+I104+K104+M104 -> 44.542679 | F104: =[5]Лист2!I26*1000 -> 0 | G104: =[5]Лист2!J26 -> 23.139251 | I104: ='[3]08'!$E$375/1000000-G104 -> 19.373428 | J104: 0 | K104: 2.03 | N104: =E104 -> 44.542679 | O104: =G104 -> 23.139251 | P104: =Q104 -> 53.926487 | Q104: ='[8]08'!$F$375/1000000 -> 53.926487 | R104: =D104-G104-I104-K104-M104 -> -44.542679 | S104: =G104-F104 -> 23.139251 | T104: =IF(F104>0,(G104/F104*100-100),0) -> 0 | W104: исполнение требований действующего законодательства (постановление Правительства РФ от 27.12.2004 г. № 861)

Sheet 7.1 без НДС
A2: Отчет об исполнении инвестиционной программы, млн. рублей без НДС (представляется ежеквартально)
D8: ='7.1 с НДС '!D13/1.18-D12 -> 0 | E8: ='7.1 с НДС '!E13/1.18-E12 -> 0 | F8: ='7.1 с НДС '!F13/1.18-F12 -> 0 | G8: ='7.1 с НДС '!G13/1.18-G12 -> 0 | H8: ='7.1 с НДС '!H13/1.18-H12 -> 0 | I8: ='7.1 с НДС '!I13/1.18-I12 -> 0 | J8: ='7.1 с НДС '!J13/1.18-J12 -> 0 | K8: ='7.1 с НДС '!K13/1.18-K12 -> 0 | ... S8: ='7.1 с НДС '!S13/1.18-S12 -> 0 | U8: ='7.1 с НДС '!U13/1.18-U12 -> 0 | V8: ='7.1 с НДС '!V13/1.18-V12 -> 0
A9: № | B9: Наименование объекта | C9: Остаток стоимости на начало года * | D9: Объем финансирования [отчетный год] | N9: Освоено (закрыто актами выполнен- ных работ), млн. рублей | P9: Введено (оформлено актами ввода в эксплуатацию), млн. рублей | R9: Осталось профинанси- ровать по ре- зультатам отчетного периода * | S9: Отклонение *** | W9: Причины отклонений
D10: всего | F10: I кв. | H10: II кв. | J10: III кв. | L10: IV кв. | S10: млн. рублей | T10: % | U10: в том числе за счет
D11: план ** | E11: факт *** | F11: план | G11: факт | H11: план | I11: факт | J11: план | K11: факт | L11: план | M11: факт | N11: всего | O11: за отчетный квартал | P11: всего | Q11: за отчетный квартал | U11: уточнения стоимости по результатам утвержденной ПСД | V11: уточнения стоимости по результатам закупочных процедур
B12: ВСЕГО: | D12: =D13+D98+D103+D104 -> 134.9665 | E12: =E13+E98+E103+E104 -> 148.85411 | F12: =F13+F98+F103+F104 -> 24.2795 | G12: =G13+G98+G103+G104 -> 26.030573 | H12: =H13+H98+H103+H104 -> 41.15075 | I12: =I13+I98+I103+I104 -> 22.876877 | J12: =J13+J98+J103+J104 -> 40.72075 | K12: =K13+K98+K103+K104 -> 2.03 | ... M12: =M13+M98+M103+M104 -> 97.916662 | N12: =E12 -> 148.85411 | O12: =M12 -> 97.916662 | P12: =P13+P98+P103+P104 -> 131.0054 | Q12: =P12-'7.1 без НДС 3 кв'!P12 -> 75.134249 | R12: =D12-G12-I12-K12-M12 -> -13.887611 | S12: =M12-L12 -> 69.101162 | T12: =IF(L12>0,(M12/L12*100-100),0) -> 239.80553 | U12: =U13+U98+U103+U104 -> 0 | V12: =V13+V98+V103+V104 -> 0
A13: 1 | B13: Техническое перевооружение и реконструкция | D13: =D14+D15+D37+D70+D86+D92+D93 -> 56.42 | E13: =E14+E15+E37+E70+E86+E92+E93 -> 10.615121 | F13: =F14+F15+F37+F70+F86+F92+F93 -> 8.3145 | G13: =G14+G15+G37+G70+G86+G92+G93 -> 2.891322 | H13: =H14+H15+H37+H70+H86+H92+H93 -> 17.5525 | I13: =I14+I15+I37+I70+I86+I92+I93 -> 3.5034486 | J13: =J14+J15+J37+J70+J86+J92+J93 -> 17.7025 | K13: =K14+K15+K37+K70+K86+K92+K93 -> 0 | ... M13: =M14+M15+M37+M70+M86+M92+M93 -> 4.2203504 | N13: =E13 -> 10.615121 | O13: =M13 -> 4.2203504 | P13: =P14+P15+P37+P70+P86+P92+P93 -> 6.5621752 | Q13: =P13-'7.1 без НДС 3 кв'!P13 -> 4.6175165 | R13: =D13-G13-I13-K13-M13 -> 45.804879 | S13: =M13-L13 -> -8.6301496 | T13: =IF(L13>0,(M13/L13*100-100),0) -> -67.158084 | U13: =U14+U15+U37+U70+U86+U92+U93 -> 0 | V13: =V14+V15+V37+V70+V86+V92+V93 -> 0
A14: 1.1. | B14: Проектные работы по перевооружению и реконструкции | D14: 0 | E14: 0 | N14: =E14 -> 0 | O14: =M14 -> 0 | Q14: =P14-'7.1 без НДС 3 кв'!P14 -> 0 | R14: =D14-G14-I14-K14-M14 -> 0 | S14: =M14-L14 -> 0 | T14: =IF(L14>0,(M14/L14*100-100),0) -> 0
A15: 1.2. | B15: Кабельные линии 0,4 кВ. | D15: =SUM(D16:D36) -> 5.51 | E15: =SUM(E16:E36) -> 1.0701043 | F15: =SUM(F16:F36) -> 1.162 | G15: =SUM(G16:G36) -> 0.799477 | H15: =SUM(H16:H36) -> 1.87 | I15: =SUM(I16:I36) -> 0 | J15: =SUM(J16:J36) -> 1.87 | K15: =SUM(K16:K36) -> 0 | ... M15: =SUM(M16:M36) -> 0.27062733 | N15: =E15 -> 1.0701043 | O15: =M15 -> 0.27062733 | P15: =SUM(P16:P36) -> 0.12212735 | Q15: =P15-'7.1 без НДС 3 кв'!P15 -> 0.12212735 | R15: =D15-G15-I15-K15-M15 -> 4.4398957 | S15: =M15-L15 -> -0.33737267 | T15: =IF(L15>0,(M15/L15*100-100),0) -> -55.488926 | U15: =SUM(U16:U34) -> 0 | V15: =SUM(V16:V34) -> 0
B16: =[2]CO3!I26 -> КЛ-0,4 кВ «ТП 185 – ВРУ ж.д. Зосимовская,52» | D16: =[2]CO3!O26/1000 -> 0.268 | E16: =G16+I16+K16+M16 -> 0 | F16: =D16 -> 0.268 | N16: =E16 -> 0 | O16: =M16 -> 0 | Q16: =P16-'7.1 без НДС 3 кв'!P16 -> 0 | R16: =D16-G16-I16-K16-M16 -> 0.268 | S16: =M16-L16 -> 0 | T16: =IF(L16>0,(M16/L16*100-100),0) -> 0
B17: =[2]CO3!I27 -> КЛ-0,4 кВ «ТП 185 – ВРУ ж.д. Ветошкина,23» | D17: =[2]CO3!O27/1000 -> 0.268 | E17: =G17+I17+K17+M17 -> 0 | F17: =D17 -> 0.268 | N17: =E17 -> 0 | O17: =M17 -> 0 | Q17: =P17-'7.1 без НДС 3 кв'!P17 -> 0 | R17: =D17-G17-I17-K17-M17 -> 0.268 | S17: =M17-L17 -> 0 | T17: =IF(L17>0,(M17/L17*100-100),0) -> 0
B18: =[2]CO3!I28 -> КЛ-0,4 кВ «ТП 445 – ВРУ ж.д. Новгородская,9а» | D18: =[2]CO3!O28/1000 -> 0.179 | E18: =G18+I18+K18+M18 -> 0 | F18: =D18 -> 0.179 | N18: =E18 -> 0 | O18: =M18 -> 0 | Q18: =P18-'7.1 без НДС 3 кв'!P18 -> 0 | R18: =D18-G18-I18-K18-M18 -> 0.179 | S18: =M18-L18 -> 0 | T18: =IF(L18>0,(M18/L18*100-100),0) -> 0
B19: =[2]CO3!I29 -> КЛ-0,4 кВ «ТП 445 – ВРУ ж.д. Новгородская,9г» | D19: =[2]CO3!O29/1000 -> 0.447 | E19: =G19+I19+K19+M19 -> 0 | F19: =D19 -> 0.447 | N19: =E19 -> 0 | O19: =M19 -> 0 | Q19: =P19-'7.1 без НДС 3 кв'!P19 -> 0 | R19: =D19-G19-I19-K19-M19 -> 0.447 | S19: =M19-L19 -> 0 | T19: =IF(L19>0,(M19/L19*100-100),0) -> 0
B20: =[2]CO3!I30 -> КЛ-0,4 кВ «ТП 445 – ВРУ ж.д. Новгородская,9б» | D20: =[2]CO3!O30/1000 -> 0.492 | E20: =G20+I20+K20+M20 -> 0 | H20: =D20 -> 0.492 | N20: =E20 -> 0 | O20: =M20 -> 0 | Q20: =P20-'7.1 без НДС 3 кв'!P20 -> 0 | R20: =D20-G20-I20-K20-M20 -> 0.492 | S20: =M20-L20 -> 0 | T20: =IF(L20>0,(M20/L20*100-100),0) -> 0
B21: =[2]CO3!I31 -> КЛ-0,4 кВ «ТП 655 – ВРУ шк. Болонина, 32(уч.корпус)» | D21: =[2]CO3!O31/1000 -> 0.447 | E21: =G21+I21+K21+M21 -> 0 | H21: =D21 -> 0.447 | N21: =E21 -> 0 | O21: =M21 -> 0 | Q21: =P21-'7.1 без НДС 3 кв'!P21 -> 0 | R21: =D21-G21-I21-K21-M21 -> 0.447 | S21: =M21-L21 -> 0 | T21: =IF(L21>0,(M21/L21*100-100),0) -> 0
B22: =[2]CO3!I32 -> КЛ-0,4 кВ «ТП 655 – ВРУ шк. Болонина, 32(спорт.корпус)» | D22: =[2]CO3!O32/1000 -> 0.134 | E22: =G22+I22+K22+M22 -> 0 | H22: =D22 -> 0.134 | N22: =E22 -> 0 | O22: =M22 -> 0 | Q22: =P22-'7.1 без НДС 3 кв'!P22 -> 0 | R22: =D22-G22-I22-K22-M22 -> 0.134 | S22: =M22-L22 -> 0 | T22: =IF(L22>0,(M22/L22*100-100),0) -> 0
B23: =[2]CO3!I33 -> КЛ-0,4 кВ «ТП 655 – ВРУ шк. Болонина, 32(спал.корпус)» | D23: =[2]CO3!O33/1000 -> 0.295 | E23: =G23+I23+K23+M23 -> 0 | H23: =D23 -> 0.295 | N23: =E23 -> 0 | O23: =M23 -> 0 | Q23: =P23-'7.1 без НДС 3 кв'!P23 -> 0 | R23: =D23-G23-I23-K23-M23 -> 0.295 | S23: =M23-L23 -> 0 | T23: =IF(L23>0,(M23/L23*100-100),0) -> 0
B24: =[2]CO3!I34 -> КЛ-0,4 кВ «ТП 193 – ВРУ ж.д. Гагарина,53» | D24: =[2]CO3!O34/1000 -> 0.295 | E24: =G24+I24+K24+M24 -> 0 | H24: =D24 -> 0.295 | N24: =E24 -> 0 | O24: =M24 -> 0 | Q24: =P24-'7.1 без НДС 3 кв'!P24 -> 0 | R24: =D24-G24-I24-K24-M24 -> 0.295 | S24: =M24-L24 -> 0 | T24: =IF(L24>0,(M24/L24*100-100),0) -> 0
B25: =[2]CO3!I35 -> КЛ-0,4 кВ «ТП 106 – ВРУ ж.д. Козленская,127» | D25: =[2]CO3!O35/1000 -> 0.671 | E25: =G25+I25+K25+M25 -> 0 | H25: =(D25+(1.87-SUM(D20:D25))) -> 0.207 | J25: =D25-H25 -> 0.464 | N25: =E25 -> 0 | O25: =M25 -> 0 | Q25: =P25-'7.1 без НДС 3 кв'!P25 -> 0 | R25: =D25-G25-I25-K25-M25 -> 0.671 | S25: =M25-L25 -> 0 | T25: =IF(L25>0,(M25/L25*100-100),0) -> 0
B26: =[2]CO3!I36 -> КЛ-0,4 кВ «ТП 367 – ВРУ ж.д. Герцена,94» | D26: =[2]CO3!O36/1000 -> 0.447 | E26: =G26+I26+K26+M26 -> 0 | J26: =D26 -> 0.447 | N26: =E26 -> 0 | O26: =M26 -> 0 | Q26: =P26-'7.1 без НДС 3 кв'!P26 -> 0 | R26: =D26-G26-I26-K26-M26 -> 0.447 | S26: =M26-L26 -> 0 | T26: =IF(L26>0,(M26/L26*100-100),0) -> 0
B27: =[2]CO3!I37 -> КЛ-0,4 кВ «ТП 367 – ВРУ ж.д. Ветошкина,99» | D27: =[2]CO3!O37/1000 -> 0.358 | E27: =G27+I27+K27+M27 -> 0 | J27: =D27 -> 0.358 | N27: =E27 -> 0 | O27: =M27 -> 0 | Q27: =P27-'7.1 без НДС 3 кв'!P27 -> 0 | R27: =D27-G27-I27-K27-M27 -> 0.358 | S27: =M27-L27 -> 0 | T27: =IF(L27>0,(M27/L27*100-100),0) -> 0
B28: =[2]CO3!I38 -> КЛ-0,4 кВ «ТП 533 – DРУ ж.д. 1мкр. ПЗ, 9» | D28: =[2]CO3!O38/1000 -> 0.116 | E28: =G28+I28+K28+M28 -> 0 | J28: =D28 -> 0.116 | N28: =E28 -> 0 | O28: =M28 -> 0 | Q28: =P28-'7.1 без НДС 3 кв'!P28 -> 0 | R28: =D28-G28-I28-K28-M28 -> 0.116 | S28: =M28-L28 -> 0 | T28: =IF(L28>0,(M28/L28*100-100),0) -> 0
B29: =[2]CO3!I39 -> КЛ-0,4 кВ «ТП 533 – ВРУ ж.д. 1мкр. ПЗ, 10» | D29: =[2]CO3!O39/1000 -> 0.179 | E29: =G29+I29+K29+M29 -> 0 | J29: =D29 -> 0.179 | N29: =E29 -> 0 | O29: =M29 -> 0 | Q29: =P29-'7.1 без НДС 3 кв'!P29 -> 0 | R29: =D29-G29-I29-K29-M29 -> 0.179 | S29: =M29-L29 -> 0 | T29: =IF(L29>0,(M29/L29*100-100),0) -> 0
B30: =[2]CO3!I40 -> КЛ-0,4 кВ «ТП 534 – ВРУ ж.д. 1мкр. ПЗ, 21» | D30: =[2]CO3!O40/1000 -> 0.107 | E30: =G30+I30+K30+M30 -> 0 | J30: =D30 -> 0.107 | N30: =E30 -> 0 | O30: =M30 -> 0 | Q30: =P30-'7.1 без НДС 3 кв'!P30 -> 0 | R30: =D30-G30-I30-K30-M30 -> 0.107 | S30: =M30-L30 -> 0 | T30: =IF(L30>0,(M30/L30*100-100),0) -> 0
B31: =[2]CO3!I41 -> КЛ-0,4 кВ «ТП 534 – ВРУ ж.д. 1мкр. ПЗ, 23» | D31: =[2]CO3!O41/1000 -> 0.179 | E31: =G31+I31+K31+M31 -> 0 | J31: =D31 -> 0.179 | N31: =E31 -> 0 | O31: =M31 -> 0 | Q31: =P31-'7.1 без НДС 3 кв'!P31 -> 0 | R31: =D31-G31-I31-K31-M31 -> 0.179 | S31: =M31-L31 -> 0 | T31: =IF(L31>0,(M31/L31*100-100),0) -> 0
B32: =[2]CO3!I42 -> КЛ-0,4 кВ «ТП 427 – ВРУ шк. Поповича, 26а» | D32: =[2]CO3!O42/1000 -> 0.358 | E32: =G32+I32+K32+M32 -> 0 | J32: =D32+(1.87-SUM(J25:J31,D32)) -> 0.02 | L32: =D32-J32 -> 0.338 | N32: =E32 -> 0 | O32: =M32 -> 0 | Q32: =P32-'7.1 без НДС 3 кв'!P32 -> 0 | R32: =D32-G32-I32-K32-M32 -> 0.358 | S32: =M32-L32 -> -0.338 | T32: =IF(L32>0,(M32/L32*100-100),0) -> -100
B33: =[2]CO3!I43 -> КЛ-0,4 кВ «ТП 422– ВРУ ж/д Советский пр., 131» | D33: =[2]CO3!O43/1000 -> 0.27 | E33: =G33+I33+K33+M33 -> 0 | L33: =D33-J33 -> 0.27 | N33: =E33 -> 0 | O33: =M33 -> 0 | Q33: =P33-'7.1 без НДС 3 кв'!P33 -> 0 | R33: =D33-G33-I33-K33-M33 -> 0.27 | S33: =M33-L33 -> -0.27 | T33: =IF(L33>0,(M33/L33*100-100),0) -> -100
B34: =[2]CO3!$I$86 -> КЛ 0,4 ТП217-ВРУ здания СТО Козленская | E34: =G34+I34+K34+M34 -> 0.799477 | F34: 0 | G34: =[2]CO3!$P$86/1000 -> 0.799477 | I34: ='[3]08'!$E$399/1000000-G34 -> 0 | L34: =D34-J34 -> 0 | M34: 0 | N34: =E34 -> 0.799477 | O34: =M34 -> 0 | Q34: =P34-'7.1 без НДС 3 кв'!P34 -> 0 | R34: =D34-G34-I34-K34-M34 -> -0.799477 | S34: =M34-L34 -> 0 | T34: =IF(L34>0,(M34/L34*100-100),0) -> 0
B35: Вынос КЛ 0,4 кВ "ТП356 - админ.здание, ул.Герцена, 54" (ООО Соната) | E35: =G35+I35+K35+M35 -> 0.12212735 | M35: ='[9]свод 16,02 (2)'!$E$25/1000000 -> 0.12212735 | N35: =E35 -> 0.12212735 | O35: =M35 -> 0.12212735 | P35: ='[9]свод 16,02 (2)'!$F$25/1000000 -> 0.12212735 | Q35: =P35-'7.1 без НДС 3 кв'!P35 -> 0.12212735 | S35: =M35-L35 -> 0.12212735 | T35: =IF(L35>0,(M35/L35*100-100),0) -> 0
B36: Переустройство ВЛ 0,4 кВ и прокладка КЛ 0,4 кВ от ТП-700 (многокв.жилой дом, Пречист.наб) | E36: =G36+I36+K36+M36 -> 0.14849998 | M36: ='[9]свод 16,02 (2)'!$E$26/1000000 -> 0.14849998 | N36: =E36 -> 0.14849998 | O36: =M36 -> 0.14849998 | P36: ='[9]свод 16,02 (2)'!$F$26/1000000 -> 0 | Q36: =P36-'7.1 без НДС 3 кв'!P36 -> 0 | S36: =M36-L36 -> 0.14849998 | T36: =IF(L36>0,(M36/L36*100-100),0) -> 0
A37: 1.3. | B37: Кабельные линии 6-10 кВ. | D37: =SUM(D38:D69) -> 21.91 | E37: =SUM(E38:E69) -> 3.3161955 | F37: =SUM(F38:F69) -> 2.78 | G37: =SUM(G38:G69) -> 0.43972641 | H37: =SUM(H38:H69) -> 6.51 | I37: =SUM(I38:I69) -> 0.95222964 | J37: =SUM(J38:J69) -> 6.51 | K37: =SUM(K38:K69) -> 0 | ... M37: =SUM(M38:M69) -> 1.9242394 | N37: =E37 -> 3.3161955 | O37: =M37 -> 1.9242394 | P37: =SUM(P38:P69) -> 2.1511492 | Q37: =P37-'7.1 без НДС 3 кв'!P37 -> 2.1511492 | R37: =D37-G37-I37-K37-M37 -> 18.593805 | S37: =M37-L37 -> -4.1857606 | T37: =IF(L37>0,(M37/L37*100-100),0) -> -68.50672 | U37: =SUM(U38:U62) -> 0 | V37: =SUM(V38:V62) -> 0 | W37: =SUM(W38:W62) -> 0
B38: =[2]CO3!I44 -> КЛ-6 кВ «ТП 13 – ТП149» | D38: =[2]CO3!O44/1000 -> 1.051 | E38: =G38+I38+K38+M38 -> 0 | F38: =D38 -> 1.051 | N38: =E38 -> 0 | O38: =M38 -> 0 | Q38: =P38-'7.1 без НДС 3 кв'!P38 -> 0 | R38: =D38-G38-I38-K38-M38 -> 1.051 | S38: =M38-L38 -> 0 | T38: =IF(L38>0,(M38/L38*100-100),0) -> 0
B39: =[2]CO3!I45 -> КЛ-6 кВ «ТП 22 – ТП303» | D39: =[2]CO3!O45/1000 -> 0.421 | E39: =G39+I39+K39+M39 -> 0 | F39: =D39 -> 0.421 | N39: =E39 -> 0 | O39: =M39 -> 0 | Q39: =P39-'7.1 без НДС 3 кв'!P39 -> 0 | R39: =D39-G39-I39-K39-M39 -> 0.421 | S39: =M39-L39 -> 0 | T39: =IF(L39>0,(M39/L39*100-100),0) -> 0
B40: =[2]CO3!I46 -> КЛ-6 кВ «ТП 27 – ТП63» | D40: =[2]CO3!O46/1000 -> 0.421 | E40: =G40+I40+K40+M40 -> 0 | F40: =D40 -> 0.421 | N40: =E40 -> 0 | O40: =M40 -> 0 | Q40: =P40-'7.1 без НДС 3 кв'!P40 -> 0 | R40: =D40-G40-I40-K40-M40 -> 0.421 | S40: =M40-L40 -> 0 | T40: =IF(L40>0,(M40/L40*100-100),0) -> 0
B41: =[2]CO3!I47 -> КЛ-6 кВ «ТП 32 – ТП2» | D41: =[2]CO3!O47/1000 -> 1.051 | E41: =G41+I41+K41+M41 -> 0 | F41: =2.78+(D41-SUM(D38:D41)) -> 0.887 | H41: =D41-F41 -> 0.164 | N41: =E41 -> 0 | O41: =M41 -> 0 | Q41: =P41-'7.1 без НДС 3 кв'!P41 -> 0 | R41: =D41-G41-I41-K41-M41 -> 1.051 | S41: =M41-L41 -> 0 | T41: =IF(L41>0,(M41/L41*100-100),0) -> 0
B42: =[2]CO3!I48 -> КЛ-6 кВ «ТП 35 – ТП193» | D42: =[2]CO3!O48/1000 -> 1.135 | E42: =G42+I42+K42+M42 -> 0 | H42: =D42 -> 1.135 | N42: =E42 -> 0 | O42: =M42 -> 0 | Q42: =P42-'7.1 без НДС 3 кв'!P42 -> 0 | R42: =D42-G42-I42-K42-M42 -> 1.135 | S42: =M42-L42 -> 0 | T42: =IF(L42>0,(M42/L42*100-100),0) -> 0
B43: =[2]CO3!I49 -> КЛ-6 кВ «ТП 56 – ТП258» | D43: =[2]CO3!O49/1000 -> 0.505 | E43: =G43+I43+K43+M43 -> 0 | H43: =D43 -> 0.505 | N43: =E43 -> 0 | O43: =M43 -> 0 | Q43: =P43-'7.1 без НДС 3 кв'!P43 -> 0 | R43: =D43-G43-I43-K43-M43 -> 0.505 | S43: =M43-L43 -> 0 | T43: =IF(L43>0,(M43/L43*100-100),0) -> 0
B44: =[2]CO3!I50 -> КЛ-6 кВ «ТП 60 – ТП121» | D44: =[2]CO3!O50/1000 -> 0.673 | E44: =G44+I44+K44+M44 -> 0 | H44: =D44 -> 0.673 | N44: =E44 -> 0 | O44: =M44 -> 0 | Q44: =P44-'7.1 без НДС 3 кв'!P44 -> 0 | R44: =D44-G44-I44-K44-M44 -> 0.673 | S44: =M44-L44 -> 0 | T44: =IF(L44>0,(M44/L44*100-100),0) -> 0
B45: =[2]CO3!I51 -> КЛ-6 кВ «ТП 69 – ТП309» | D45: =[2]CO3!O51/1000 -> 0.484 | E45: =G45+I45+K45+M45 -> 0 | H45: =D45 -> 0.484 | N45: =E45 -> 0 | O45: =M45 -> 0 | Q45: =P45-'7.1 без НДС 3 кв'!P45 -> 0 | R45: =D45-G45-I45-K45-M45 -> 0.484 | S45: =M45-L45 -> 0 | T45: =IF(L45>0,(M45/L45*100-100),0) -> 0
B46: =[2]CO3!I52 -> КЛ-6 кВ «ТП 110 – ТП113» | D46: =[2]CO3!O52/1000 -> 0.589 | E46: =G46+I46+K46+M46 -> 0 | H46: =D46 -> 0.589 | N46: =E46 -> 0 | O46: =M46 -> 0 | Q46: =P46-'7.1 без НДС 3 кв'!P46 -> 0 | R46: =D46-G46-I46-K46-M46 -> 0.589 | S46: =M46-L46 -> 0 | T46: =IF(L46>0,(M46/L46*100-100),0) -> 0
B47: =[2]CO3!I53 -> КЛ-6 кВ «ТП 121 – ТП153» | D47: =[2]CO3!O53/1000 -> 0.631 | E47: =G47+I47+K47+M47 -> 0 | H47: =D47 -> 0.631 | N47: =E47 -> 0 | O47: =M47 -> 0 | Q47: =P47-'7.1 без НДС 3 кв'!P47 -> 0 | R47: =D47-G47-I47-K47-M47 -> 0.631 | S47: =M47-L47 -> 0 | T47: =IF(L47>0,(M47/L47*100-100),0) -> 0
B48: =[2]CO3!I54 -> КЛ-6 кВ «ТП 131 – ТП188» | D48: =[2]CO3!O54/1000 -> 0.736 | E48: =G48+I48+K48+M48 -> 0 | H48: =D48 -> 0.736 | N48: =E48 -> 0 | O48: =M48 -> 0 | Q48: =P48-'7.1 без НДС 3 кв'!P48 -> 0 | R48: =D48-G48-I48-K48-M48 -> 0.736 | S48: =M48-L48 -> 0 | T48: =IF(L48>0,(M48/L48*100-100),0) -> 0
B49: =[2]CO3!I55 -> КЛ-6 кВ «ТП 171 – ТП 247» | D49: =[2]CO3!O55/1000 -> 1.325 | E49: =G49+I49+K49+M49 -> 0 | H49: =D49 -> 1.325 | N49: =E49 -> 0 | O49: =M49 -> 0 | Q49: =P49-'7.1 без НДС 3 кв'!P49 -> 0 | R49: =D49-G49-I49-K49-M49 -> 1.325 | S49: =M49-L49 -> 0 | T49: =IF(L49>0,(M49/L49*100-100),0) -> 0
B50: =[2]CO3!I56 -> КЛ-6 кВ «ТП 171 – ТП363» | D50: =[2]CO3!O56/1000 -> 0.589 | E50: =G50+I50+K50+M50 -> 0 | H50: =6.51+(D50-SUM(H41:H49,D50)) -> 0.268 | J50: =D50-H50 -> 0.321 | N50: =E50 -> 0 | O50: =M50 -> 0 | Q50: =P50-'7.1 без НДС 3 кв'!P50 -> 0 | R50: =D50-G50-I50-K50-M50 -> 0.589 | S50: =M50-L50 -> 0 | T50: =IF(L50>0,(M50/L50*100-100),0) -> 0
B51: =[2]CO3!I57 -> КЛ-6 кВ «ТП 184 – ТП 211» | D51: =[2]CO3!O57/1000 -> 1.051 | E51: =G51+I51+K51+M51 -> 0 | J51: =D51 -> 1.051 | N51: =E51 -> 0 | O51: =M51 -> 0 | Q51: =P51-'7.1 без НДС 3 кв'!P51 -> 0 | R51: =D51-G51-I51-K51-M51 -> 1.051 | S51: =M51-L51 -> 0 | T51: =IF(L51>0,(M51/L51*100-100),0) -> 0
B52: =[2]CO3!I58 -> КЛ-6 кВ «ТП 232 – РП 9» | D52: =[2]CO3!O58/1000 -> 1.577 | E52: =G52+I52+K52+M52 -> 0 | J52: =D52 -> 1.577 | N52: =E52 -> 0 | O52: =M52 -> 0 | Q52: =P52-'7.1 без НДС 3 кв'!P52 -> 0 | R52: =D52-G52-I52-K52-M52 -> 1.577 | S52: =M52-L52 -> 0 | T52: =IF(L52>0,(M52/L52*100-100),0) -> 0
B53: =[2]CO3!I59 -> КЛ-6 кВ «ТП 368 – ТП411» | D53: =[2]CO3!O59/1000 -> 1.262 | E53: =G53+I53+K53+M53 -> 0 | J53: =D53 -> 1.262 | N53: =E53 -> 0 | O53: =M53 -> 0 | Q53: =P53-'7.1 без НДС 3 кв'!P53 -> 0 | R53: =D53-G53-I53-K53-M53 -> 1.262 | S53: =M53-L53 -> 0 | T53: =IF(L53>0,(M53/L53*100-100),0) -> 0
B54: =[2]CO3!I60 -> КЛ-6 кВ «ТП 23 – ТП 363» | D54: =[2]CO3!O60/1000 -> 0.673 | E54: =G54+I54+K54+M54 -> 0 | J54: =D54 -> 0.673 | N54: =E54 -> 0 | O54: =M54 -> 0 | Q54: =P54-'7.1 без НДС 3 кв'!P54 -> 0 | R54: =D54-G54-I54-K54-M54 -> 0.673 | S54: =M54-L54 -> 0 | T54: =IF(L54>0,(M54/L54*100-100),0) -> 0
B55: =[2]CO3!I61 -> КЛ-6 кВ «ТП 507 – ТП 30» | D55: =[2]CO3!O61/1000 -> 0.694 | E55: =G55+I55+K55+M55 -> 0 | J55: =D55 -> 0.694 | N55: =E55 -> 0 | O55: =M55 -> 0 | Q55: =P55-'7.1 без НДС 3 кв'!P55 -> 0 | R55: =D55-G55-I55-K55-M55 -> 0.694 | S55: =M55-L55 -> 0 | T55: =IF(L55>0,(M55/L55*100-100),0) -> 0
B56: =[2]CO3!I62 -> КЛ-6 кВ «РП 8 – ТП295» | D56: =[2]CO3!O62/1000 -> 1.156 | E56: =G56+I56+K56+M56 -> 0 | J56: =D56+(6.51-SUM(J50:J55,D56)) -> 0.932 | L56: =D56-J56 -> 0.224 | N56: =E56 -> 0 | O56: =M56 -> 0 | Q56: =P56-'7.1 без НДС 3 кв'!P56 -> 0 | R56: =D56-G56-I56-K56-M56 -> 1.156 | S56: =M56-L56 -> -0.224 | T56: =IF(L56>0,(M56/L56*100-100),0) -> -100
B57: =[2]CO3!I63 -> КЛ-6 кВ «РП 8 – ТП262» | D57: =[2]CO3!O63/1000 -> 1.262 | E57: =G57+I57+K57+M57 -> 0 | L57: =D57 -> 1.262 | N57: =E57 -> 0 | O57: =M57 -> 0 | Q57: =P57-'7.1 без НДС 3 кв'!P57 -> 0 | R57: =D57-G57-I57-K57-M57 -> 1.262 | S57: =M57-L57 -> -1.262 | T57: =IF(L57>0,(M57/L57*100-100),0) -> -100
B58: =[2]CO3!I64 -> КЛ-6 кВ «РП 13 – ТП388» | D58: =[2]CO3!O64/1000 -> 1.682 | E58: =G58+I58+K58+M58 -> 0 | L58: =D58 -> 1.682 | N58: =E58 -> 0 | O58: =M58 -> 0 | Q58: =P58-'7.1 без НДС 3 кв'!P58 -> 0 | R58: =D58-G58-I58-K58-M58 -> 1.682 | S58: =M58-L58 -> -1.682 | T58: =IF(L58>0,(M58/L58*100-100),0) -> -100
B59: =[2]CO3!I65 -> КЛ-6 кВ «ТП 34 (СЖД) – ТП\660» | D59: =[2]CO3!O65/1000 -> 2.417 | E59: =G59+I59+K59+M59 -> 0 | L59: =D59 -> 2.417 | N59: =E59 -> 0 | O59: =M59 -> 0 | Q59: =P59-'7.1 без НДС 3 кв'!P59 -> 0 | R59: =D59-G59-I59-K59-M59 -> 2.417 | S59: =M59-L59 -> -2.417 | T59: =IF(L59>0,(M59/L59*100-100),0) -> -100
B60: =[2]CO3!I66 -> КЛ-6 кВ – ВЛ 6 кВ №35 | D60: =[2]CO3!O66/1000 -> 0.525 | E60: =G60+I60+K60+M60 -> 0 | L60: =D60 -> 0.525 | N60: =E60 -> 0 | O60: =M60 -> 0 | Q60: =P60-'7.1 без НДС 3 кв'!P60 -> 0 | R60: =D60-G60-I60-K60-M60 -> 0.525 | S60: =M60-L60 -> -0.525 | T60: =IF(L60>0,(M60/L60*100-100),0) -> -100
B61: =[2]CO3!$I$85 -> КЛ 10 кВ "ЛЭП 10 кВ №12 - ТП 502" | D61: 0 | E61: =G61+I61+K61+M61 -> 0.051941 | F61: 0 | G61: =[2]CO3!$P$85/1000 -> 0.051941 | I61: ='[3]08'!$E$380/1000000-G61 -> 0 | N61: =E61 -> 0.051941 | O61: =M61 -> 0 | Q61: =P61-'7.1 без НДС 3 кв'!P61 -> 0 | R61: =D61-G61-I61-K61-M61 -> -0.051941 | S61: =M61-L61 -> 0 | T61: =IF(L61>0,(M61/L61*100-100),0) -> 0
B62: =[2]CO3!$I$84 -> вынос КЛ 6-10 "ТП833-ТП217" из пятна застройки жилого комплекса, ул.Козленская (Железобетон-12) | D62: 0 | E62: =G62+I62+K62+M62 -> 0.38778541 | F62: 0 | G62: =[2]CO3!$P$84/1000 -> 0.38778541 | I62: ='[3]08'!$E$384/1000000-G62 -> 0 | N62: =E62 -> 0.38778541 | O62: =M62 -> 0 | Q62: =P62-'7.1 без НДС 3 кв'!P62 -> 0 | R62: =D62-G62-I62-K62-M62 -> -0.38778541 | S62: =M62-L62 -> 0 | T62: =IF(L62>0,(M62/L62*100-100),0) -> 0
B63: Реконструкция КЛ-6 кВ направлением РП №9 - ТП №266 | D63: 0 | E63: =G63+I63+K63+M63 -> 0.071593 | I63: ='[3]08'!E381/1000000-G63 -> 0.071593 | N63: =E63 -> 0.071593 | O63: =M63 -> 0 | Q63: =P63-'7.1 без НДС 3 кв'!P63 -> 0 | S63: =M63-L63 -> 0 | T63: =IF(L63>0,(M63/L63*100-100),0) -> 0
B64: Реконструкция КЛ-6 кВ направлением ТП-34СЖД - ТП №662 | D64: 0 | E64: =G64+I64+K64+M64 -> 0.105673 | I64: ='[3]08'!E382/1000000-G64 -> 0.105673 | N64: =E64 -> 0.105673 | O64: =M64 -> 0 | Q64: =P64-'7.1 без НДС 3 кв'!P64 -> 0 | S64: =M64-L64 -> 0 | T64: =IF(L64>0,(M64/L64*100-100),0) -> 0
B65: ТП32-ТП2 (13.209.010.01.231.1) | D65: 0 | E65: =G65+I65+K65+M65 -> 0.77496364 | I65: ='[3]08'!E383/1000000-G65 -> 0.77496364 | N65: =E65 -> 0.77496364 | O65: =M65 -> 0 | Q65: =P65-'7.1 без НДС 3 кв'!P65 -> 0 | S65: =M65-L65 -> 0 | T65: =IF(L65>0,(M65/L65*100-100),0) -> 0
B66: вынос КЛ 0,4 кВ, КЛ 6 кВ по ул.Пушкинская,10 (ООО Бизнес Центр Проспект) | E66: =G66+I66+K66+M66 -> 0.1228863 | M66: ='[9]свод 16,02 (2)'!$E$33/1000000 -> 0.1228863 | N66: =E66 -> 0.1228863 | O66: =M66 -> 0.1228863 | P66: ='[9]свод 16,02 (2)'!$F$33/1000000 -> 0 | Q66: =P66-'7.1 без НДС 3 кв'!P66 -> 0 | S66: =M66-L66 -> 0.1228863 | T66: =IF(L66>0,(M66/L66*100-100),0) -> 0
B67: КЛ 10 кВ П/С "Восточная"-ТП 561 в соответствии с ТУ ТП-11/0431 (13.209.010.01.273.1.0000) | E67: =G67+I67+K67+M67 -> 2.1511492 | M67: ='[9]свод 16,02 (2)'!$E$36/1000000 -> 2.1511492 | N67: =E67 -> 2.1511492 | O67: =M67 -> 2.1511492 | P67: ='[9]08,03 16.02'!$K$47*-1/1000000 -> 2.1511492 | Q67: =P67-'7.1 без НДС 3 кв'!P67 -> 2.1511492 | S67: =M67-L67 -> 2.1511492 | T67: =IF(L67>0,(M67/L67*100-100),0) -> 0
B68: КЛ 10 кВ ТП374-ТП64 | E68: =G68+I68+K68+M68 -> -0.36605504 | M68: ='[9]свод 16,02 (2)'!$E$37/1000000 -> -0.36605504 | N68: =E68 -> -0.36605504 | O68: =M68 -> -0.36605504 | P68: ='[9]свод 16,02 (2)'!$F$37/1000000 -> 0 | Q68: =P68-'7.1 без НДС 3 кв'!P68 -> 0 | S68: =M68-L68 -> -0.36605504 | T68: =IF(L68>0,(M68/L68*100-100),0) -> 0
B69: Переустройство КЛ 6 кВ "ТП439 - ТП286" | E69: =G69+I69+K69+M69 -> 0.016259 | M69: ='[9]свод 16,02 (2)'!$E$38/1000000 -> 0.016259 | N69: =E69 -> 0.016259 | O69: =M69 -> 0.016259 | P69: ='[9]свод 16,02 (2)'!$F$38/1000000 -> 0 | Q69: =P69-'7.1 без НДС 3 кв'!P69 -> 0 | S69: =M69-L69 -> 0.016259 | T69: =IF(L69>0,(M69/L69*100-100),0) -> 0
A70: 1.4. | B70: Воздушные линии 04 кВ. | D70: =SUM(D71:D85) -> 7.65 | E70: =SUM(E71:E85) -> 0.96277967 | F70: =SUM(F71:F85) -> 0.35 | G70: =SUM(G71:G85) -> 0 | H70: =SUM(H71:H85) -> 2.98 | I70: =SUM(I71:I85) -> 0.42857361 | J70: =SUM(J71:J85) -> 3.02 | K70: =SUM(K71:K85) -> 0 | ... M70: =SUM(M71:M85) -> 0.53420606 | N70: =E70 -> 0.96277967 | O70: =M70 -> 0.53420606 | P70: =SUM(P71:P85) -> 0 | Q70: =P70-'7.1 без НДС 3 кв'!P70 -> 0 | R70: =SUM(R71:R83) -> 7.65 | S70: =M70-L70 -> -0.76579394 | T70: =IF(L70>0,(M70/L70*100-100),0) -> -58.907226 | U70: =SUM(U71:U82) -> 0 | V70: =SUM(V71:V82) -> 0 | W70: =SUM(W71:W82) -> 0
B71: =[2]CO3!I67 -> ВЛ-0,4 кВ от ТП-548 (Вологда) | D71: =[2]CO3!O67/1000 -> 1.448 | E71: =G71+I71+K71+M71 -> 0 | F71: 0.35 | H71: =D71-F71 -> 1.098 | N71: =E71 -> 0 | O71: =M71 -> 0 | Q71: =P71-'7.1 без НДС 3 кв'!P71 -> 0 | R71: =D71-G71-I71-K71-M71 -> 1.448 | S71: =M71-L71 -> 0 | T71: =IF(L71>0,(M71/L71*100-100),0) -> 0
B72: =[2]CO3!I68 -> ВЛ-0,4 кВ от ТП-549 (Вологда) | D72: =[2]CO3!O68/1000 -> 1.081 | E72: =G72+I72+K72+M72 -> 0 | H72: =D72 -> 1.081 | N72: =E72 -> 0 | O72: =M72 -> 0 | Q72: =P72-'7.1 без НДС 3 кв'!P72 -> 0 | R72: =D72-G72-I72-K72-M72 -> 1.081 | S72: =M72-L72 -> 0 | T72: =IF(L72>0,(M72/L72*100-100),0) -> 0
B73: =[2]CO3!I69 -> ВЛ-0,4 кВ от ТП-598 (Вологда) | D73: =[2]CO3!O69/1000 -> 0.53 | E73: =G73+I73+K73+M73 -> 0 | H73: =D73 -> 0.53 | N73: =E73 -> 0 | O73: =M73 -> 0 | Q73: =P73-'7.1 без НДС 3 кв'!P73 -> 0 | R73: =D73-G73-I73-K73-M73 -> 0.53 | S73: =M73-L73 -> 0 | T73: =IF(L73>0,(M73/L73*100-100),0) -> 0
B74: =[2]CO3!I70 -> ВЛ-0,4 кВ от ТП-34 (Вологда) | D74: =[2]CO3!O70/1000 -> 0.326 | E74: =G74+I74+K74+M74 -> 0 | H74: =2.98+(D74-SUM(H71:H73,D74)) -> 0.271 | J74: =D74-H74 -> 0.055 | N74: =E74 -> 0 | O74: =M74 -> 0 | Q74: =P74-'7.1 без НДС 3 кв'!P74 -> 0 | R74: =D74-G74-I74-K74-M74 -> 0.326 | S74: =M74-L74 -> 0 | T74: =IF(L74>0,(M74/L74*100-100),0) -> 0
B75: =[2]CO3!I71 -> ВЛ-0,4 кВ от ТП-132 (Вологда) | D75: =[2]CO3!O71/1000 -> 0.347 | E75: =G75+I75+K75+M75 -> 0 | J75: =D75 -> 0.347 | N75: =E75 -> 0 | O75: =M75 -> 0 | Q75: =P75-'7.1 без НДС 3 кв'!P75 -> 0 | R75: =D75-G75-I75-K75-M75 -> 0.347 | S75: =M75-L75 -> 0 | T75: =IF(L75>0,(M75/L75*100-100),0) -> 0
B76: =[2]CO3!I72 -> ВЛ-0,4 кВ от ТП-454 (Вологда) | D76: =[2]CO3!O72/1000 -> 0.31 | E76: =G76+I76+K76+M76 -> 0 | J76: =D76 -> 0.31 | N76: =E76 -> 0 | O76: =M76 -> 0 | Q76: =P76-'7.1 без НДС 3 кв'!P76 -> 0 | R76: =D76-G76-I76-K76-M76 -> 0.31 | S76: =M76-L76 -> 0 | T76: =IF(L76>0,(M76/L76*100-100),0) -> 0
B77: =[2]CO3!I73 -> ВЛ-0,4 кВ от ТП-620 (Вологда) | D77: =[2]CO3!O73/1000 -> 0.718 | E77: =G77+I77+K77+M77 -> 0 | J77: =D77 -> 0.718 | N77: =E77 -> 0 | O77: =M77 -> 0 | Q77: =P77-'7.1 без НДС 3 кв'!P77 -> 0 | R77: =D77-G77-I77-K77-M77 -> 0.718 | S77: =M77-L77 -> 0 | T77: =IF(L77>0,(M77/L77*100-100),0) -> 0
B78: =[2]CO3!I74 -> ВЛ-0,4 кВ от ТП-320 (Вологда) | D78: =[2]CO3!O74/1000 -> 0.551 | E78: =G78+I78+K78+M78 -> 0 | J78: =D78 -> 0.551 | N78: =E78 -> 0 | O78: =M78 -> 0 | Q78: =P78-'7.1 без НДС 3 кв'!P78 -> 0 | R78: =D78-G78-I78-K78-M78 -> 0.551 | S78: =M78-L78 -> 0 | T78: =IF(L78>0,(M78/L78*100-100),0) -> 0
B79: =[2]CO3!I75 -> ВЛ-0,4 кВ от ТП-723 (Вологда) | D79: =[2]CO3!O75/1000 -> 0.751 | E79: =G79+I79+K79+M79 -> 0 | J79: =D79 -> 0.751 | N79: =E79 -> 0 | O79: =M79 -> 0 | Q79: =P79-'7.1 без НДС 3 кв'!P79 -> 0 | R79: =D79-G79-I79-K79-M79 -> 0.751 | S79: =M79-L79 -> 0 | T79: =IF(L79>0,(M79/L79*100-100),0) -> 0
B80: =[2]CO3!I76 -> ВЛ-0,4 кВ от ТП-260 (Вологда) | D80: =[2]CO3!O76/1000 -> 0.694 | E80: =G80+I80+K80+M80 -> 0 | J80: =3.02+(D80-SUM(J74:J79,D80)) -> 0.288 | L80: =D80-J80 -> 0.406 | N80: =E80 -> 0 | O80: =M80 -> 0 | Q80: =P80-'7.1 без НДС 3 кв'!P80 -> 0 | R80: =D80-G80-I80-K80-M80 -> 0.694 | S80: =M80-L80 -> -0.406 | T80: =IF(L80>0,(M80/L80*100-100),0) -> -100
B81: =[2]CO3!I77 -> ВЛ-0,4 кВ от ТП-139 (Вологда) | D81: =[2]CO3!O77/1000 -> 0.604 | E81: =G81+I81+K81+M81 -> 0 | L81: =D81-J81 -> 0.604 | N81: =E81 -> 0 | O81: =M81 -> 0 | Q81: =P81-'7.1 без НДС 3 кв'!P81 -> 0 | R81: =D81-G81-I81-K81-M81 -> 0.604 | S81: =M81-L81 -> -0.604 | T81: =IF(L81>0,(M81/L81*100-100),0) -> -100
B82: =[2]CO3!I78 -> ВЛ-0,4 кВ от ТП-427 (Вологда) | D82: =[2]CO3!O78/1000 -> 0.29 | E82: =G82+I82+K82+M82 -> 0 | L82: =D82-J82 -> 0.29 | N82: =E82 -> 0 | O82: =M82 -> 0 | Q82: =P82-'7.1 без НДС 3 кв'!P82 -> 0 | R82: =D82-G82-I82-K82-M82 -> 0.29 | S82: =M82-L82 -> -0.29 | T82: =IF(L82>0,(M82/L82*100-100),0) -> -100
B83: Вынос ВЛ 0,4 кВ от ТП-3 на участке строительства жилого дома, ул.Ольховая, 1-а (ООО СаМат) | D83: 0 | E83: =G83+I83+K83+M83 -> 0.42857361 | I83: ='[3]08'!$E$387/1000000-G83 -> 0.42857361 | N83: =E83 -> 0.42857361 | O83: =M83 -> 0 | Q83: =P83-'7.1 без НДС 3 кв'!P83 -> 0 | S83: =M83-L83 -> 0 | T83: =IF(L83>0,(M83/L83*100-100),0) -> 0
B84: Вынос ВЛ 0,4 кВ от ТП1-89 АЗС, г.Вытегра, ул.Южная (ООО Сфера) | E84: =G84+I84+K84+M84 -> 0.21546718 | M84: ='[9]свод 16,02 (2)'!$E$7/1000000 -> 0.21546718 | N84: =E84 -> 0.21546718 | O84: =M84 -> 0.21546718 | Q84: =P84-'7.1 без НДС 3 кв'!P84 -> 0 | S84: =M84-L84 -> 0.21546718 | T84: =IF(L84>0,(M84/L84*100-100),0) -> 0
B85: Вынос ВЛ 0,4 кВ от КТП-143 в районе строительства ж/дома, ул.Восточная-Спирина (Вологдаагрострой) | E85: =G85+I85+K85+M85 -> 0.31873888 | M85: ='[9]свод 16,02 (2)'!$E$10/1000000 -> 0.31873888 | N85: =E85 -> 0.31873888 | O85: =M85 -> 0.31873888 | Q85: =P85-'7.1 без НДС 3 кв'!P85 -> 0 | S85: =M85-L85 -> 0.31873888 | T85: =IF(L85>0,(M85/L85*100-100),0) -> 0
A86: 1.5. | B86: Воздушные линии 6-10 кВ. | D86: =SUM(D87:D91) -> 5.1 | E86: =SUM(E87:E91) -> 1.3509726 | F86: =SUM(F87:F91) -> 0 | G86: =SUM(G87:G91) -> 1.3429138 | H86: =SUM(H87:H91) -> 2.09 | I86: =SUM(I87:I91) -> 0.0080588 | J86: =SUM(J87:J91) -> 2.28 | K86: =SUM(K87:K91) -> 0 | ... M86: =SUM(M87:M91) -> 0 | N86: =E86 -> 1.3509726 | O86: =M86 -> 0 | P86: =SUM(P87:P91) -> 0 | Q86: =P86-'7.1 без НДС 3 кв'!P86 -> 0 | R86: =D86-G86-I86-K86-M86 -> 3.7490274 | S86: =M86-L86 -> -0.73 | T86: =IF(L86>0,(M86/L86*100-100),0) -> -100 | U86: =SUM(U87:U91) -> 0 | V86: =SUM(V87:V91) -> 0 | W86: =SUM(W87:W91) -> 0 | X86: =SUM(X87:X91) -> 0
B87: =[2]CO3!I79 -> ВЛ-10 кВ №1 | D87: =[2]CO3!O79/1000 -> 0.71 | E87: =G87+I87+K87+M87 -> 0 | H87: =D87 -> 0.71 | N87: =E87 -> 0 | O87: =M87 -> 0 | Q87: =P87-'7.1 без НДС 3 кв'!P87 -> 0 | R87: =D87-G87-I87-K87-M87 -> 0.71 | S87: =M87-L87 -> 0 | T87: =IF(L87>0,(M87/L87*100-100),0) -> 0
B88: =[2]CO3!I80 -> ВЛ-6 кВ №34 | D88: =[2]CO3!O80/1000 -> 2.55 | E88: =G88+I88+K88+M88 -> 0 | H88: =2.09-H87 -> 1.38 | J88: =D88-H88 -> 1.17 | N88: =E88 -> 0 | O88: =M88 -> 0 | Q88: =P88-'7.1 без НДС 3 кв'!P88 -> 0 | R88: =D88-G88-I88-K88-M88 -> 2.55 | S88: =M88-L88 -> 0 | T88: =IF(L88>0,(M88/L88*100-100),0) -> 0
B89: =[2]CO3!I81 -> ВЛ-6 кВ №10 | D89: =[2]CO3!O81/1000 -> 1.749 | E89: =G89+I89+K89+M89 -> 0 | J89: =2.28+(D89-SUM(J88,D89)) -> 1.11 | L89: =D89-J89 -> 0.639 | N89: =E89 -> 0 | O89: =M89 -> 0 | Q89: =P89-'7.1 без НДС 3 кв'!P89 -> 0 | R89: =D89-G89-I89-K89-M89 -> 1.749 | S89: =M89-L89 -> -0.639 | T89: =IF(L89>0,(M89/L89*100-100),0) -> -100
B90: =[2]CO3!I82 -> ВЛ-10 кВ №6 | D90: =[2]CO3!O82/1000 -> 0.091 | E90: =G90+I90+K90+M90 -> 0 | L90: =D90 -> 0.091 | N90: =E90 -> 0 | O90: =M90 -> 0 | Q90: =P90-'7.1 без НДС 3 кв'!P90 -> 0 | R90: =D90-G90-I90-K90-M90 -> 0.091 | S90: =M90-L90 -> -0.091 | T90: =IF(L90>0,(M90/L90*100-100),0) -> -100
B91: =[2]CO3!$I$83 -> ВЛ 10 кВ ЛЭП №1 (строит.КЛ 10кВ "ТП421-КТП191") | E91: =G91+I91+K91+M91 -> 1.3509726 | F91: 0 | G91: =[2]CO3!$P$83/1000 -> 1.3429138 | I91: ='[3]08'!$E$390/1000000-G91 -> 0.0080588 | N91: =E91 -> 1.3509726 | O91: =M91 -> 0 | P91: 0 | Q91: =P91-'7.1 без НДС 3 кв'!P91 -> 0 | R91: =D91-G91-I91-K91-M91 -> -1.3509726 | S91: =M91-L91 -> 0 | T91: =IF(L91>0,(M91/L91*100-100),0) -> 0
A92: 1.6. | B92: ТП, РП, ПС. | D92: 0 | E92: =G92+I92+K92+M92 -> 0.55853786 | I92: ='[3]08'!$E$395/1000000-G92 -> 0.46853786 | M92: ='[10]1.1'!$O$27-K92-I92-G92 -> 0.09 | N92: =E92 -> 0.55853786 | O92: =M92 -> 0.09 | P92: =M92 -> 0.09 | Q92: =P92-'7.1 без НДС 3 кв'!P92 -> 0.09 | R92: =D92-G92-I92-K92-M92 -> -0.55853786 | S92: =M92-L92 -> 0.09 | T92: =IF(L92>0,(M92/L92*100-100),0) -> 0
A93: 1.7. | B93: Оборудование, не входящее в сметы строек | C93: =C94+C95+C96+C97 -> 0 | D93: =D94+D95+D96+D97 -> 16.25 | E93: =E94+E95+E96+E97 -> 3.356531 | F93: =F94+F95+F96+F97 -> 4.0225 | G93: =G94+G95+G96+G97 -> 0.30920475 | H93: =H94+H95+H96+H97 -> 4.1025 | I93: =I94+I95+I96+I97 -> 1.6460487 | J93: =J94+J95+J96+J97 -> 4.0225 | ... M93: =M94+M95+M96+M97 -> 1.4012776 | N93: =E93 -> 3.356531 | O93: =M93 -> 1.4012776 | P93: =P94+P95+P96+P97 -> 4.1988987 | Q93: =P93-'7.1 без НДС 3 кв'!P93 -> 2.25424 | R93: =D93-G93-I93-K93-M93 -> 12.893469 | S93: =M93-L93 -> -2.7012224 | T93: =IF(L93>0,(M93/L93*100-100),0) -> -65.843326 | U93: =U94+U95+U96 -> 0 | V93: =V94+V95+V96 -> 0 | W93: =W94+W95+W96 -> 0
A94: 1.7.1. | B94: Оборудование, инструмент, средства механизации | D94: =[5]Лист2!K17 -> 4.85 | E94: =G94+I94+K94+M94 -> 0.27776676 | F94: =[5]Лист2!I17 -> 1.2125 | G94: =[5]Лист2!J17 -> 0.0943678 | H94: =[6]Р2!$N$29/1000 -> 1.2125 | I94: =[7]Лист2!$J$17-G94 -> 0.11857389 | J94: =[6]Р2!$O$29/1000 -> 1.2125 | L94: =[6]Р2!$P$29/1000 -> 1.2125 | M94: ='[10]1.1'!$O$29-K94-I94-G94 -> 0.06482507 | N94: =E94 -> 0.27776676 | O94: =M94 -> 0.06482507 | P94: ='[9]свод 16,02 (2)'!$F$46/100000 -> 2.7776676 | Q94: =P94-'7.1 без НДС 3 кв'!P94 -> 2.5647259 | R94: =D94-G94-I94-K94-M94 -> 4.5722332 | S94: =M94-L94 -> -1.1476749 | T94: =IF(L94>0,(M94/L94*100-100),0) -> -94.653602
A95: 1.7.2. | B95: Силовые трансформаторы | D95: =[5]Лист2!K18 -> 4.24 | E95: =G95+I95+K95+M95 -> 2.64741 | F95: =[5]Лист2!I18 -> 1.02 | G95: =[5]Лист2!J18*1000 -> 0 | H95: =[6]Р2!$N$31/1000 -> 1.1 | I95: =[7]Лист2!$J$18-G95 -> 1.51688 | J95: =[6]Р2!$O$31/1000 -> 1.02 | L95: =[6]Р2!$P$31/1000 -> 1.1 | M95: ='[10]1.1'!$O$30-K95-I95-G95 -> 1.13053 | N95: =E95 -> 2.64741 | O95: =M95 -> 1.13053 | P95: =L95 -> 1.1 | Q95: =P95-'7.1 без НДС 3 кв'!P95 -> -0.41688 | R95: =D95-G95-I95-K95-M95 -> 1.59259 | S95: =M95-L95 -> 0.03053 | T95: =IF(L95>0,(M95/L95*100-100),0) -> 2.7754545
A96: 1.7.3. | B96: Создание и модернизация систем телемеханики и связи, оргтехника, программное обеспечение | D96: =[5]Лист2!K19 -> 7.16 | E96: =G96+I96+K96+M96 -> 0 | F96: =[5]Лист2!I19 -> 1.79 | G96: =[5]Лист2!J19 -> 0.21483695 | H96: =[6]Р2!$N$39/1000 -> 1.79 | I96: =[7]Лист2!$J$19-G96 -> 0.01059481 | J96: =[6]Р2!$O$39/1000 -> 1.79 | L96: =[6]Р2!$P$39/1000 -> 1.79 | M96: ='[10]1.1'!$O$31-K96-I96-G96 -> -0.22543176 | N96: =E96 -> 0 | O96: =M96 -> -0.22543176 | Q96: =P96-'7.1 без НДС 3 кв'!P96 -> -0.21483695 | R96: =D96-G96-I96-K96-M96 -> 7.16 | S96: =M96-L96 -> -2.0154318 | T96: =IF(L96>0,(M96/L96*100-100),0) -> -112.59395
A97: 1.7.4. | B97: Расширение производственных баз | E97: =G97+I97+K97+M97 -> 0.43135425 | M97: ='[10]1.1'!$O$32 -> 0.43135425 | N97: =E97 -> 0.43135425 | O97: =M97 -> 0.43135425 | P97: ='[9]свод 16,02 (2)'!$F$49/1000000+'[9]08,03 16.02'!$K$11*-1/1000000 -> 0.32123105 | Q97: =P97-'7.1 без НДС 3 кв'!P97 -> 0.32123105 | S97: =M97-L97 -> 0.43135425 | T97: =IF(L97>0,(M97/L97*100-100),0) -> 0
A98: 2. | B98: Новое строительство | D98: =D99+D101+D102 -> 65.8265 | E98: =E99+E101+E102 -> 0.57094657 | F98: =F99+F101+F102 -> 12.785 | G98: =G99+G101+G102 -> 0 | H98: =H99+H101+H102 -> 20.41825 | I98: =I99+I101+I102 -> 0 | J98: =J99+J101+J102 -> 19.83825 | K98: =K99+K101+K102 -> 0 | ... M98: =M99+M101+M102 -> 0.57094657 | N98: =E98 -> 0.57094657 | O98: =M98 -> 0.57094657 | P98: =P99+P101+P102 -> 0 | Q98: =P98-'7.1 без НДС 3 кв'!P98 -> 0 | R98: =D98-G98-I98-K98-M98 -> 65.255553 | S98: =M98-L98 -> -12.214053 | T98: =IF(L98>0,(M98/L98*100-100),0) -> -95.534247 | U98: =U99+U101+U102 -> 0 | V98: =V99+V101+V102 -> 0 | W98: =W99+W101+W102 -> 0
A99: 2.1. | B99: Энергосбережение и повышение энергетической эффективности | D99: =D100 -> 51.14 | E99: =E100 -> 0.57094657 | F99: =F100 -> 12.785 | G99: =G100 -> 0 | H99: =H100 -> 12.785 | I99: =I100 -> 0 | J99: =J100 -> 12.785 | K99: =K100 -> 0 | ... M99: =M100 -> 0.57094657 | N99: =E99 -> 0.57094657 | O99: =M99 -> 0.57094657 | P99: =P100 -> 0 | Q99: =P99-'7.1 без НДС 3 кв'!P99 -> 0 | R99: =D99-G99-I99-K99-M99 -> 50.569053 | S99: =M99-L99 -> -12.214053 | T99: =IF(L99>0,(M99/L99*100-100),0) -> -95.534247 | U99: =U100 -> 0 | V99: =V100 -> 0 | W99: =W100 -> 0
A100: 2.1.1. | B100: АИИС КУЭ | D100: =[5]Лист2!K22 -> 51.14 | E100: =G100+I100+K100+M100 -> 0.57094657 | F100: =[5]Лист2!I22 -> 12.785 | G100: =[5]Лист2!J22*1000 -> 0 | H100: =[6]Р2!$N$10/1000 -> 12.785 | I100: 0 | J100: =[6]Р2!$O$10/1000 -> 12.785 | L100: =[6]Р2!$P$10/1000 -> 12.785 | M100: ='[10]1.1'!$O$35-K100-I100-G100 -> 0.57094657 | N100: =E100 -> 0.57094657 | O100: =M100 -> 0.57094657 | Q100: =P100-'7.1 без НДС 3 кв'!P100 -> 0 | R100: =D100-G100-I100-K100-M100 -> 50.569053 | S100: =M100-L100 -> -12.214053 | T100: =IF(L100>0,(M100/L100*100-100),0) -> -95.534247
A101: 2.2. | B101: РТП, РП, ТП, ПС | D101: =[5]Лист2!K23 -> 9.2665 | E101: =G101+I101+K101+M101 -> 0 | F101: =[5]Лист2!I23*1000 -> 0 | G101: =[5]Лист2!J23*1000 -> 0 | H101: =[6]Р2!$N$37/1000 -> 4.63325 | I101: 0 | J101: =[6]Р2!$O$37/1000 -> 4.63325 | L101: =[6]Р2!$P$37/1000 -> 0 | M101: 0 | N101: =E101 -> 0 | O101: =M101 -> 0 | Q101: =P101-'7.1 без НДС 3 кв'!P101 -> 0 | R101: =D101-G101-I101-K101-M101 -> 9.2665 | S101: =M101-L101 -> 0 | T101: =IF(L101>0,(M101/L101*100-100),0) -> 0
A102: 2.3. | B102: Кабельные линии 6-10 кВ. | D102: =[5]Лист2!K24 -> 5.42 | E102: =G102+I102+K102+M102 -> 0 | F102: =[5]Лист2!I24*1000 -> 0 | G102: =[5]Лист2!J24*1000 -> 0 | H102: =[6]Р2!$N$38/1000 -> 3 | I102: 0 | J102: =[6]Р2!$O$38/1000 -> 2.42 | L102: =[6]Р2!$P$38/1000 -> 0 | M102: 0 | N102: =E102 -> 0 | O102: =M102 -> 0 | Q102: =P102-'7.1 без НДС 3 кв'!P102 -> 0 | R102: =D102-G102-I102-K102-M102 -> 5.42 | S102: =M102-L102 -> 0 | T102: =IF(L102>0,(M102/L102*100-100),0) -> 0
A103: 3. | B103: Приобретение автотранспорта и спецтехники | D103: =[5]Лист2!K25 -> 12.72 | E103: =G103+I103+K103+M103 -> 0 | F103: =[5]Лист2!I25 -> 3.18 | G103: =[5]Лист2!J25*1000 -> 0 | H103: =[6]Р2!$N$30/1000 -> 3.18 | I103: 0 | J103: =[6]Р2!$O$30/1000 -> 3.18 | L103: =[6]Р2!$P$30/1000 -> 3.18 | M103: 0 | N103: =E103 -> 0 | O103: =M103 -> 0 | Q103: =P103-'7.1 без НДС 3 кв'!P103 -> 0 | R103: =D103-G103-I103-K103-M103 -> 12.72 | S103: =M103-L103 -> -3.18 | T103: =IF(L103>0,(M103/L103*100-100),0) -> -100
A104: 4. | B104: Технологическое присоединение | D104: =F104+J104+L104+H104 -> 0 | E104: =G104+I104+K104+M104 -> 137.66804 | F104: =[5]Лист2!I26*1000 -> 0 | G104: =[5]Лист2!J26 -> 23.139251 | I104: ='[3]08'!$E$375/1000000-G104 -> 19.373428 | J104: 0 | K104: 2.03 | M104: =[11]Лист2!$J$27-K104-I104-G104 -> 93.125365 | N104: =E104 -> 137.66804 | O104: =M104 -> 93.125365 | P104: ='[9]свод 16,02 (2)'!$F$51/1000000+'[9]08,03 16.02'!$K$444 -> 124.44322 | Q104: =P104-'7.1 без НДС 3 кв'!P104 -> 70.516733 | R104: =D104-G104-I104-K104-M104 -> -137.66804 | S104: =M104-L104 -> 93.125365 | T104: =IF(L104>0,(M104/L104*100-100),0) -> 0 | W104: исполнение требований действующего законодательства (постановление Правительства РФ от 27.12.2004 г. № 861)

Sheet 6.1
U1: Приложение № 6.1 к Приказу Минэнерго России от 24.03.2010 № 114
A2: Отчет об исполнении инвестиционной программы ГП ВО "Областные электротеплосети", млн. рублей с НДС (представляется ежеквартально)
W3: Утверждаю
U4: Директор ГП ВО "Областные электротеплосети"
U5: _________________А.А. Цветков
U6: "____"______________2016 года
W8: М.П.
A10: № | B10: Наименование объекта | C10: Остаток стоимости на начало года * | D10: Объем финансирования 2015 г. | N10: Освоено (закрыто актами выполнен- ных работ), млн. рублей | P10: Введено (оформлено актами ввода в эксплуатацию), млн. рублей | R10: Осталось профинанси- ровать по ре- зультатам отчетного периода * | S10: Отклонение *** | W10: Причины отклонений
D11: всего | F11: I кв. | H11: II кв. | J11: III кв. | L11: IV кв. | S11: млн. рублей | T11: % | U11: в том числе за счет
D12: план ** | E12: факт *** | F12: план | G12: факт | H12: план | I12: факт | J12: план | K12: факт | L12: план | M12: факт | N12: всего | O12: за отчетный квартал | P12: всего | Q12: за отчетный квартал | U12: уточнения стоимости по результатам утвержденной ПСД | V12: уточнения стоимости по результатам закупочных процедур
B13: ВСЕГО: | D13: 159.26047 | E13: 175.64785 | F13: 28.64981 | G13: 30.716076 | H13: 48.557885 | I13: 26.994714 | J13: 48.050485 | K13: 2.3954 | L13: 34.00229 | M13: 115.54166 | N13: 175.64785 | O13: 115.54166 | P13: 154.58637 | Q13: 88.658414 | R13: -16.387381 | S13: 16.387381 | T13: 10.289673 | U13: 0 | V13: 0
A14: 1 | B14: Техническое перевооружение и реконструкция | D14: 66.5756 | E14: 12.525843 | F14: 9.81111 | G14: 3.4117599 | H14: 20.71195 | I14: 4.1340694 | J14: 20.88895 | K14: 0 | L14: 15.16359 | M14: 4.9800134 | N14: 12.525843 | O14: 4.9800134 | P14: 7.7433667 | Q14: 5.4486695 | R14: 54.049757 | S14: -54.049757 | T14: -81.185535 | U14: 0 | V14: 0
A15: 1.1. | B15: Проектные работы по перевооружению и реконструкции | D15: 0 | E15: 0 | F15: 0 | G15: 0 | H15: 0 | I15: 0 | J15: 0 | K15: 0 | L15: 0 | M15: 0 | N15: 0 | O15: 0 | Q15: 0 | R15: 0 | S15: 0 | T15: 0
A16: 1.2. | B16: Кабельные линии 0,4 кВ. | D16: 6.5018 | E16: 1.2627231 | F16: 1.37116 | G16: 0.94338286 | H16: 2.2066 | I16: 0 | J16: 2.2066 | K16: 0 | L16: 0.71744 | M16: 0.31934025 | N16: 1.2627231 | O16: 0.31934025 | P16: 0.14411027 | Q16: 0.14411027 | R16: 5.2390769 | S16: -5.2390769 | T16: -80.578869 | U16: 0 | V16: 0
B17: КЛ-0,4 кВ «ТП 185 – ВРУ ж.д. Зосимовская,52» | D17: 0.31624 | E17: 0 | F17: 0.31624 | G17: 0 | H17: 0 | I17: 0 | J17: 0 | K17: 0 | L17: 0 | M17: 0 | N17: 0 | O17: 0 | Q17: 0 | R17: 0.31624 | S17: -0.31624 | T17: -100
B18: КЛ-0,4 кВ «ТП 185 – ВРУ ж.д. Ветошкина,23» | D18: 0.31624 | E18: 0 | F18: 0.31624 | G18: 0 | H18: 0 | I18: 0 | J18: 0 | K18: 0 | L18: 0 | M18: 0 | N18: 0 | O18: 0 | Q18: 0 | R18: 0.31624 | S18: -0.31624 | T18: -100
B19: КЛ-0,4 кВ «ТП 445 – ВРУ ж.д. Новгородская,9а» | D19: 0.21122 | E19: 0 | F19: 0.21122 | G19: 0 | H19: 0 | I19: 0 | J19: 0 | K19: 0 | L19: 0 | M19: 0 | N19: 0 | O19: 0 | Q19: 0 | R19: 0.21122 | S19: -0.21122 | T19: -100
B20: КЛ-0,4 кВ «ТП 445 – ВРУ ж.д. Новгородская,9г» | D20: 0.52746 | E20: 0 | F20: 0.52746 | G20: 0 | H20: 0 | I20: 0 | J20: 0 | K20: 0 | L20: 0 | M20: 0 | N20: 0 | O20: 0 | Q20: 0 | R20: 0.52746 | S20: -0.52746 | T20: -100
B21: КЛ-0,4 кВ «ТП 445 – ВРУ ж.д. Новгородская,9б» | D21: 0.58056 | E21: 0 | F21: 0 | G21: 0 | H21: 0.58056 | I21: 0 | J21: 0 | K21: 0 | L21: 0 | M21: 0 | N21: 0 | O21: 0 | Q21: 0 | R21: 0.58056 | S21: -0.58056 | T21: -100
B22: КЛ-0,4 кВ «ТП 655 – ВРУ шк. Болонина, 32(уч.корпус)» | D22: 0.52746 | E22: 0 | F22: 0 | G22: 0 | H22: 0.52746 | I22: 0 | J22: 0 | K22: 0 | L22: 0 | M22: 0 | N22: 0 | O22: 0 | Q22: 0 | R22: 0.52746 | S22: -0.52746 | T22: -100
B23: КЛ-0,4 кВ «ТП 655 – ВРУ шк. Болонина, 32(спорт.корпус)» | D23: 0.15812 | E23: 0 | F23: 0 | G23: 0 | H23: 0.15812 | I23: 0 | J23: 0 | K23: 0 | L23: 0 | M23: 0 | N23: 0 | O23: 0 | Q23: 0 | R23: 0.15812 | S23: -0.15812 | T23: -100
B24: КЛ-0,4 кВ «ТП 655 – ВРУ шк. Болонина, 32(спал.корпус)» | D24: 0.3481 | E24: 0 | F24: 0 | G24: 0 | H24: 0.3481 | I24: 0 | J24: 0 | K24: 0 | L24: 0 | M24: 0 | N24: 0 | O24: 0 | Q24: 0 | R24: 0.3481 | S24: -0.3481 | T24: -100
B25: КЛ-0,4 кВ «ТП 193 – ВРУ ж.д. Гагарина,53» | D25: 0.3481 | E25: 0 | F25: 0 | G25: 0 | H25: 0.3481 | I25: 0 | J25: 0 | K25: 0 | L25: 0 | M25: 0 | N25: 0 | O25: 0 | Q25: 0 | R25: 0.3481 | S25: -0.3481 | T25: -100
B26: КЛ-0,4 кВ «ТП 106 – ВРУ ж.д. Козленская,127» | D26: 0.79178 | E26: 0 | F26: 0 | G26: 0 | H26: 0.24426 | I26: 0 | J26: 0.54752 | K26: 0 | L26: 0 | M26: 0 | N26: 0 | O26: 0 | Q26: 0 | R26: 0.79178 | S26: -0.79178 | T26: -100
B27: КЛ-0,4 кВ «ТП 367 – ВРУ ж.д. Герцена,94» | D27: 0.52746 | E27: 0 | F27: 0 | G27: 0 | H27: 0 | I27: 0 | J27: 0.52746 | K27: 0 | L27: 0 | M27: 0 | N27: 0 | O27: 0 | Q27: 0 | R27: 0.52746 | S27: -0.52746 | T27: -100
B28: КЛ-0,4 кВ «ТП 367 – ВРУ ж.д. Ветошкина,99» | D28: 0.42244 | E28: 0 | F28: 0 | G28: 0 | H28: 0 | I28: 0 | J28: 0.42244 | K28: 0 | L28: 0 | M28: 0 | N28: 0 | O28: 0 | Q28: 0 | R28: 0.42244 | S28: -0.42244 | T28: -100
... B34: КЛ-0,4 кВ «ТП 422– ВРУ ж/д Советский пр., 131» | D34: 0.3186 | E34: 0 | F34: 0 | G34: 0 | H34: 0 | I34: 0 | J34: 0 | K34: 0 | L34: 0.3186 | M34: 0 | N34: 0 | O34: 0 | Q34: 0 | R34: 0.3186 | S34: -0.3186 | T34: -100
B35: КЛ 0,4 ТП217-ВРУ здания СТО Козленская | D35: 0 | E35: 0.94338286 | F35: 0 | G35: 0.94338286 | H35: 0 | I35: 0 | J35: 0 | K35: 0 | L35: 0 | M35: 0 | N35: 0.94338286 | O35: 0 | P35: 0 | Q35: 0 | R35: -0.94338286 | S35: 0.94338286 | T35: 0
B36: Вынос КЛ 0,4 кВ "ТП356 - админ.здание, ул.Герцена, 54" (ООО Соната) | D36: 0 | E36: 0.14411027 | F36: 0 | G36: 0 | H36: 0 | I36: 0 | J36: 0 | K36: 0 | L36: 0 | M36: 0.14411027 | N36: 0.14411027 | O36: 0.14411027 | P36: 0.14411027 | Q36: 0.14411027 | R36: -0.14411027 | S36: 0.14411027 | T36: 0
B37: Переустройство ВЛ 0,4 кВ и прокладка КЛ 0,4 кВ от ТП-700 (многокв.жилой дом, Пречист.наб) | D37: 0 | E37: 0.17522998 | F37: 0 | G37: 0 | H37: 0 | I37: 0 | J37: 0 | K37: 0 | L37: 0 | M37: 0.17522998 | N37: 0.17522998 | O37: 0.17522998 | P37: 0 | Q37: 0 | R37: -0.17522998 | S37: 0.17522998 | T37: 0
A38: 1.3. | B38: Кабельные линии 6-10 кВ. | D38: 25.8538 | E38: 3.9131107 | F38: 3.2804 | G38: 0.51887716 | H38: 7.6818 | I38: 1.123631 | J38: 7.6818 | K38: 0 | L38: 7.2098 | M38: 2.2706025 | N38: 3.9131107 | O38: 2.2706025 | P38: 2.538356 | Q38: 2.538356 | R38: 21.940689 | S38: -21.940689 | T38: -84.864466 | U38: 0 | V38: 0 | W38: 0
B39: КЛ-6 кВ «ТП 13 – ТП149» | D39: 1.24018 | E39: 0 | F39: 1.24018 | G39: 0 | H39: 0 | I39: 0 | J39: 0 | K39: 0 | L39: 0 | M39: 0 | N39: 0 | O39: 0 | Q39: 0 | R39: 1.24018 | S39: -1.24018 | T39: -100
B40: КЛ-6 кВ «ТП 22 – ТП303» | D40: 0.49678 | E40: 0 | F40: 0.49678 | G40: 0 | H40: 0 | I40: 0 | J40: 0 | K40: 0 | L40: 0 | M40: 0 | N40: 0 | O40: 0 | Q40: 0 | R40: 0.49678 | S40: -0.49678 | T40: -100
B41: КЛ-6 кВ «ТП 27 – ТП63» | D41: 0.49678 | E41: 0 | F41: 0.49678 | G41: 0 | H41: 0 | I41: 0 | J41: 0 | K41: 0 | L41: 0 | M41: 0 | N41: 0 | O41: 0 | Q41: 0 | R41: 0.49678 | S41: -0.49678 | T41: -100
B42: КЛ-6 кВ «ТП 32 – ТП2» | D42: 1.24018 | E42: 0 | F42: 1.04666 | G42: 0 | H42: 0.19352 | I42: 0 | J42: 0 | K42: 0 | L42: 0 | M42: 0 | N42: 0 | O42: 0 | Q42: 0 | R42: 1.24018 | S42: -1.24018 | T42: -100
B43: КЛ-6 кВ «ТП 35 – ТП193» | D43: 1.3393 | E43: 0 | F43: 0 | G43: 0 | H43: 1.3393 | I43: 0 | J43: 0 | K43: 0 | L43: 0 | M43: 0 | N43: 0 | O43: 0 | Q43: 0 | R43: 1.3393 | S43: -1.3393 | T43: -100
B44: КЛ-6 кВ «ТП 56 – ТП258» | D44: 0.5959 | E44: 0 | F44: 0 | G44: 0 | H44: 0.5959 | I44: 0 | J44: 0 | K44: 0 | L44: 0 | M44: 0 | N44: 0 | O44: 0 | Q44: 0 | R44: 0.5959 | S44: -0.5959 | T44: -100
B45: КЛ-6 кВ «ТП 60 – ТП121» | D45: 0.79414 | E45: 0 | F45: 0 | G45: 0 | H45: 0.79414 | I45: 0 | J45: 0 | K45: 0 | L45: 0 | M45: 0 | N45: 0 | O45: 0 | Q45: 0 | R45: 0.79414 | S45: -0.79414 | T45: -100
B46: КЛ-6 кВ «ТП 69 – ТП309» | D46: 0.57112 | E46: 0 | F46: 0 | G46: 0 | H46: 0.57112 | I46: 0 | J46: 0 | K46: 0 | L46: 0 | M46: 0 | N46: 0 | O46: 0 | Q46: 0 | R46: 0.57112 | S46: -0.57112 | T46: -100
B47: КЛ-6 кВ «ТП 110 – ТП113» | D47: 0.69502 | E47: 0 | F47: 0 | G47: 0 | H47: 0.69502 | I47: 0 | J47: 0 | K47: 0 | L47: 0 | M47: 0 | N47: 0 | O47: 0 | Q47: 0 | R47: 0.69502 | S47: -0.69502 | T47: -100
B48: КЛ-6 кВ «ТП 121 – ТП153» | D48: 0.74458 | E48: 0 | F48: 0 | G48: 0 | H48: 0.74458 | I48: 0 | J48: 0 | K48: 0 | L48: 0 | M48: 0 | N48: 0 | O48: 0 | Q48: 0 | R48: 0.74458 | S48: -0.74458 | T48: -100
B49: КЛ-6 кВ «ТП 131 – ТП188» | D49: 0.86848 | E49: 0 | F49: 0 | G49: 0 | H49: 0.86848 | I49: 0 | J49: 0 | K49: 0 | L49: 0 | M49: 0 | N49: 0 | O49: 0 | Q49: 0 | R49: 0.86848 | S49: -0.86848 | T49: -100
B50: КЛ-6 кВ «ТП 171 – ТП 247» | D50: 1.5635 | E50: 0 | F50: 0 | G50: 0 | H50: 1.5635 | I50: 0 | J50: 0 | K50: 0 | L50: 0 | M50: 0 | N50: 0 | O50: 0 | Q50: 0 | R50: 1.5635 | S50: -1.5635 | T50: -100
... B61: КЛ-6 кВ – ВЛ 6 кВ №35 | D61: 0.6195 | E61: 0 | F61: 0 | G61: 0 | H61: 0 | I61: 0 | J61: 0 | K61: 0 | L61: 0.6195 | M61: 0 | N61: 0 | O61: 0 | Q61: 0 | R61: 0.6195 | S61: -0.6195 | T61: -100
B62: КЛ 10 кВ "ЛЭП 10 кВ №12 - ТП 502" | D62: 0 | E62: 0.06129038 | F62: 0 | G62: 0.06129038 | H62: 0 | I62: 0 | J62: 0 | K62: 0 | L62: 0 | M62: 0 | N62: 0.06129038 | O62: 0 | P62: 0 | Q62: 0 | R62: -0.06129038 | S62: 0.06129038 | T62: 0
B63: вынос КЛ 6-10 "ТП833-ТП217" из пятна застройки жилого комплекса, ул.Козленская (Железобетон-12) | D63: 0 | E63: 0.45758678 | F63: 0 | G63: 0.45758678 | H63: 0 | I63: 0 | J63: 0 | K63: 0 | L63: 0 | M63: 0 | N63: 0.45758678 | O63: 0 | P63: 0 | Q63: 0 | R63: -0.45758678 | S63: 0.45758678 | T63: 0
B64: Реконструкция КЛ-6 кВ направлением РП №9 - ТП №266 | D64: 0 | E64: 0.08447974 | F64: 0 | G64: 0 | H64: 0 | I64: 0.08447974 | J64: 0 | K64: 0 | L64: 0 | M64: 0 | N64: 0.08447974 | O64: 0 | P64: 0 | Q64: 0 | R64: -0.08447974 | S64: 0.08447974 | T64: 0
B65: Реконструкция КЛ-6 кВ направлением ТП-34СЖД - ТП №662 | D65: 0 | E65: 0.12469414 | F65: 0 | G65: 0 | H65: 0 | I65: 0.12469414 | J65: 0 | K65: 0 | L65: 0 | M65: 0 | N65: 0.12469414 | O65: 0 | P65: 0 | Q65: 0 | R65: -0.12469414 | S65: 0.12469414 | T65: 0
B66: ТП32-ТП2 (13.209.010.01.231.1) | D66: 0 | E66: 0.9144571 | F66: 0 | G66: 0 | H66: 0 | I66: 0.9144571 | J66: 0 | K66: 0 | L66: 0 | M66: 0 | N66: 0.9144571 | O66: 0 | P66: 0 | Q66: 0 | R66: -0.9144571 | S66: 0.9144571 | T66: 0
B67: вынос КЛ 0,4 кВ, КЛ 6 кВ по ул.Пушкинская,10 (ООО Бизнес Центр Проспект) | D67: 0 | E67: 0.14500583 | F67: 0 | G67: 0 | H67: 0 | I67: 0 | J67: 0 | K67: 0 | L67: 0 | M67: 0.14500583 | N67: 0.14500583 | O67: 0.14500583 | P67: 0 | Q67: 0 | R67: -0.14500583 | S67: 0.14500583 | T67: 0
B68: КЛ 10 кВ П/С "Восточная"-ТП 561 в соответствии с ТУ ТП-11/0431 (13.209.010.01.273.1.0000) | D68: 0 | E68: 2.538356 | F68: 0 | G68: 0 | H68: 0 | I68: 0 | J68: 0 | K68: 0 | L68: 0 | M68: 2.538356 | N68: 2.538356 | O68: 2.538356 | P68: 2.538356 | Q68: 2.538356 | R68: -2.538356 | S68: 2.538356 | T68: 0
B69: КЛ 10 кВ ТП374-ТП64 | D69: 0 | E69: -0.43194495 | F69: 0 | G69: 0 | H69: 0 | I69: 0 | J69: 0 | K69: 0 | L69: 0 | M69: -0.43194495 | N69: -0.43194495 | O69: -0.43194495 | P69: 0 | Q69: 0 | R69: 0.43194495 | S69: -0.43194495 | T69: 0
B70: Переустройство КЛ 6 кВ "ТП439 - ТП286" | D70: 0 | E70: 0.01918562 | F70: 0 | G70: 0 | H70: 0 | I70: 0 | J70: 0 | K70: 0 | L70: 0 | M70: 0.01918562 | N70: 0.01918562 | O70: 0.01918562 | P70: 0 | Q70: 0 | R70: -0.01918562 | S70: 0.01918562 | T70: 0
A71: 1.4. | B71: Воздушные линии 04 кВ. | D71: 9.027 | E71: 1.13608 | F71: 0.413 | G71: 0 | H71: 3.5164 | I71: 0.50571686 | J71: 3.5636 | K71: 0 | L71: 1.534 | M71: 0.63036315 | N71: 1.13608 | O71: 0.63036315 | P71: 0 | Q71: 0 | R71: 7.89092 | S71: -7.89092 | T71: -87.414645 | U71: 0 | V71: 0 | W71: 0
B72: ВЛ-0,4 кВ от ТП-548 (Вологда) | D72: 1.70864 | E72: 0 | F72: 0.413 | G72: 0 | H72: 1.29564 | I72: 0 | J72: 0 | K72: 0 | L72: 0 | M72: 0 | N72: 0 | O72: 0 | Q72: 0 | R72: 1.70864 | S72: -1.70864 | T72: -100
B73: ВЛ-0,4 кВ от ТП-549 (Вологда) | D73: 1.27558 | E73: 0 | F73: 0 | G73: 0 | H73: 1.27558 | I73: 0 | J73: 0 | K73: 0 | L73: 0 | M73: 0 | N73: 0 | O73: 0 | Q73: 0 | R73: 1.27558 | S73: -1.27558 | T73: -100
B74: ВЛ-0,4 кВ от ТП-598 (Вологда) | D74: 0.6254 | E74: 0 | F74: 0 | G74: 0 | H74: 0.6254 | I74: 0 | J74: 0 | K74: 0 | L74: 0 | M74: 0 | N74: 0 | O74: 0 | Q74: 0 | R74: 0.6254 | S74: -0.6254 | T74: -100
B75: ВЛ-0,4 кВ от ТП-34 (Вологда) | D75: 0.38468 | E75: 0 | F75: 0 | G75: 0 | H75: 0.31978 | I75: 0 | J75: 0.0649 | K75: 0 | L75: 0 | M75: 0 | N75: 0 | O75: 0 | Q75: 0 | R75: 0.38468 | S75: -0.38468 | T75: -100
B76: ВЛ-0,4 кВ от ТП-132 (Вологда) | D76: 0.40946 | E76: 0 | F76: 0 | G76: 0 | H76: 0 | I76: 0 | J76: 0.40946 | K76: 0 | L76: 0 | M76: 0 | N76: 0 | O76: 0 | Q76: 0 | R76: 0.40946 | S76: -0.40946 | T76: -100
B77: ВЛ-0,4 кВ от ТП-454 (Вологда) | D77: 0.3658 | E77: 0 | F77: 0 | G77: 0 | H77: 0 | I77: 0 | J77: 0.3658 | K77: 0 | L77: 0 | M77: 0 | N77: 0 | O77: 0 | Q77: 0 | R77: 0.3658 | S77: -0.3658 | T77: -100
B78: ВЛ-0,4 кВ от ТП-620 (Вологда) | D78: 0.84724 | E78: 0 | F78: 0 | G78: 0 | H78: 0 | I78: 0 | J78: 0.84724 | K78: 0 | L78: 0 | M78: 0 | N78: 0 | O78: 0 | Q78: 0 | R78: 0.84724 | S78: -0.84724 | T78: -100
B79: ВЛ-0,4 кВ от ТП-320 (Вологда) | D79: 0.65018 | E79: 0 | F79: 0 | G79: 0 | H79: 0 | I79: 0 | J79: 0.65018 | K79: 0 | L79: 0 | M79: 0 | N79: 0 | O79: 0 | Q79: 0 | R79: 0.65018 | S79: -0.65018 | T79: -100
B80: ВЛ-0,4 кВ от ТП-723 (Вологда) | D80: 0.88618 | E80: 0 | F80: 0 | G80: 0 | H80: 0 | I80: 0 | J80: 0.88618 | K80: 0 | L80: 0 | M80: 0 | N80: 0 | O80: 0 | Q80: 0 | R80: 0.88618 | S80: -0.88618 | T80: -100
B81: ВЛ-0,4 кВ от ТП-260 (Вологда) | D81: 0.81892 | E81: 0 | F81: 0 | G81: 0 | H81: 0 | I81: 0 | J81: 0.33984 | K81: 0 | L81: 0.47908 | M81: 0 | N81: 0 | O81: 0 | Q81: 0 | R81: 0.81892 | S81: -0.81892 | T81: -100
B82: ВЛ-0,4 кВ от ТП-139 (Вологда) | D82: 0.71272 | E82: 0 | F82: 0 | G82: 0 | H82: 0 | I82: 0 | J82: 0 | K82: 0 | L82: 0.71272 | M82: 0 | N82: 0 | O82: 0 | Q82: 0 | R82: 0.71272 | S82: -0.71272 | T82: -100
B83: ВЛ-0,4 кВ от ТП-427 (Вологда) | D83: 0.3422 | E83: 0 | F83: 0 | G83: 0 | H83: 0 | I83: 0 | J83: 0 | K83: 0 | L83: 0.3422 | M83: 0 | N83: 0 | O83: 0 | Q83: 0 | R83: 0.3422 | S83: -0.3422 | T83: -100
... B86: Вынос ВЛ 0,4 кВ от КТП-143 в районе строительства ж/дома, ул.Восточная-Спирина (Вологдаагрострой) | D86: 0 | E86: 0.37611188 | F86: 0 | G86: 0 | H86: 0 | I86: 0 | J86: 0 | K86: 0 | L86: 0 | M86: 0.37611188 | N86: 0.37611188 | O86: 0.37611188 | Q86: 0 | R86: -0.37611188 | S86: 0.37611188 | T86: 0
A87: 1.5. | B87: Воздушные линии 6-10 кВ. | D87: 6.018 | E87: 1.5941477 | F87: 0 | G87: 1.5846383 | H87: 2.4662 | I87: 0.009509384 | J87: 2.6904 | K87: 0 | L87: 0.8614 | M87: 0 | N87: 1.5941477 | O87: 0 | P87: 0 | Q87: 0 | R87: 4.4238523 | S87: -4.4238523 | T87: -73.510341 | U87: 0 | V87: 0 | W87: 0 | X87: 0
B88: ВЛ-10 кВ №1 | D88: 0.8378 | E88: 0 | F88: 0 | G88: 0 | H88: 0.8378 | I88: 0 | J88: 0 | K88: 0 | L88: 0 | M88: 0 | N88: 0 | O88: 0 | Q88: 0 | R88: 0.8378 | S88: -0.8378 | T88: -100
B89: ВЛ-6 кВ №34 | D89: 3.009 | E89: 0 | F89: 0 | G89: 0 | H89: 1.6284 | I89: 0 | J89: 1.3806 | K89: 0 | L89: 0 | M89: 0 | N89: 0 | O89: 0 | Q89: 0 | R89: 3.009 | S89: -3.009 | T89: -100
B90: ВЛ-6 кВ №10 | D90: 2.06382 | E90: 0 | F90: 0 | G90: 0 | H90: 0 | I90: 0 | J90: 1.3098 | K90: 0 | L90: 0.75402 | M90: 0 | N90: 0 | O90: 0 | Q90: 0 | R90: 2.06382 | S90: -2.06382 | T90: -100
B91: ВЛ-10 кВ №6 | D91: 0.10738 | E91: 0 | F91: 0 | G91: 0 | H91: 0 | I91: 0 | J91: 0 | K91: 0 | L91: 0.10738 | M91: 0 | N91: 0 | O91: 0 | Q91: 0 | R91: 0.10738 | S91: -0.10738 | T91: -100
B92: ВЛ 10 кВ ЛЭП №1 (строит.КЛ 10кВ "ТП421-КТП191") | D92: 0 | E92: 1.5941477 | F92: 0 | G92: 1.5846383 | H92: 0 | I92: 0.009509384 | J92: 0 | K92: 0 | L92: 0 | M92: 0 | N92: 1.5941477 | O92: 0 | P92: 0 | Q92: 0 | R92: -1.5941477 | S92: 1.5941477 | T92: 0
A93: 1.6. | B93: ТП, РП, ПС. | D93: 0 | E93: 0.65907467 | F93: 0 | G93: 0 | H93: 0 | I93: 0.55287467 | J93: 0 | K93: 0 | L93: 0 | M93: 0.1062 | N93: 0.65907467 | O93: 0.1062 | P93: 0.1062 | Q93: 0.1062 | R93: -0.65907467 | S93: 0.65907467 | T93: 0
A94: 1.7. | B94: Оборудование, не входящее в сметы строек | C94: 0 | D94: 19.175 | E94: 3.9607066 | F94: 4.74655 | G94: 0.3648616 | H94: 4.84095 | I94: 1.9423375 | J94: 4.74655 | K94: 0 | L94: 4.84095 | M94: 1.6535075 | N94: 3.9607066 | O94: 1.6535075 | P94: 4.9547004 | Q94: 2.6600032 | R94: 15.214293 | S94: -15.214293 | T94: -79.344425 | U94: 0 | V94: 0 | W94: 0
A95: 1.7.1. | B95: Оборудование, инструмент, средства механизации | D95: 5.723 | E95: 0.32776478 | F95: 1.43075 | G95: 0.111354 | H95: 1.43075 | I95: 0.13991719 | J95: 1.43075 | K95: 0 | L95: 1.43075 | M95: 0.076493583 | N95: 0.32776478 | O95: 0.076493583 | P95: 3.2776478 | Q95: 3.0263766 | R95: 5.3952352 | S95: -5.3952352 | T95: -94.27285
A96: 1.7.2. | B96: Силовые трансформаторы | D96: 5.0032 | E96: 3.1239438 | F96: 1.2036 | G96: 0 | H96: 1.298 | I96: 1.7899184 | J96: 1.2036 | K96: 0 | L96: 1.298 | M96: 1.3340254 | N96: 3.1239438 | O96: 1.3340254 | P96: 1.298 | Q96: -0.4919184 | R96: 1.8792562 | S96: -1.8792562 | T96: -37.561085
A97: 1.7.3. | B97: Создание и модернизация систем телемеханики и связи, оргтехника, программное обеспечение | D97: 8.4488 | E97: 0 | F97: 2.1122 | G97: 0.2535076 | H97: 2.1122 | I97: 0.012501876 | J97: 2.1122 | K97: 0 | L97: 2.1122 | M97: -0.26600948 | N97: 0 | O97: -0.26600948 | P97: 0 | Q97: -0.2535076 | R97: 8.4488 | S97: -8.4488 | T97: -100
A98: 1.7.4. | B98: Расширение производственных баз | D98: 0 | E98: 0.50899801 | F98: 0 | G98: 0 | H98: 0 | I98: 0 | J98: 0 | K98: 0 | L98: 0 | M98: 0.50899801 | N98: 0.50899801 | O98: 0.50899801 | P98: 0.37905264 | Q98: 0.37905264 | R98: -0.50899801 | S98: 0.50899801 | T98: 0
A99: 2. | B99: Новое строительство | D99: 77.67527 | E99: 0.67371695 | F99: 15.0863 | G99: 0 | H99: 24.093535 | I99: 0 | J99: 23.409135 | K99: 0 | L99: 15.0863 | M99: 0.67371695 | N99: 0.67371695 | O99: 0.67371695 | P99: 0 | Q99: 0 | R99: 77.001553 | S99: -77.001553 | T99: -99.132649 | U99: 0 | V99: 0 | W99: 0
A100: 2.1. | B100: Энергосбережение и повышение энергетической эффективности | D100: 60.3452 | E100: 0.67371695 | F100: 15.0863 | G100: 0 | H100: 15.0863 | I100: 0 | J100: 15.0863 | K100: 0 | L100: 15.0863 | M100: 0.67371695 | N100: 0.67371695 | O100: 0.67371695 | P100: 0 | Q100: 0 | R100: 59.671483 | S100: -59.671483 | T100: -98.883562 | U100: 0 | V100: 0 | W100: 0
A101: 2.1.1. | B101: АИИС КУЭ | D101: 60.3452 | E101: 0.67371695 | F101: 15.0863 | G101: 0 | H101: 15.0863 | I101: 0 | J101: 15.0863 | K101: 0 | L101: 15.0863 | M101: 0.67371695 | N101: 0.67371695 | O101: 0.67371695 | P101: 0 | Q101: 0 | R101: 59.671483 | S101: -59.671483 | T101: -98.883562
A102: 2.2. | B102: РТП, РП, ТП, ПС | D102: 10.93447 | E102: 0 | F102: 0 | G102: 0 | H102: 5.467235 | I102: 0 | J102: 5.467235 | K102: 0 | L102: 0 | M102: 0 | N102: 0 | O102: 0 | P102: 0 | Q102: 0 | R102: 10.93447 | S102: -10.93447 | T102: -100
A103: 2.3. | B103: Кабельные линии 6-10 кВ. | D103: 6.3956 | E103: 0 | F103: 0 | G103: 0 | H103: 3.54 | I103: 0 | J103: 2.8556 | K103: 0 | L103: 0 | M103: 0 | N103: 0 | O103: 0 | P103: 0 | Q103: 0 | R103: 6.3956 | S103: -6.3956 | T103: -100
A104: 3. | B104: Приобретение автотранспорта и спецтехники | D104: 15.0096 | E104: 0 | F104: 3.7524 | G104: 0 | H104: 3.7524 | I104: 0 | J104: 3.7524 | K104: 0 | L104: 3.7524 | M104: 0 | N104: 0 | O104: 0 | P104: 0 | Q104: 0 | R104: 15.0096 | S104: -15.0096 | T104: -100
A105: 4. | B105: Технологическое присоединение | D105: 0 | E105: 162.44829 | F105: 0 | G105: 27.304316 | H105: 0 | I105: 22.860645 | J105: 0 | K105: 2.3954 | L105: 0 | M105: 109.88793 | N105: 162.44829 | O105: 109.88793 | P105: 146.843 | Q105: 83.209744 | R105: -162.44829 | S105: 162.44829 | T105: 0 | W105: исполнение требований действующего законодательства (постановление Правительства РФ от 27.12.2004 г. № 861)
B107: Панько Д.М. 88172-54-55-71

Sheet 6.2
EY1: Приложение № 6.2
EY2: к Приказу Минэнерго России
EY3: от 24.03.2010 № 114
A4: Отчет об источниках финансирования инвестиционных программ ГП ВО "Облстные электротеплосети" за 2015 год, млн. рублей с НДС
BB5: Утверждаю Директор ГП ВО "Областные электротеплосети"
BB6: ______________А.А. Цветков
BB7: "____"______________2016 года
EY8: М.П.
A10: № | G10: Источник финансирования | AO10: Объем финансирования [отчетный год] | EA10: Причины отклонений
AO11: всего | BG11: I кв. | BY11: II кв. | CQ11: III кв. | DI11: IV кв.
AO12: план * | AX12: факт ** | BG12: план | BP12: факт | BY12: план | CH12: факт | CQ12: план | CZ12: факт | DI12: план | DR12: факт
A13: 1 | G13: Собственные средства | AO13: 159.26047 | AX13: 175.64785 | BG13: 28.64981 | BP13: 30.716076 | BY13: 48.557885 | CH13: 26.994714 | CQ13: 48.050485 | CZ13: 2.3954 | DI13: 34.00229 | DR13: 115.54166
A14: 1.1. | G14: Прибыль, направляемая на инвестиции: | AO14: 0 | AX14: 0 | BG14: 0 | BP14: 0 | BY14: 0 | CH14: 0
A15: 1.1.1. | G15: в т.ч. инвестиционная составляющая в тарифе | AO15: 0 | AX15: 0
A16: 1.1.2. | G16: в т.ч. прибыль со свободного сектора | AO16: 0 | AX16: 0
A17: 1.1.3. | G17: в т.ч. выпадающие доходы в тарифе | AO17: 0 | AX17: 0 | DI17: 0
A18: 1.1.3.1. | G18: в т.ч. от технологического присоединения генерации | AO18: 0 | AX18: 0
A19: 1.1.3.2. | G19: в т.ч. от технологического присоединения потребителей | AO19: 0 | AX19: 0
A20: 1.1.4. | G20: Прочая прибыль | AO20: 0 | AX20: 0
A21: 1.2. | G21: Амортизация | AO21: 134.9665 | AX21: 118.37993 | BG21: 24.2795 | BP21: 17.930187 | BY21: 41.15075 | CH21: 18.216386 | CQ21: 40.72075 | CZ21: 2.03 | DI21: 28.8155 | DR21: 80.20336
A22: 1.2.1. | G22: Амортизация, учтенная в тарифе | AO22: 134.9665 | AX22: 118.37993 | BG22: 24.2795 | BP22: 17.930187 | BY22: 41.15075 | CH22: 18.216386 | CQ22: 40.72075 | CZ22: 2.03 | DI22: 28.8155 | DR22: 80.20336
A23: 1.2.2. | G23: Прочая амортизация | AO23: 0 | AX23: 0
A24: 1.2.3. | G24: Недоиспользованная амортизация прошлых лет | AO24: 0 | AX24: 0
A25: 1.3. | G25: Возврат НДС | AO25: 24.29397 | AX25: 26.79374 | BG25: 4.37031 | BP25: 4.6855031 | BY25: 7.407135 | CH25: 4.1178378 | CQ25: 7.329735 | CZ25: 0.3654 | DI25: 5.18679 | DR25: 17.624999
A26: 1.4. | G26: Прочие собственные средства (плата за технологическое присоединение потребителей) | AO26: 0 | AX26: 30.474179 | BG26: 0 | BP26: 8.1003862 | BY26: 0 | CH26: 4.6604903 | CQ26: 0 | DI26: 0 | DR26: 17.713302
A27: 1.4.1. | G27: в т.ч. средства допэмиссии
A28: 1.5. | G28: Остаток собственных средств на начало года
A29: 2. | G29: Привлеченные средства, в т.ч.:
A30: 2.1. | G30: Кредиты
A31: 2.2. | G31: Облигационные займы
A32: 2.3. | G32: Займы организаций
A33: 2.4. | G33: Бюджетное финансирование
A34: 2.5. | G34: Средства внешних инвесторов
A35: 2.6. | G35: Использование лизинга
A36: 2.7. | G36: Прочие привлеченные средства
G37: ВСЕГО источников финансирования
G38: для ОГК/ТГК, в том числе
G39: ДПМ
G40: вне ДПМ
B42: Панько Д.М.
B43: 88172-54-55-71

Sheet 6.3
CK1: Приложение № 6.3 к Приказу Минэнерго России от 24.03.2010 № 114
A3: Отчет о вводах/выводах объектов ГП ВО "Областные электротеплосети" за 2015 год
CM4: Утверждаю Директор ГП ВО "Областные электротеплосети"
CM5: ________________А.А. Цветков
CM6: "____"______________2016 года
CM8: М.П.
A11: № | F11: Наименование проекта | Z11: Ввод мощностей | CR11: Вывод мощностей
Z12: план * | BI12: факт | CR12: план * | EA12: факт
Z13: МВт, Гкал/час, км, МВА | BI13: МВт, Гкал/час, км, МВА | CR13: МВт, Гкал/час, км, МВА | EA13: МВт, Гкал/час, км, МВА
Z14: I кв. | AG14: II кв. | AN14: III кв. | AU14: IV кв. | BB14: 2015 г. | BI14: I кв. | BP14: II кв. | BW14: III кв. | CD14: IV кв. | CK14: 2015 г. | CR14: I кв. | CY14: II кв. | DF14: III кв. | DM14: IV кв. | DT14: 2015 г. | EA14: I кв. | EH14: II кв. | EO14: III кв. | EV14: IV кв. | FC14: 2015 г.
A15: 1 | F15: 2 | Z15: 3 | AG15: 4 | AN15: 5 | AU15: 6 | BB15: 7 | BI15: 8 | BP15: 9 | BW15: 10 | CD15: 11 | CK15: 12 | CR15: 13 | CY15: 14 | DF15: 15 | DM15: 16 | DT15: 17 | EA15: 18 | EH15: 19 | EO15: 20 | EV15: 21 | FC15: 22
A16: 1.1 | F16: КЛ 0,4 кВ | Z16: 1.3 | AG16: 2.1 | AN16: 2.1 | AU16: 0.66 | BB16: 6.16 | BI16: 0.34 | BP16: 0 | BW16: 0 | CD16: 0.57018371 | CK16: 0.91018371 | CR16: 1.3 | CY16: 2.1 | DF16: 2.1 | DM16: 0.66 | DT16: 6.16 | EA16: 0.34 | EH16: 0 | EO16: 0 | EV16: 0.57018371 | FC16: 0.91018371
A17: 1.2 | F17: КЛ 6-10 кВ | Z17: 1.8 | AG17: 3.1 | AN17: 3.1 | AU17: 2.42 | BB17: 10.42 | BI17: 0.19 | BP17: 0 | BW17: 0.21 | CD17: 0.98092853 | CK17: 1.3809285 | CR17: 1.8 | CY17: 3.1 | DF17: 3.1 | DM17: 2.42 | DT17: 10.42 | EA17: 0.19 | EH17: 0 | EO17: 0.21 | EV17: 0.98092853 | FC17: 1.3809285
A18: 1.3 | F18: ВЛ 0,4 кВ | Z18: 0.85 | AG18: 7.3 | AN18: 7.4 | AU18: 3.2 | BB18: 18.75 | BP18: 0.15 | BW18: 0 | CD18: 0.67043719 | CK18: 0.82043719 | CR18: 0.85 | CY18: 7.3 | DF18: 7.4 | DM18: 3.2 | DT18: 18.75 | EA18: 0 | EH18: 0.15 | EO18: 0 | EV18: 0.67043719 | FC18: 0.82043719
A19: 1.4 | F19: ВЛ 6-10 кВ | Z19: - | AG19: 2.3 | AN19: 2.5 | AU19: 0.8 | BB19: 5.6 | BI19: 0.33 | BP19: 0 | BW19: 0 | CD19: 0 | CK19: 0.33 | CR19: - | CY19: 2.3 | DF19: 2.5 | DM19: 0.8 | DT19: 5.6 | EA19: 0.33 | EH19: 0 | EO19: 0 | EV19: 0 | FC19: 0.33
A20: 1.5 | F20: ТП, РП, ПС | Z20: 0 | AG20: 0 | AN20: 0 | AU20: 0 | BB20: 0 | CK20: 0 | CR20: 0 | CY20: 0 | DF20: 0 | DM20: 0 | DT20: - | EA20: 0 | EH20: 0 | EO20: 0 | EV20: 0 | FC20: 0
A21: 1.6 | F21: Силовые трансформаторы | Z21: 2 | AG21: 2.12 | AN21: 2 | AU21: 2.12 | BB21: 8.24 | CD21: 4.8 | CK21: 4.8 | CR21: 2 | CY21: 2.12 | DF21: 2 | DM21: 2.12 | DT21: 8.24 | EA21: 0 | EH21: 0 | EO21: 0 | EV21: 4.8 | FC21: 4.8
A22: 1.7 | F22: Новое строительство ТП, РП, РТП, ПС | Z22: - | AG22: 0.35971959 | AN22: 0.35971959 | AU22: - | BB22: 0.71943919 | CK22: 0 | CR22: - | CY22: 0.35971959 | DF22: 0.35971959 | DM22: - | DT22: -
A23: 1.8 | F23: Новое строительство КЛ 6-10кВ | Z23: - | AG23: 1 | AN23: 0.8 | AU23: - | BB23: 1.8 | CK23: 0 | CR23: - | CY23: 1 | DF23: 0.8 | DM23: - | DT23: -
A24: 2 | F24: Технологическое присоединение, МВт/км | BB24: 0 | BI24: 4/5,38 | BP24: 1,2/10,39 | BW24: 0,25/0,75 | CD24: 22,35/42,82 | CK24: 27,8/58,34 | CR24: 0 | CY24: 0 | DF24: 0 | DM24: 0 | DT24: 0
A30: Белоусов С.Н.
A31: 88712-54-00-24

Sheet 7.1 с НДС 
U1: Приложение № 7.1 к Приказу Минэнерго России от 24.03.2010 № 114
A2: Отчет об исполнении инвестиционной программы ГП ВО "Областные электротеплосети", млн. рублей с НДС (представляется ежеквартально)
W3: Утверждаю
U4: Директор ГП ВО "Областные электротеплосети"
U5: _________________А.А. Цветков
U6: "____"______________2016 года
W8: М.П.
A10: № | B10: Наименование объекта | C10: Остаток стоимости на начало года * | D10: Объем финансирования 2015 г. | N10: Освоено (закрыто актами выполнен- ных работ), млн. рублей | P10: Введено (оформлено актами ввода в эксплуатацию), млн. рублей | R10: Осталось профинанси- ровать по ре- зультатам отчетного периода * | S10: Отклонение *** | W10: Причины отклонений
D11: всего | F11: I кв. | H11: II кв. | J11: III кв. | L11: IV кв. | S11: млн. рублей | T11: % | U11: в том числе за счет
D12: план ** | E12: факт *** | F12: план | G12: факт | H12: план | I12: факт | J12: план | K12: факт | L12: план | M12: факт | N12: всего | O12: за отчетный квартал | P12: всего | Q12: за отчетный квартал | U12: уточнения стоимости по результатам утвержденной ПСД | V12: уточнения стоимости по результатам закупочных процедур
B13: ВСЕГО: | D13: 159.26047 | E13: 175.64785 | F13: 28.64981 | G13: 30.716076 | H13: 48.557885 | I13: 26.994714 | J13: 48.050485 | K13: 2.3954 | L13: 34.00229 | M13: 115.54166 | N13: 175.64785 | O13: 115.54166 | P13: 154.58637 | Q13: 88.658414 | R13: -16.387381 | S13: 81.539371 | T13: 239.80553 | U13: 0 | V13: 0
A14: 1 | B14: Техническое перевооружение и реконструкция | D14: 66.5756 | E14: 12.525843 | F14: 9.81111 | G14: 3.4117599 | H14: 20.71195 | I14: 4.1340694 | J14: 20.88895 | K14: 0 | L14: 15.16359 | M14: 4.9800134 | N14: 12.525843 | O14: 4.9800134 | P14: 7.7433667 | Q14: 5.4486695 | R14: 54.049757 | S14: -10.183577 | T14: -67.158084 | U14: 0 | V14: 0
A15: 1.1. | B15: Проектные работы по перевооружению и реконструкции | D15: 0 | E15: 0 | F15: 0 | G15: 0 | H15: 0 | I15: 0 | J15: 0 | K15: 0 | L15: 0 | M15: 0 | N15: 0 | O15: 0 | Q15: 0 | R15: 0 | S15: 0 | T15: 0
A16: 1.2. | B16: Кабельные линии 0,4 кВ. | D16: 6.5018 | E16: 1.2627231 | F16: 1.37116 | G16: 0.94338286 | H16: 2.2066 | I16: 0 | J16: 2.2066 | K16: 0 | L16: 0.71744 | M16: 0.31934025 | N16: 1.2627231 | O16: 0.31934025 | P16: 0.14411027 | Q16: 0.14411027 | R16: 5.2390769 | S16: -0.39809975 | T16: -55.488926 | U16: 0 | V16: 0
B17: КЛ-0,4 кВ «ТП 185 – ВРУ ж.д. Зосимовская,52» | D17: 0.31624 | E17: 0 | F17: 0.31624 | G17: 0 | H17: 0 | I17: 0 | J17: 0 | K17: 0 | L17: 0 | M17: 0 | N17: 0 | O17: 0 | Q17: 0 | R17: 0.31624 | S17: 0 | T17: 0
B18: КЛ-0,4 кВ «ТП 185 – ВРУ ж.д. Ветошкина,23» | D18: 0.31624 | E18: 0 | F18: 0.31624 | G18: 0 | H18: 0 | I18: 0 | J18: 0 | K18: 0 | L18: 0 | M18: 0 | N18: 0 | O18: 0 | Q18: 0 | R18: 0.31624 | S18: 0 | T18: 0
B19: КЛ-0,4 кВ «ТП 445 – ВРУ ж.д. Новгородская,9а» | D19: 0.21122 | E19: 0 | F19: 0.21122 | G19: 0 | H19: 0 | I19: 0 | J19: 0 | K19: 0 | L19: 0 | M19: 0 | N19: 0 | O19: 0 | Q19: 0 | R19: 0.21122 | S19: 0 | T19: 0
B20: КЛ-0,4 кВ «ТП 445 – ВРУ ж.д. Новгородская,9г» | D20: 0.52746 | E20: 0 | F20: 0.52746 | G20: 0 | H20: 0 | I20: 0 | J20: 0 | K20: 0 | L20: 0 | M20: 0 | N20: 0 | O20: 0 | Q20: 0 | R20: 0.52746 | S20: 0 | T20: 0
B21: КЛ-0,4 кВ «ТП 445 – ВРУ ж.д. Новгородская,9б» | D21: 0.58056 | E21: 0 | F21: 0 | G21: 0 | H21: 0.58056 | I21: 0 | J21: 0 | K21: 0 | L21: 0 | M21: 0 | N21: 0 | O21: 0 | Q21: 0 | R21: 0.58056 | S21: 0 | T21: 0
B22: КЛ-0,4 кВ «ТП 655 – ВРУ шк. Болонина, 32(уч.корпус)» | D22: 0.52746 | E22: 0 | F22: 0 | G22: 0 | H22: 0.52746 | I22: 0 | J22: 0 | K22: 0 | L22: 0 | M22: 0 | N22: 0 | O22: 0 | Q22: 0 | R22: 0.52746 | S22: 0 | T22: 0
B23: КЛ-0,4 кВ «ТП 655 – ВРУ шк. Болонина, 32(спорт.корпус)» | D23: 0.15812 | E23: 0 | F23: 0 | G23: 0 | H23: 0.15812 | I23: 0 | J23: 0 | K23: 0 | L23: 0 | M23: 0 | N23: 0 | O23: 0 | Q23: 0 | R23: 0.15812 | S23: 0 | T23: 0
B24: КЛ-0,4 кВ «ТП 655 – ВРУ шк. Болонина, 32(спал.корпус)» | D24: 0.3481 | E24: 0 | F24: 0 | G24: 0 | H24: 0.3481 | I24: 0 | J24: 0 | K24: 0 | L24: 0 | M24: 0 | N24: 0 | O24: 0 | Q24: 0 | R24: 0.3481 | S24: 0 | T24: 0
B25: КЛ-0,4 кВ «ТП 193 – ВРУ ж.д. Гагарина,53» | D25: 0.3481 | E25: 0 | F25: 0 | G25: 0 | H25: 0.3481 | I25: 0 | J25: 0 | K25: 0 | L25: 0 | M25: 0 | N25: 0 | O25: 0 | Q25: 0 | R25: 0.3481 | S25: 0 | T25: 0
B26: КЛ-0,4 кВ «ТП 106 – ВРУ ж.д. Козленская,127» | D26: 0.79178 | E26: 0 | F26: 0 | G26: 0 | H26: 0.24426 | I26: 0 | J26: 0.54752 | K26: 0 | L26: 0 | M26: 0 | N26: 0 | O26: 0 | Q26: 0 | R26: 0.79178 | S26: 0 | T26: 0
B27: КЛ-0,4 кВ «ТП 367 – ВРУ ж.д. Герцена,94» | D27: 0.52746 | E27: 0 | F27: 0 | G27: 0 | H27: 0 | I27: 0 | J27: 0.52746 | K27: 0 | L27: 0 | M27: 0 | N27: 0 | O27: 0 | Q27: 0 | R27: 0.52746 | S27: 0 | T27: 0
B28: КЛ-0,4 кВ «ТП 367 – ВРУ ж.д. Ветошкина,99» | D28: 0.42244 | E28: 0 | F28: 0 | G28: 0 | H28: 0 | I28: 0 | J28: 0.42244 | K28: 0 | L28: 0 | M28: 0 | N28: 0 | O28: 0 | Q28: 0 | R28: 0.42244 | S28: 0 | T28: 0
... B34: КЛ-0,4 кВ «ТП 422– ВРУ ж/д Советский пр., 131» | D34: 0.3186 | E34: 0 | F34: 0 | G34: 0 | H34: 0 | I34: 0 | J34: 0 | K34: 0 | L34: 0.3186 | M34: 0 | N34: 0 | O34: 0 | Q34: 0 | R34: 0.3186 | S34: -0.3186 | T34: -100
B35: КЛ 0,4 ТП217-ВРУ здания СТО Козленская | D35: 0 | E35: 0.94338286 | F35: 0 | G35: 0.94338286 | H35: 0 | I35: 0 | J35: 0 | K35: 0 | L35: 0 | M35: 0 | N35: 0.94338286 | O35: 0 | P35: 0 | Q35: 0 | R35: -0.94338286 | S35: 0 | T35: 0
B36: Вынос КЛ 0,4 кВ "ТП356 - админ.здание, ул.Герцена, 54" (ООО Соната) | D36: 0 | E36: 0.14411027 | F36: 0 | G36: 0 | H36: 0 | I36: 0 | J36: 0 | K36: 0 | L36: 0 | M36: 0.14411027 | N36: 0.14411027 | O36: 0.14411027 | P36: 0.14411027 | Q36: 0.14411027 | S36: 0.14411027 | T36: 0
B37: Переустройство ВЛ 0,4 кВ и прокладка КЛ 0,4 кВ от ТП-700 (многокв.жилой дом, Пречист.наб) | D37: 0 | E37: 0.17522998 | F37: 0 | G37: 0 | H37: 0 | I37: 0 | J37: 0 | K37: 0 | L37: 0 | M37: 0.17522998 | N37: 0.17522998 | O37: 0.17522998 | P37: 0 | Q37: 0 | S37: 0.17522998 | T37: 0
A38: 1.3. | B38: Кабельные линии 6-10 кВ. | D38: 25.8538 | E38: 3.9131107 | F38: 3.2804 | G38: 0.51887716 | H38: 7.6818 | I38: 1.123631 | J38: 7.6818 | K38: 0 | L38: 7.2098 | M38: 2.2706025 | N38: 3.9131107 | O38: 2.2706025 | P38: 2.538356 | Q38: 2.538356 | R38: 21.940689 | S38: -4.9391975 | T38: -68.50672 | U38: 0 | V38: 0 | W38: 0
B39: КЛ-6 кВ «ТП 13 – ТП149» | D39: 1.24018 | E39: 0 | F39: 1.24018 | G39: 0 | H39: 0 | I39: 0 | J39: 0 | K39: 0 | L39: 0 | M39: 0 | N39: 0 | O39: 0 | Q39: 0 | R39: 1.24018 | S39: 0 | T39: 0
B40: КЛ-6 кВ «ТП 22 – ТП303» | D40: 0.49678 | E40: 0 | F40: 0.49678 | G40: 0 | H40: 0 | I40: 0 | J40: 0 | K40: 0 | L40: 0 | M40: 0 | N40: 0 | O40: 0 | Q40: 0 | R40: 0.49678 | S40: 0 | T40: 0
B41: КЛ-6 кВ «ТП 27 – ТП63» | D41: 0.49678 | E41: 0 | F41: 0.49678 | G41: 0 | H41: 0 | I41: 0 | J41: 0 | K41: 0 | L41: 0 | M41: 0 | N41: 0 | O41: 0 | Q41: 0 | R41: 0.49678 | S41: 0 | T41: 0
B42: КЛ-6 кВ «ТП 32 – ТП2» | D42: 1.24018 | E42: 0 | F42: 1.04666 | G42: 0 | H42: 0.19352 | I42: 0 | J42: 0 | K42: 0 | L42: 0 | M42: 0 | N42: 0 | O42: 0 | Q42: 0 | R42: 1.24018 | S42: 0 | T42: 0
B43: КЛ-6 кВ «ТП 35 – ТП193» | D43: 1.3393 | E43: 0 | F43: 0 | G43: 0 | H43: 1.3393 | I43: 0 | J43: 0 | K43: 0 | L43: 0 | M43: 0 | N43: 0 | O43: 0 | Q43: 0 | R43: 1.3393 | S43: 0 | T43: 0
B44: КЛ-6 кВ «ТП 56 – ТП258» | D44: 0.5959 | E44: 0 | F44: 0 | G44: 0 | H44: 0.5959 | I44: 0 | J44: 0 | K44: 0 | L44: 0 | M44: 0 | N44: 0 | O44: 0 | Q44: 0 | R44: 0.5959 | S44: 0 | T44: 0
B45: КЛ-6 кВ «ТП 60 – ТП121» | D45: 0.79414 | E45: 0 | F45: 0 | G45: 0 | H45: 0.79414 | I45: 0 | J45: 0 | K45: 0 | L45: 0 | M45: 0 | N45: 0 | O45: 0 | Q45: 0 | R45: 0.79414 | S45: 0 | T45: 0
B46: КЛ-6 кВ «ТП 69 – ТП309» | D46: 0.57112 | E46: 0 | F46: 0 | G46: 0 | H46: 0.57112 | I46: 0 | J46: 0 | K46: 0 | L46: 0 | M46: 0 | N46: 0 | O46: 0 | Q46: 0 | R46: 0.57112 | S46: 0 | T46: 0
B47: КЛ-6 кВ «ТП 110 – ТП113» | D47: 0.69502 | E47: 0 | F47: 0 | G47: 0 | H47: 0.69502 | I47: 0 | J47: 0 | K47: 0 | L47: 0 | M47: 0 | N47: 0 | O47: 0 | Q47: 0 | R47: 0.69502 | S47: 0 | T47: 0
B48: КЛ-6 кВ «ТП 121 – ТП153» | D48: 0.74458 | E48: 0 | F48: 0 | G48: 0 | H48: 0.74458 | I48: 0 | J48: 0 | K48: 0 | L48: 0 | M48: 0 | N48: 0 | O48: 0 | Q48: 0 | R48: 0.74458 | S48: 0 | T48: 0
B49: КЛ-6 кВ «ТП 131 – ТП188» | D49: 0.86848 | E49: 0 | F49: 0 | G49: 0 | H49: 0.86848 | I49: 0 | J49: 0 | K49: 0 | L49: 0 | M49: 0 | N49: 0 | O49: 0 | Q49: 0 | R49: 0.86848 | S49: 0 | T49: 0
B50: КЛ-6 кВ «ТП 171 – ТП 247» | D50: 1.5635 | E50: 0 | F50: 0 | G50: 0 | H50: 1.5635 | I50: 0 | J50: 0 | K50: 0 | L50: 0 | M50: 0 | N50: 0 | O50: 0 | Q50: 0 | R50: 1.5635 | S50: 0 | T50: 0
... B61: КЛ-6 кВ – ВЛ 6 кВ №35 | D61: 0.6195 | E61: 0 | F61: 0 | G61: 0 | H61: 0 | I61: 0 | J61: 0 | K61: 0 | L61: 0.6195 | M61: 0 | N61: 0 | O61: 0 | Q61: 0 | R61: 0.6195 | S61: -0.6195 | T61: -100
B62: КЛ 10 кВ "ЛЭП 10 кВ №12 - ТП 502" | D62: 0 | E62: 0.06129038 | F62: 0 | G62: 0.06129038 | H62: 0 | I62: 0 | J62: 0 | K62: 0 | L62: 0 | M62: 0 | N62: 0.06129038 | O62: 0 | P62: 0 | Q62: 0 | R62: -0.06129038 | S62: 0 | T62: 0
B63: вынос КЛ 6-10 "ТП833-ТП217" из пятна застройки жилого комплекса, ул.Козленская (Железобетон-12) | D63: 0 | E63: 0.45758678 | F63: 0 | G63: 0.45758678 | H63: 0 | I63: 0 | J63: 0 | K63: 0 | L63: 0 | M63: 0 | N63: 0.45758678 | O63: 0 | P63: 0 | Q63: 0 | R63: -0.45758678 | S63: 0 | T63: 0
B64: Реконструкция КЛ-6 кВ направлением РП №9 - ТП №266 | D64: 0 | E64: 0.08447974 | F64: 0 | G64: 0 | H64: 0 | I64: 0.08447974 | J64: 0 | K64: 0 | L64: 0 | M64: 0 | N64: 0.08447974 | O64: 0 | P64: 0 | Q64: 0 | S64: 0 | T64: 0
B65: Реконструкция КЛ-6 кВ направлением ТП-34СЖД - ТП №662 | D65: 0 | E65: 0.12469414 | F65: 0 | G65: 0 | H65: 0 | I65: 0.12469414 | J65: 0 | K65: 0 | L65: 0 | M65: 0 | N65: 0.12469414 | O65: 0 | P65: 0 | Q65: 0 | S65: 0 | T65: 0
B66: ТП32-ТП2 (13.209.010.01.231.1) | D66: 0 | E66: 0.9144571 | F66: 0 | G66: 0 | H66: 0 | I66: 0.9144571 | J66: 0 | K66: 0 | L66: 0 | M66: 0 | N66: 0.9144571 | O66: 0 | P66: 0 | Q66: 0 | S66: 0 | T66: 0
B67: вынос КЛ 0,4 кВ, КЛ 6 кВ по ул.Пушкинская,10 (ООО Бизнес Центр Проспект) | D67: 0 | E67: 0.14500583 | F67: 0 | G67: 0 | H67: 0 | I67: 0 | J67: 0 | K67: 0 | L67: 0 | M67: 0.14500583 | N67: 0.14500583 | O67: 0.14500583 | P67: 0 | Q67: 0 | S67: 0.14500583 | T67: 0
B68: КЛ 10 кВ П/С "Восточная"-ТП 561 в соответствии с ТУ ТП-11/0431 (13.209.010.01.273.1.0000) | D68: 0 | E68: 2.538356 | F68: 0 | G68: 0 | H68: 0 | I68: 0 | J68: 0 | K68: 0 | L68: 0 | M68: 2.538356 | N68: 2.538356 | O68: 2.538356 | P68: 2.538356 | Q68: 2.538356 | S68: 2.538356 | T68: 0
B69: КЛ 10 кВ ТП374-ТП64 | D69: 0 | E69: -0.43194495 | F69: 0 | G69: 0 | H69: 0 | I69: 0 | J69: 0 | K69: 0 | L69: 0 | M69: -0.43194495 | N69: -0.43194495 | O69: -0.43194495 | P69: 0 | Q69: 0 | S69: -0.43194495 | T69: 0
B70: Переустройство КЛ 6 кВ "ТП439 - ТП286" | D70: 0 | E70: 0.01918562 | F70: 0 | G70: 0 | H70: 0 | I70: 0 | J70: 0 | K70: 0 | L70: 0 | M70: 0.01918562 | N70: 0.01918562 | O70: 0.01918562 | P70: 0 | Q70: 0 | S70: 0.01918562 | T70: 0
A71: 1.4. | B71: Воздушные линии 04 кВ. | D71: 9.027 | E71: 1.13608 | F71: 0.413 | G71: 0 | H71: 3.5164 | I71: 0.50571686 | J71: 3.5636 | K71: 0 | L71: 1.534 | M71: 0.63036315 | N71: 1.13608 | O71: 0.63036315 | P71: 0 | Q71: 0 | R71: 9.027 | S71: -0.90363685 | T71: -58.907226 | U71: 0 | V71: 0 | W71: 0
B72: ВЛ-0,4 кВ от ТП-548 (Вологда) | D72: 1.70864 | E72: 0 | F72: 0.413 | G72: 0 | H72: 1.29564 | I72: 0 | J72: 0 | K72: 0 | L72: 0 | M72: 0 | N72: 0 | O72: 0 | Q72: 0 | R72: 1.70864 | S72: 0 | T72: 0
B73: ВЛ-0,4 кВ от ТП-549 (Вологда) | D73: 1.27558 | E73: 0 | F73: 0 | G73: 0 | H73: 1.27558 | I73: 0 | J73: 0 | K73: 0 | L73: 0 | M73: 0 | N73: 0 | O73: 0 | Q73: 0 | R73: 1.27558 | S73: 0 | T73: 0
B74: ВЛ-0,4 кВ от ТП-598 (Вологда) | D74: 0.6254 | E74: 0 | F74: 0 | G74: 0 | H74: 0.6254 | I74: 0 | J74: 0 | K74: 0 | L74: 0 | M74: 0 | N74: 0 | O74: 0 | Q74: 0 | R74: 0.6254 | S74: 0 | T74: 0
B75: ВЛ-0,4 кВ от ТП-34 (Вологда) | D75: 0.38468 | E75: 0 | F75: 0 | G75: 0 | H75: 0.31978 | I75: 0 | J75: 0.0649 | K75: 0 | L75: 0 | M75: 0 | N75: 0 | O75: 0 | Q75: 0 | R75: 0.38468 | S75: 0 | T75: 0
B76: ВЛ-0,4 кВ от ТП-132 (Вологда) | D76: 0.40946 | E76: 0 | F76: 0 | G76: 0 | H76: 0 | I76: 0 | J76: 0.40946 | K76: 0 | L76: 0 | M76: 0 | N76: 0 | O76: 0 | Q76: 0 | R76: 0.40946 | S76: 0 | T76: 0
B77: ВЛ-0,4 кВ от ТП-454 (Вологда) | D77: 0.3658 | E77: 0 | F77: 0 | G77: 0 | H77: 0 | I77: 0 | J77: 0.3658 | K77: 0 | L77: 0 | M77: 0 | N77: 0 | O77: 0 | Q77: 0 | R77: 0.3658 | S77: 0 | T77: 0
B78: ВЛ-0,4 кВ от ТП-620 (Вологда) | D78: 0.84724 | E78: 0 | F78: 0 | G78: 0 | H78: 0 | I78: 0 | J78: 0.84724 | K78: 0 | L78: 0 | M78: 0 | N78: 0 | O78: 0 | Q78: 0 | R78: 0.84724 | S78: 0 | T78: 0
B79: ВЛ-0,4 кВ от ТП-320 (Вологда) | D79: 0.65018 | E79: 0 | F79: 0 | G79: 0 | H79: 0 | I79: 0 | J79: 0.65018 | K79: 0 | L79: 0 | M79: 0 | N79: 0 | O79: 0 | Q79: 0 | R79: 0.65018 | S79: 0 | T79: 0
B80: ВЛ-0,4 кВ от ТП-723 (Вологда) | D80: 0.88618 | E80: 0 | F80: 0 | G80: 0 | H80: 0 | I80: 0 | J80: 0.88618 | K80: 0 | L80: 0 | M80: 0 | N80: 0 | O80: 0 | Q80: 0 | R80: 0.88618 | S80: 0 | T80: 0
B81: ВЛ-0,4 кВ от ТП-260 (Вологда) | D81: 0.81892 | E81: 0 | F81: 0 | G81: 0 | H81: 0 | I81: 0 | J81: 0.33984 | K81: 0 | L81: 0.47908 | M81: 0 | N81: 0 | O81: 0 | Q81: 0 | R81: 0.81892 | S81: -0.47908 | T81: -100
B82: ВЛ-0,4 кВ от ТП-139 (Вологда) | D82: 0.71272 | E82: 0 | F82: 0 | G82: 0 | H82: 0 | I82: 0 | J82: 0 | K82: 0 | L82: 0.71272 | M82: 0 | N82: 0 | O82: 0 | Q82: 0 | R82: 0.71272 | S82: -0.71272 | T82: -100
B83: ВЛ-0,4 кВ от ТП-427 (Вологда) | D83: 0.3422 | E83: 0 | F83: 0 | G83: 0 | H83: 0 | I83: 0 | J83: 0 | K83: 0 | L83: 0.3422 | M83: 0 | N83: 0 | O83: 0 | Q83: 0 | R83: 0.3422 | S83: -0.3422 | T83: -100
B84: Вынос ВЛ 0,4 кВ от ТП-3 на участке строительства жилого дома, ул.Ольховая, 1-а (ООО СаМат) | D84: 0 | E84: 0.50571686 | F84: 0 | G84: 0 | H84: 0 | I84: 0.50571686 | J84: 0 | K84: 0 | L84: 0 | M84: 0 | N84: 0.50571686 | O84: 0 | Q84: 0 | S84: 0 | T84: 0
B85: Вынос ВЛ 0,4 кВ от ТП1-89 АЗС, г.Вытегра, ул.Южная (ООО Сфера) | D85: 0 | E85: 0.25425127 | F85: 0 | G85: 0 | H85: 0 | I85: 0 | J85: 0 | K85: 0 | L85: 0 | M85: 0.25425127 | N85: 0.25425127 | O85: 0.25425127 | Q85: 0 | S85: 0.25425127 | T85: 0
B86: Вынос ВЛ 0,4 кВ от КТП-143 в районе строительства ж/дома, ул.Восточная-Спирина (Вологдаагрострой) | D86: 0 | E86: 0.37611188 | F86: 0 | G86: 0 | H86: 0 | I86: 0 | J86: 0 | K86: 0 | L86: 0 | M86: 0.37611188 | N86: 0.37611188 | O86: 0.37611188 | Q86: 0 | S86: 0.37611188 | T86: 0
A87: 1.5. | B87: Воздушные линии 6-10 кВ. | D87: 6.018 | E87: 1.5941477 | F87: 0 | G87: 1.5846383 | H87: 2.4662 | I87: 0.009509384 | J87: 2.6904 | K87: 0 | L87: 0.8614 | M87: 0 | N87: 1.5941477 | O87: 0 | P87: 0 | Q87: 0 | R87: 4.4238523 | S87: -0.8614 | T87: -100 | U87: 0 | V87: 0 | W87: 0 | X87: 0
B88: ВЛ-10 кВ №1 | D88: 0.8378 | E88: 0 | F88: 0 | G88: 0 | H88: 0.8378 | I88: 0 | J88: 0 | K88: 0 | L88: 0 | M88: 0 | N88: 0 | O88: 0 | Q88: 0 | R88: 0.8378 | S88: 0 | T88: 0
B89: ВЛ-6 кВ №34 | D89: 3.009 | E89: 0 | F89: 0 | G89: 0 | H89: 1.6284 | I89: 0 | J89: 1.3806 | K89: 0 | L89: 0 | M89: 0 | N89: 0 | O89: 0 | Q89: 0 | R89: 3.009 | S89: 0 | T89: 0
B90: ВЛ-6 кВ №10 | D90: 2.06382 | E90: 0 | F90: 0 | G90: 0 | H90: 0 | I90: 0 | J90: 1.3098 | K90: 0 | L90: 0.75402 | M90: 0 | N90: 0 | O90: 0 | Q90: 0 | R90: 2.06382 | S90: -0.75402 | T90: -100
B91: ВЛ-10 кВ №6 | D91: 0.10738 | E91: 0 | F91: 0 | G91: 0 | H91: 0 | I91: 0 | J91: 0 | K91: 0 | L91: 0.10738 | M91: 0 | N91: 0 | O91: 0 | Q91: 0 | R91: 0.10738 | S91: -0.10738 | T91: -100
B92: ВЛ 10 кВ ЛЭП №1 (строит.КЛ 10кВ "ТП421-КТП191") | D92: 0 | E92: 1.5941477 | F92: 0 | G92: 1.5846383 | H92: 0 | I92: 0.009509384 | J92: 0 | K92: 0 | L92: 0 | M92: 0 | N92: 1.5941477 | O92: 0 | P92: 0 | Q92: 0 | R92: -1.5941477 | S92: 0 | T92: 0
A93: 1.6. | B93: ТП, РП, ПС. | D93: 0 | E93: 0.65907467 | F93: 0 | G93: 0 | H93: 0 | I93: 0.55287467 | J93: 0 | K93: 0 | L93: 0 | M93: 0.1062 | N93: 0.65907467 | O93: 0.1062 | P93: 0.1062 | Q93: 0.1062 | R93: -0.65907467 | S93: 0.1062 | T93: 0
A94: 1.7. | B94: Оборудование, не входящее в сметы строек | C94: 0 | D94: 19.175 | E94: 3.9607066 | F94: 4.74655 | G94: 0.3648616 | H94: 4.84095 | I94: 1.9423375 | J94: 4.74655 | K94: 0 | L94: 4.84095 | M94: 1.6535075 | N94: 3.9607066 | O94: 1.6535075 | P94: 4.9547004 | Q94: 2.6600032 | R94: 15.214293 | S94: -3.1874425 | T94: -65.843326 | U94: 0 | V94: 0 | W94: 0
A95: 1.7.1. | B95: Оборудование, инструмент, средства механизации | D95: 5.723 | E95: 0.32776478 | F95: 1.43075 | G95: 0.111354 | H95: 1.43075 | I95: 0.13991719 | J95: 1.43075 | K95: 0 | L95: 1.43075 | M95: 0.076493583 | N95: 0.32776478 | O95: 0.076493583 | P95: 3.2776478 | Q95: 3.0263766 | R95: 5.3952352 | S95: -1.3542564 | T95: -94.653602
A96: 1.7.2. | B96: Силовые трансформаторы | D96: 5.0032 | E96: 3.1239438 | F96: 1.2036 | G96: 0 | H96: 1.298 | I96: 1.7899184 | J96: 1.2036 | K96: 0 | L96: 1.298 | M96: 1.3340254 | N96: 3.1239438 | O96: 1.3340254 | P96: 1.298 | Q96: -0.4919184 | R96: 1.8792562 | S96: 0.0360254 | T96: 2.7754545
A97: 1.7.3. | B97: Создание и модернизация систем телемеханики и связи, оргтехника, программное обеспечение | D97: 8.4488 | E97: 0 | F97: 2.1122 | G97: 0.2535076 | H97: 2.1122 | I97: 0.012501876 | J97: 2.1122 | K97: 0 | L97: 2.1122 | M97: -0.26600948 | N97: 0 | O97: -0.26600948 | P97: 0 | Q97: -0.2535076 | R97: 8.4488 | S97: -2.3782095 | T97: -112.59395
A98: 1.7.4. | B98: Расширение производственных баз | D98: 0 | E98: 0.50899801 | F98: 0 | G98: 0 | H98: 0 | I98: 0 | J98: 0 | K98: 0 | L98: 0 | M98: 0.50899801 | N98: 0.50899801 | O98: 0.50899801 | P98: 0.37905264 | Q98: 0.37905264 | S98: 0.50899801 | T98: 0
A99: 2. | B99: Новое строительство | D99: 77.67527 | E99: 0.67371695 | F99: 15.0863 | G99: 0 | H99: 24.093535 | I99: 0 | J99: 23.409135 | K99: 0 | L99: 15.0863 | M99: 0.67371695 | N99: 0.67371695 | O99: 0.67371695 | P99: 0 | Q99: 0 | R99: 77.001553 | S99: -14.412583 | T99: -95.534247 | U99: 0 | V99: 0 | W99: 0
A100: 2.1. | B100: Энергосбережение и повышение энергетической эффективности | D100: 60.3452 | E100: 0.67371695 | F100: 15.0863 | G100: 0 | H100: 15.0863 | I100: 0 | J100: 15.0863 | K100: 0 | L100: 15.0863 | M100: 0.67371695 | N100: 0.67371695 | O100: 0.67371695 | P100: 0 | Q100: 0 | R100: 59.671483 | S100: -14.412583 | T100: -95.534247 | U100: 0 | V100: 0 | W100: 0
A101: 2.1.1. | B101: АИИС КУЭ | D101: 60.3452 | E101: 0.67371695 | F101: 15.0863 | G101: 0 | H101: 15.0863 | I101: 0 | J101: 15.0863 | K101: 0 | L101: 15.0863 | M101: 0.67371695 | N101: 0.67371695 | O101: 0.67371695 | P101: 0 | Q101: 0 | R101: 59.671483 | S101: -14.412583 | T101: -95.534247
A102: 2.2. | B102: РТП, РП, ТП, ПС | D102: 10.93447 | E102: 0 | F102: 0 | G102: 0 | H102: 5.467235 | I102: 0 | J102: 5.467235 | K102: 0 | L102: 0 | M102: 0 | N102: 0 | O102: 0 | P102: 0 | Q102: 0 | R102: 10.93447 | S102: 0 | T102: 0
A103: 2.3. | B103: Кабельные линии 6-10 кВ. | D103: 6.3956 | E103: 0 | F103: 0 | G103: 0 | H103: 3.54 | I103: 0 | J103: 2.8556 | K103: 0 | L103: 0 | M103: 0 | N103: 0 | O103: 0 | P103: 0 | Q103: 0 | R103: 6.3956 | S103: 0 | T103: 0
A104: 3. | B104: Приобретение автотранспорта и спецтехники | D104: 15.0096 | E104: 0 | F104: 3.7524 | G104: 0 | H104: 3.7524 | I104: 0 | J104: 3.7524 | K104: 0 | L104: 3.7524 | M104: 0 | N104: 0 | O104: 0 | P104: 0 | Q104: 0 | R104: 15.0096 | S104: -3.7524 | T104: -100
A105: 4. | B105: Технологическое присоединение | D105: 0 | E105: 162.44829 | F105: 0 | G105: 27.304316 | H105: 0 | I105: 22.860645 | J105: 0 | K105: 2.3954 | L105: 0 | M105: 109.88793 | N105: 162.44829 | O105: 109.88793 | P105: 146.843 | Q105: 83.209744 | R105: -162.44829 | S105: 109.88793 | T105: 0 | W105: исполнение требований действующего законодательства (постановление Правительства РФ от 27.12.2004 г. № 861)
B107: Панько Д.М. 88172-54-55-71

Sheet 7.2
AG1: Приложение № 7.2 к Приказу Минэнерго России от 24.03.2010 № 114
A3: Отчет об исполнении основных этапов работ по реализации инвестиционной программы ГП ВО "Облстные электротеплосети" за 2015 год
AJ4: Утверждаю
AF5: Директор ГП ВО "Областные электротеплосети"
AG6: _________________А.А. Цветков
AG7: "____"______________2016 года
A11: № | B11: Наименование объекта * | C11: Плановый объем финансирования, млн. руб. * | H11: Фактически профинансировано, млн. руб. | M11: Отклонение фактической стоимости работ по плановой стоимости, млн. руб. | R11: Фактически освоено (закрыто актами выполненных работ), млн. руб. | W11: Технические характеристики созданных объектов
W12: генерирующие объекты | AA12: подстанции | AE12: линии электропередачи | AJ12: иные объекты
B13: ВСЕГО | C13: всего | D13: ПИР | E13: СМР | F13: оборудо- вание и мате- риалы | G13: прочие | H13: всего | I13: ПИР | J13: СМР | K13: оборудо- вание и мате- риалы | L13: прочие | M13: всего | N13: ПИР | O13: СМР | P13: оборудо- вание и мате- риалы | Q13: прочие | R13: всего | S13: ПИР | T13: СМР | U13: оборудо- вание и мате- риалы | V13: прочие | W13: год ввода в эксплуа- тацию | X13: норма- тивный срок службы, лет | Y13: мощ- ность, МВт | Z13: тепловая энергия, Гкал/час | AA13: год ввода в эксплуа- тацию | AB13: норма- тивный срок службы, лет | AC13: коли- чество и марка силовых транс- формато- ров, шт. | AD13: мощ- ность, МВА | AE13: год ввода в эксплуа- тацию | AF13: норма- тивный срок службы, лет | AG13: тип опор | AH13: марка кабеля | AI13: протя- жен- ность, км
B14: ВСЕГО: | C14: 159.26047 | H14: 175.64785 | M14: 16.387381 | R14: 175.64785
A15: 1 | B15: Техническое перевооружение и реконструкция | C15: 66.5756 | H15: 12.525843 | M15: -54.049757 | R15: 12.525843
A16: 1.1. | B16: Проектные работы по перевооружению и реконструкции | C16: 0 | H16: 0 | M16: 0 | R16: 0
A17: 1.2. | B17: Кабельные линии 0,4 кВ. | C17: 6.5018 | H17: 1.2627231 | M17: -5.2390769 | R17: 1.2627231
B18: КЛ-0,4 кВ «ТП 185 – ВРУ ж.д. Зосимовская,52» | C18: 0.31624 | H18: 0 | M18: -0.31624 | R18: 0
B19: КЛ-0,4 кВ «ТП 185 – ВРУ ж.д. Ветошкина,23» | C19: 0.31624 | H19: 0 | M19: -0.31624 | R19: 0
B20: КЛ-0,4 кВ «ТП 445 – ВРУ ж.д. Новгородская,9а» | C20: 0.21122 | H20: 0 | M20: -0.21122 | R20: 0
B21: КЛ-0,4 кВ «ТП 445 – ВРУ ж.д. Новгородская,9г» | C21: 0.52746 | H21: 0 | M21: -0.52746 | R21: 0
B22: КЛ-0,4 кВ «ТП 445 – ВРУ ж.д. Новгородская,9б» | C22: 0.58056 | H22: 0 | M22: -0.58056 | R22: 0
B23: КЛ-0,4 кВ «ТП 655 – ВРУ шк. Болонина, 32(уч.корпус)» | C23: 0.52746 | H23: 0 | M23: -0.52746 | R23: 0
B24: КЛ-0,4 кВ «ТП 655 – ВРУ шк. Болонина, 32(спорт.корпус)» | C24: 0.15812 | H24: 0 | M24: -0.15812 | R24: 0
B25: КЛ-0,4 кВ «ТП 655 – ВРУ шк. Болонина, 32(спал.корпус)» | C25: 0.3481 | H25: 0 | M25: -0.3481 | R25: 0
B26: КЛ-0,4 кВ «ТП 193 – ВРУ ж.д. Гагарина,53» | C26: 0.3481 | H26: 0 | M26: -0.3481 | R26: 0
B27: КЛ-0,4 кВ «ТП 106 – ВРУ ж.д. Козленская,127» | C27: 0.79178 | H27: 0 | M27: -0.79178 | R27: 0
B28: КЛ-0,4 кВ «ТП 367 – ВРУ ж.д. Герцена,94» | C28: 0.52746 | H28: 0 | M28: -0.52746 | R28: 0
B29: КЛ-0,4 кВ «ТП 367 – ВРУ ж.д. Ветошкина,99» | C29: 0.42244 | H29: 0 | M29: -0.42244 | R29: 0
... B35: КЛ-0,4 кВ «ТП 422– ВРУ ж/д Советский пр., 131» | C35: 0.3186 | H35: 0 | M35: -0.3186 | R35: 0
B36: КЛ 0,4 ТП217-ВРУ здания СТО Козленская | C36: 0 | H36: 0.94338286 | M36: 0.94338286 | R36: 0.94338286 | AE36: 2015 | AF36: 25 | AH36: АВбБШв-1-4х70 | AI36: 0.34 | AK36: 2.7746555
B37: Вынос КЛ 0,4 кВ "ТП356 - админ.здание, ул.Герцена, 54" (ООО Соната) | C37: 0 | H37: 0.14411027 | M37: 0.14411027 | R37: 0.14411027 | AE37: 2015 | AF37: 25 | AH37: АВбБШв-1-4х71 | AI37: 0.25658267 | AK37: 0.5616524
B38: Переустройство ВЛ 0,4 кВ и прокладка КЛ 0,4 кВ от ТП-700 (многокв.жилой дом, Пречист.наб) | C38: 0 | H38: 0.17522998 | M38: 0.17522998 | R38: 0.17522998 | AE38: 2015 | AF38: 25 | AH38: АВбБШв-1-4х72 | AI38: 0.31360104 | AK38: 0.5587672
A39: 1.3. | B39: Кабельные линии 6-10 кВ. | C39: 25.8538 | H39: 3.9131107 | M39: -21.940689 | R39: 3.9131107
B40: КЛ-6 кВ «ТП 13 – ТП149» | C40: 1.24018 | H40: 0 | M40: -1.24018 | R40: 0
B41: КЛ-6 кВ «ТП 22 – ТП303» | C41: 0.49678 | H41: 0 | M41: -0.49678 | R41: 0
B42: КЛ-6 кВ «ТП 27 – ТП63» | C42: 0.49678 | H42: 0 | M42: -0.49678 | R42: 0
B43: КЛ-6 кВ «ТП 32 – ТП2» | C43: 1.24018 | H43: 0 | M43: -1.24018 | R43: 0
B44: КЛ-6 кВ «ТП 35 – ТП193» | C44: 1.3393 | H44: 0 | M44: -1.3393 | R44: 0
B45: КЛ-6 кВ «ТП 56 – ТП258» | C45: 0.5959 | H45: 0 | M45: -0.5959 | R45: 0
B46: КЛ-6 кВ «ТП 60 – ТП121» | C46: 0.79414 | H46: 0 | M46: -0.79414 | R46: 0
B47: КЛ-6 кВ «ТП 69 – ТП309» | C47: 0.57112 | H47: 0 | M47: -0.57112 | R47: 0
B48: КЛ-6 кВ «ТП 110 – ТП113» | C48: 0.69502 | H48: 0 | M48: -0.69502 | R48: 0
B49: КЛ-6 кВ «ТП 121 – ТП153» | C49: 0.74458 | H49: 0 | M49: -0.74458 | R49: 0
B50: КЛ-6 кВ «ТП 131 – ТП188» | C50: 0.86848 | H50: 0 | M50: -0.86848 | R50: 0
B51: КЛ-6 кВ «ТП 171 – ТП 247» | C51: 1.5635 | H51: 0 | M51: -1.5635 | R51: 0
... B63: КЛ 10 кВ "ЛЭП 10 кВ №12 - ТП 502" | C63: 0 | H63: 0.06129038 | M63: 0.06129038 | R63: 0.06129038
B64: вынос КЛ 6-10 "ТП833-ТП217" из пятна застройки жилого комплекса, ул.Козленская (Железобетон-12) | C64: 0 | H64: 0.45758678 | M64: 0.45758678 | R64: 0.45758678 | AE64: 2015 | AF64: 25 | AH64: ААБ-10 3х120 | AI64: 0.19 | AK64: 2.4083515
B65: Реконструкция КЛ-6 кВ направлением РП №9 - ТП №266 | C65: 0 | H65: 0.08447974 | M65: 0.08447974 | R65: 0.08447974 | AE65: 2015 | AF65: 25 | AH65: ААБ-10 3х121 | AI65: 0 | AK65: #DIV/0!
B66: Реконструкция КЛ-6 кВ направлением ТП-34СЖД - ТП №662 | C66: 0 | H66: 0.12469414 | M66: 0.12469414 | R66: 0.12469414 | AE66: 2015 | AF66: 25 | AH66: ААБ-10 3х122 | AI66: 0 | AK66: #DIV/0!
B67: КЛ-6 кВ ТП32- ТП2 | C67: 0 | H67: 0.9144571 | M67: 0.9144571 | R67: 0.9144571 | AE67: 2015 | AF67: 25 | AH67: ААБ-10 3х123 | AI67: 0.21 | AK67: 4.3545576
B68: вынос КЛ 0,4 кВ, КЛ 6 кВ по ул.Пушкинская,10 (ООО Бизнес Центр Проспект) | C68: 0 | H68: 0.14500583 | M68: 0.14500583 | R68: 0.14500583 | AE68: 2015 | AF68: 25 | AH68: ААБ-10 3х124 | AI68: 0 | AK68: #DIV/0!
B69: КЛ 10 кВ П/С "Восточная"-ТП 561 в соответствии с ТУ ТП-11/0431 (13.209.010.01.273.1.0000) | C69: 0 | H69: 2.538356 | M69: 2.538356 | R69: 2.538356 | AE69: 2015 | AF69: 25 | AH69: ААБ-10 3х125 | AI69: 0.98092853 | AK69: 2.5877074
B70: КЛ 10 кВ ТП374-ТП64 | C70: 0 | H70: -0.43194495 | M70: -0.43194495 | R70: -0.43194495 | AE70: 2015 | AF70: 25 | AH70: ААБ-10 3х126 | AI70: 0 | AK70: #DIV/0!
B71: Переустройство КЛ 6 кВ "ТП439 - ТП286" | C71: 0 | H71: 0.01918562 | M71: 0.01918562 | R71: 0.01918562 | AE71: 2015 | AF71: 25 | AH71: ААБ-10 3х127 | AI71: 0 | AK71: #DIV/0!
A72: 1.4. | B72: Воздушные линии 0,4 кВ. | C72: 9.027 | H72: 1.13608 | M72: -7.89092 | R72: 1.13608
B73: ВЛ-0,4 кВ от ТП-548 (Вологда) | C73: 1.70864 | H73: 0 | M73: -1.70864 | R73: 0
B74: ВЛ-0,4 кВ от ТП-549 (Вологда) | C74: 1.27558 | H74: 0 | M74: -1.27558 | R74: 0
B75: ВЛ-0,4 кВ от ТП-598 (Вологда) | C75: 0.6254 | H75: 0 | M75: -0.6254 | R75: 0
B76: ВЛ-0,4 кВ от ТП-34 (Вологда) | C76: 0.38468 | H76: 0 | M76: -0.38468 | R76: 0
B77: ВЛ-0,4 кВ от ТП-132 (Вологда) | C77: 0.40946 | H77: 0 | M77: -0.40946 | R77: 0
B78: ВЛ-0,4 кВ от ТП-454 (Вологда) | C78: 0.3658 | H78: 0 | M78: -0.3658 | R78: 0
B79: ВЛ-0,4 кВ от ТП-620 (Вологда) | C79: 0.84724 | H79: 0 | M79: -0.84724 | R79: 0
B80: ВЛ-0,4 кВ от ТП-320 (Вологда) | C80: 0.65018 | H80: 0 | M80: -0.65018 | R80: 0
B81: ВЛ-0,4 кВ от ТП-723 (Вологда) | C81: 0.88618 | H81: 0 | M81: -0.88618 | R81: 0
B82: ВЛ-0,4 кВ от ТП-260 (Вологда) | C82: 0.81892 | H82: 0 | M82: -0.81892 | R82: 0
B83: ВЛ-0,4 кВ от ТП-139 (Вологда) | C83: 0.71272 | H83: 0 | M83: -0.71272 | R83: 0
B84: ВЛ-0,4 кВ от ТП-427 (Вологда) | C84: 0.3422 | H84: 0 | M84: -0.3422 | R84: 0
B85: Вынос ВЛ 0,4 кВ от ТП-3 на участке строительства жилого дома, ул.Ольховая, 1-а (ООО СаМат) | C85: 0 | H85: 0.50571686 | M85: 0.50571686 | R85: 0.50571686 | AE85: 2015 | AF85: 18 | AG85: ж/б | AH85: СИП | AI85: 0.15 | AK85: 3.3714457
B86: Вынос ВЛ 0,4 кВ от ТП1-89 АЗС, г.Вытегра, ул.Южная (ООО Сфера) | C86: 0 | H86: 0.25425127 | M86: 0.25425127 | R86: 0.25425127 | AE86: 2015 | AF86: 18 | AG86: ж/б | AH86: СИП | AI86: 0.26817488 | AK86: 0.94808013
B87: Вынос ВЛ 0,4 кВ от КТП-143 в районе строительства ж/дома, ул.Восточная-Спирина (Вологдаагрострой) | C87: 0 | H87: 0.37611188 | M87: 0.37611188 | R87: 0.37611188 | AE87: 2015 | AF87: 18 | AG87: ж/б | AH87: СИП | AI87: 0.40226231 | AK87: 0.93499159
A88: 1.5. | B88: Воздушные линии 6-10 кВ. | C88: 6.018 | H88: 1.5941477 | M88: -4.4238523 | R88: 1.5941477
B89: ВЛ-10 кВ №1 | C89: 0.8378 | H89: 0 | M89: -0.8378 | R89: 0
B90: ВЛ-6 кВ №34 | C90: 3.009 | H90: 0 | M90: -3.009 | R90: 0
B91: ВЛ-6 кВ №10 | C91: 2.06382 | H91: 0 | M91: -2.06382 | R91: 0
B92: ВЛ-10 кВ №6 | C92: 0.10738 | H92: 0 | M92: -0.10738 | R92: 0
B93: ВЛ 10 кВ ЛЭП №1 (строит.КЛ 10кВ "ТП421-КТП191") | C93: 0 | H93: 1.5941477 | M93: 1.5941477 | R93: 1.5941477 | AE93: 2015 | AF93: 25 | AG93: ж/б | AH93: ААБ-10 3х120 | AI93: 0.33 | AK93: 4.8307506
A94: 1.6. | B94: ТП, РП, ПС. | C94: 0 | H94: 0.65907467 | M94: 0.65907467 | R94: 0.65907467
A95: 1.7. | B95: Оборудование, не входящее в сметы строек | C95: 19.175 | H95: 3.9607066 | M95: -15.214293 | R95: 3.9607066
A96: 1.7.1. | B96: Оборудование, инструмент, средства механизации | C96: 5.723 | H96: 0.32776478 | M96: -5.3952352 | R96: 0.32776478
A97: 1.7.2. | B97: Силовые трансформаторы | C97: 5.0032 | H97: 3.1239438 | M97: -1.8792562 | R97: 3.1239438 | AD97: 4.8 | AE97: 2015
A98: 1.7.3. | B98: Создание и модернизация систем телемеханики и связи, оргтехника, программное обеспечение | C98: 8.4488 | H98: 0 | M98: -8.4488 | R98: 0
A99: 1.7.4. | B99: Расширение производственных баз | C99: 0 | H99: 0.50899801 | M99: 0.50899801 | R99: 0.50899801
A100: 2. | B100: Новое строительство | C100: 77.67527 | H100: 0.67371695 | M100: -77.001553 | R100: 0.67371695
A101: 2.1. | B101: Энергосбережение и повышение энергетической эффективности | C101: 60.3452 | H101: 0.67371695 | M101: -59.671483 | R101: 0.67371695
A102: 2.1.1. | B102: АИИС КУЭ | C102: 60.3452 | H102: 0.67371695 | M102: -59.671483 | R102: 0.67371695
A103: 2.2. | B103: РТП, РП, ТП, ПС | C103: 10.93447 | H103: 0 | M103: -10.93447 | R103: 0
A104: 2.3. | B104: Кабельные линии 6-10 кВ. | C104: 6.3956 | H104: 0 | M104: -6.3956 | R104: 0
A105: 3. | B105: Приобретение автотранспорта и спецтехники | C105: 15.0096 | H105: 0 | M105: -15.0096 | R105: 0
A106: 4. | B106: Технологическое присоединение | C106: 0 | H106: 162.44829 | M106: 162.44829 | R106: 162.44829 | AD106: 27.8 | AE106: 2015 | AI106: 58.34 | AK106: 2.7845096
B108: Белоусов С.Н. 88172-57-00-24
B109: Панько Д.М. 88172-54-55-71

Sheet 8
EY1: Приложение № 8
EY2: к Приказу Минэнерго России
EY3: от 24.03.2010 № 114
A4: Отчет об источниках финансирования инвестиционных программ ГП ВО "Облстные электротеплосети" за 2015 год, млн. рублей с НДС
DR5: Утверждаю Директор ГП ВО "Областные электротеплосети"
DX6: ________________А.А. Цветков
DX7: "____"______________2016 года
EY8: М.П.
A10: № | G10: Источник финансирования | AO10: Объем финансирования [отчетный год] | EA10: Причины отклонений
AO11: всего | BG11: I кв. | BY11: II кв. | CQ11: III кв. | DI11: IV кв.
AO12: план * | AX12: факт ** | BG12: план | BP12: факт | BY12: план | CH12: факт | CQ12: план | CZ12: факт | DI12: план | DR12: факт
A13: 1 | G13: Собственные средства | AO13: 159.26047 | AX13: 175.64785 | BG13: 28.64981 | BP13: 30.716076 | BY13: 48.557885 | CH13: 26.994714 | CQ13: 48.050485 | CZ13: 2.3954 | DI13: 34.00229 | DR13: 115.54166
A14: 1.1. | G14: Прибыль, направляемая на инвестиции: | AO14: 0 | AX14: 0 | BG14: 0 | BP14: 0 | BY14: 0 | CH14: 0
A15: 1.1.1. | G15: в т.ч. инвестиционная составляющая в тарифе | AO15: 0 | AX15: 0
A16: 1.1.2. | G16: в т.ч. прибыль со свободного сектора | AO16: 0 | AX16: 0
A17: 1.1.3. | G17: в т.ч. выпадающие доходы в тарифе | AO17: 0 | AX17: 0 | DI17: 0
A18: 1.1.3.1. | G18: в т.ч. от технологического присоединения генерации | AO18: 0 | AX18: 0
A19: 1.1.3.2. | G19: в т.ч. от технологического присоединения потребителей | AO19: 0 | AX19: 0
A20: 1.1.4. | G20: Прочая прибыль | AO20: 0 | AX20: 0
A21: 1.2. | G21: Амортизация | AO21: 134.9665 | AX21: 118.37993 | BG21: 24.2795 | BP21: 17.930187 | BY21: 41.15075 | CH21: 18.216386 | CQ21: 40.72075 | CZ21: 2.03 | DI21: 28.8155 | DR21: 80.20336
A22: 1.2.1. | G22: Амортизация, учтенная в тарифе | AO22: 134.9665 | AX22: 118.37993 | BG22: 24.2795 | BP22: 17.930187 | BY22: 41.15075 | CH22: 18.216386 | CQ22: 40.72075 | CZ22: 2.03 | DI22: 28.8155 | DR22: 80.20336
A23: 1.2.2. | G23: Прочая амортизация | AO23: 0 | AX23: 0
A24: 1.2.3. | G24: Недоиспользованная амортизация прошлых лет | AO24: 0 | AX24: 0
A25: 1.3. | G25: Возврат НДС | AO25: 24.29397 | AX25: 26.79374 | BG25: 4.37031 | BP25: 4.6855031 | BY25: 7.407135 | CH25: 4.1178378 | CQ25: 7.329735 | CZ25: 0.3654 | DI25: 5.18679 | DR25: 17.624999
A26: 1.4. | G26: Прочие собственные средства (плата за технологическое присоединение потребителей) | AO26: 0 | AX26: 30.474179 | BG26: 0 | BP26: 8.1003862 | BY26: 0 | CH26: 4.6604903 | CQ26: 0 | DI26: 0 | DR26: 17.713302
A27: 1.4.1. | G27: в т.ч. средства допэмиссии
A28: 1.5. | G28: Остаток собственных средств на начало года
A29: 2. | G29: Привлеченные средства, в т.ч.:
A30: 2.1. | G30: Кредиты
A31: 2.2. | G31: Облигационные займы
A32: 2.3. | G32: Займы организаций
A33: 2.4. | G33: Бюджетное финансирование
A34: 2.5. | G34: Средства внешних инвесторов
A35: 2.6. | G35: Использование лизинга
A36: 2.7. | G36: Прочие привлеченные средства
G37: ВСЕГО источников финансирования
G38: для ОГК/ТГК, в том числе
G39: ДПМ
G40: вне ДПМ
B42: Панько Д.М.
B43: 88172-54-55-71

Sheet 9
EI1: Приложение № 9 к Приказу Минэнерго России от 24.03.2010 № 114
A3: Отчет о вводах/выводах объектов ГП ВО "Областные электротеплосети" за 2015 год
EB4: Утверждаю Директор ГП ВО "Областные электротеплосети"
EH5: ________________А.А. Цветков
EH6: "____"______________2016 года
FI8: М.П.
A11: № | F11: Наименование проекта | Z11: Ввод мощностей | CR11: Вывод мощностей
Z12: план * | BI12: факт | CR12: план * | EA12: факт
Z13: МВт, Гкал/час, км, МВА | BI13: МВт, Гкал/час, км, МВА | CR13: МВт, Гкал/час, км, МВА | EA13: МВт, Гкал/час, км, МВА
Z14: I кв. | AG14: II кв. | AN14: III кв. | AU14: IV кв. | BB14: 2015 г. | BI14: I кв. | BP14: II кв. | BW14: III кв. | CD14: IV кв. | CK14: 2015 г. | CR14: I кв. | CY14: II кв. | DF14: III кв. | DM14: IV кв. | DT14: 2015 г. | EA14: I кв. | EH14: II кв. | EO14: III кв. | EV14: IV кв. | FC14: 2015 г.
A15: 1 | F15: 2 | Z15: 3 | AG15: 4 | AN15: 5 | AU15: 6 | BB15: 7 | BI15: 8 | BP15: 9 | BW15: 10 | CD15: 11 | CK15: 12 | CR15: 13 | CY15: 14 | DF15: 15 | DM15: 16 | DT15: 17 | EA15: 18 | EH15: 19 | EO15: 20 | EV15: 21 | FC15: 22
A16: 1.1 | F16: КЛ 0,4 кВ | Z16: 1.3 | AG16: 2.1 | AN16: 2.1 | AU16: 0.66 | BB16: 6.16 | BI16: 0.34 | BP16: 0 | BW16: 0 | CD16: 0.57018371 | CK16: 0.91018371 | CR16: 1.3 | CY16: 2.1 | DF16: 2.1 | DM16: 0.66 | DT16: 6.16 | EA16: 0.34 | EH16: 0 | EO16: 0 | EV16: 0.57018371 | FC16: 0.91018371
A17: 1.2 | F17: КЛ 6-10 кВ | Z17: 1.8 | AG17: 3.1 | AN17: 3.1 | AU17: 2.42 | BB17: 10.42 | BI17: 0.19 | BP17: 0 | BW17: 0.21 | CD17: 0.98092853 | CK17: 1.3809285 | CR17: 1.8 | CY17: 3.1 | DF17: 3.1 | DM17: 2.42 | DT17: 10.42 | EA17: 0.19 | EH17: 0 | EO17: 0.21 | EV17: 0.98092853 | FC17: 1.3809285
A18: 1.3 | F18: ВЛ 0,4 кВ | Z18: 0.85 | AG18: 7.3 | AN18: 7.4 | AU18: 3.2 | BB18: 18.75 | BP18: 0.15 | BW18: 0 | CD18: 0.67043719 | CK18: 0.82043719 | CR18: 0.85 | CY18: 7.3 | DF18: 7.4 | DM18: 3.2 | DT18: 18.75 | EA18: 0 | EH18: 0.15 | EO18: 0 | EV18: 0.67043719 | FC18: 0.82043719
A19: 1.4 | F19: ВЛ 6-10 кВ | Z19: - | AG19: 2.3 | AN19: 2.5 | AU19: 0.8 | BB19: 5.6 | BI19: 0.33 | BP19: 0 | BW19: 0 | CD19: 0 | CK19: 0.33 | CR19: - | CY19: 2.3 | DF19: 2.5 | DM19: 0.8 | DT19: 5.6 | EA19: 0.33 | EH19: 0 | EO19: 0 | EV19: 0 | FC19: 0.33
A20: 1.5 | F20: ТП, РП, ПС | Z20: 0 | AG20: 0 | AN20: 0 | AU20: 0 | BB20: 0 | CK20: 0 | CR20: 0 | CY20: 0 | DF20: 0 | DM20: 0 | DT20: - | EA20: 0 | EH20: 0 | EO20: 0 | EV20: 0 | FC20: 0
A21: 1.6 | F21: Силовые трансформаторы | Z21: 2 | AG21: 2.12 | AN21: 2 | AU21: 2.12 | BB21: 8.24 | CD21: 4.8 | CK21: 4.8 | CR21: 2 | CY21: 2.12 | DF21: 2 | DM21: 2.12 | DT21: 8.24 | EA21: 0 | EH21: 0 | EO21: 0 | EV21: 4.8 | FC21: 4.8
A22: 1.7 | F22: Новое строительство ТП, РП, РТП, ПС | Z22: - | AG22: 0.35971959 | AN22: 0.35971959 | AU22: - | BB22: 0.71943919 | CK22: 0 | CR22: - | CY22: 0.35971959 | DF22: 0.35971959 | DM22: - | DT22: -
A23: 1.8 | F23: Новое строительство КЛ 6-10кВ | Z23: - | AG23: 1 | AN23: 0.8 | AU23: - | BB23: 1.8 | CK23: 0 | CR23: - | CY23: 1 | DF23: 0.8 | DM23: - | DT23: -
A24: 2 | F24: Технологическое присоединение, МВт/км | BB24: 0 | BI24: 4/5,38 | BP24: 1,2/10,39 | BW24: 0,25/0,75 | CD24: 22,35/42,82 | CK24: 27,8/58,34 | CR24: 0 | CY24: 0 | DF24: 0 | DM24: 0 | DT24: 0
A30: Белоусов С.Н.
A31: 88712-54-00-24

Sheet Лист1
A3: № | B3: Наименование объекта | C3: Объем финансирования [отчетный год]
C4: всего | D4: I кв. | E4: II кв. | F4: III кв. | G4: IV кв.
C5: план ** | D5: план | E5: план | F5: план | G5: план
A7: 2.1 | B7: КЛ 0,4 кВ | C7: 4.4014 | D7: 0.3245 | E7: 0.2655 | F7: 0.65136 | G7: 3.16004
A8: 2.2 | B8: КЛ 6-10 кВ | C8: 19.824 | D8: 0.96288 | E8: 0.21712 | F8: 2.93348 | G8: 15.71052
A9: 2.3 | B9: ВЛ 0,4 кВ | C9: 3.894 | D9: 0.46492 | E9: 0.24308 | F9: 0.57584 | G9: 2.61016
A10: 2.4 | B10: ВЛ 6-10 кВ | C10: 5.31 | D10: 0.54162 | E10: 0.63838 | F10: 0.78588 | G10: 3.34412
B12: стр-ра | C12: =SUM(D12:G12) -> 1 | D12: =D7/$C$7 -> 0.073726542 | E12: =E7/$C$7 -> 0.060321716 | F12: =F7/$C$7 -> 0.14798928 | G12: =G7/$C$7 -> 0.71796247
C13: =SUM(D13:G13) -> 1 | D13: =D8/$C$8 -> 0.048571429 | E13: =E8/$C$8 -> 0.010952381 | F13: =F8/$C$8 -> 0.14797619 | G13: =G8/$C$8 -> 0.7925
C14: =SUM(D14:G14) -> 1 | D14: =D9/$C$9 -> 0.11939394 | E14: =E9/$C$9 -> 0.062424242 | F14: =F9/$C$9 -> 0.14787879 | G14: =G9/$C$9 -> 0.67030303
C15: =SUM(D15:G15) -> 1 | D15: =D10/$C$10 -> 0.102 | E15: =E10/$C$10 -> 0.12022222 | F15: =F10/$C$10 -> 0.148 | G15: =G10/$C$10 -> 0.62977778
B17: ввод
B18: КЛ 0,4 кВ | C18: 2.38 | D18: =$C$18*D12 -> 0.17546917 | E18: =$C$18*E12 -> 0.14356568 | F18: =$C$18*F12 -> 0.35221448 | G18: =$C$18*G12 -> 1.7087507
B19: КЛ 6-10 кВ | C19: 4.25 | D19: =$C$19*D13 -> 0.20642857 | E19: =$C$19*E13 -> 0.046547619 | F19: =$C$19*F13 -> 0.62889881 | G19: =$C$19*G13 -> 3.368125
B20: ВЛ 0,4 кВ | C20: 2.53 | D20: =$C$20*D14 -> 0.30206667 | E20: =$C$20*E14 -> 0.15793333 | F20: =$C$20*F14 -> 0.37413333 | G20: =$C$20*G14 -> 1.6958667
B21: ВЛ 6-10 кВ | C21: 1.5 | D21: =$C$21*D15 -> 0.153 | E21: =$C$21*E15 -> 0.18033333 | F21: =$C$21*F15 -> 0.222 | G21: =$C$21*G15 -> 0.94466667
B23: вывод
B24: КЛ 0,4 кВ | C24: 1.532 | D24: =$C$24*D12 -> 0.11294906 | E24: =$C$24*E12 -> 0.092412869 | F24: =$C$24*F12 -> 0.22671957 | G24: =$C$24*G12 -> 1.0999185
B25: КЛ 6-10 кВ | C25: 0.8 | D25: =$C$25*D13 -> 0.038857143 | E25: =$C$25*E13 -> 0.0087619048 | F25: =$C$25*F13 -> 0.11838095 | G25: =$C$25*G13 -> 0.634
B26: ВЛ 0,4 кВ | C26: 2.24 | D26: =$C$26*D14 -> 0.26744242 | E26: =$C$26*E14 -> 0.1398303 | F26: =$C$26*F14 -> 0.33124848 | G26: =$C$26*G14 -> 1.5014788
B27: ВЛ 6-10 кВ | C27: 1.5 | D27: =$C$27*D15 -> 0.153 | E27: =$C$27*E15 -> 0.18033333 | F27: =$C$27*F15 -> 0.222 | G27: =$C$27*G15 -> 0.94466667
